Workbook
Name CEPLAN: #REF!
Name CEPLAN: #REF!
Name CEPLAN: #REF!
Name diasuteis: #REF!
Name diasuteis: #REF!
Name diasuteis: #REF!
Name Ferias: #REF!
Name Ferias: #REF!
Name Ferias: #REF!
Name RD: OFFSET(#REF!,(MATCH(SMALL(#REF!,ROW()-10),#REF!,0)-1),0)
Name RD: OFFSET(#REF!,(MATCH(SMALL(#REF!,ROW()-10),#REF!,0)-1),0)
Name RD: OFFSET(#REF!,(MATCH(SMALL(#REF!,ROW()-10),#REF!,0)-1),0)

Sheet GESTOR DA ATA
A1: SRP PE 1070/2026 SGPE 15960/2026 | C1: OBJETO: CONTRATAÇÃO DE EMPRESA PARA MANUTENÇÃO DE EXTINTORES E AQUISIÇÃO DE MATERIAIS E EQUIPAMENTOS DE SEGURANÇA E COMBATE A INCÊNDIO PARA A UDESC | I1: VIGÊNCIA DA ATA: 22/10/2026 A 22/10/2027
A2: CONTROLE DO GESTOR | R2: 1º TERMO ADITIVO
A3: Lote | B3: Item | C3: Empresa | D3: Descrição | E3: Marca | F3: Unidade de Compra | G3: Detalhamento | H3: Qtde Registrada | I3: Qtde Utilizada Ata | J3: Qtde Utilizada Total | K3: Quantidade disponível para aditivar | L3: Qtde Aditivada | M3: SALDO | N3: Valor Unitário | O3: Total Registrado | P3: Valor Total Aditivado | Q3: Valor Total Utilizado | R3: Qtde 1º TA EMPRESA (CENTRO) | S3: % 1º TA TA EMPRESA (CENTRO) | T3: VALOR 1º TA EMPRESA (CENTRO) | U3: % DO TOTAL DA ARP:
A4: 1 | B4: 1 | C4: APAG PRODUTOS E SERVIÇOS LTDA 02.591.012/0001-63 | D4: Bateria para centrais de alarme de incêndio endereçável 12V/1,3AH. Fornecimento e instalação. | E4: UNIPOWER | F4: PEÇA | G4: 30.28 | H4: 13 | I4: =SUM(REITORIA!J4,FAED!J4,CEART!J4,CERES!J4,CEAD!J4,CESFI!J4,CEFID!J4,MUSEU!J4,ESAG!J4) -> 0 | J4: =SUM(REITORIA!K4,FAED!K4,CEART!K4,CERES!K4,CEAD!K4,CESFI!K4,CEFID!K4,MUSEU!K4,ESAG!K4) -> 0 | K4: =H4*0.25-0.5-L4 -> 2.75 | L4: =SUM(REITORIA!N4,FAED!N4,CEART!N4,CERES!N4,CEAD!N4,CESFI!N4,CEFID!N4,MUSEU!N4,ESAG!N4) -> 0 | M4: =H4+L4-J4 -> 13 | N4: 100.45 | O4: =N4*H4 -> 1305.85 | P4: =L4*N4 -> 0 | Q4: =N4*J4 -> 0
B5: 2 | D5: Central de alarme de incêndio endereçável 125 endereços IP20 24V com bateria. Fornecimento e instalação. | E5: INTELBRAS | F5: PEÇA | G5: 30.28 | H5: 6 | I5: =SUM(REITORIA!J5,FAED!J5,CEART!J5,CERES!J5,CEAD!J5,CESFI!J5,CEFID!J5,MUSEU!J5,ESAG!J5) -> 0 | J5: =SUM(REITORIA!K5,FAED!K5,CEART!K5,CERES!K5,CEAD!K5,CESFI!K5,CEFID!K5,MUSEU!K5,ESAG!K5) -> 0 | K5: =H5*0.25-0.5-L5 -> 1 | L5: =SUM(REITORIA!N5,FAED!N5,CEART!N5,CERES!N5,CEAD!N5,CESFI!N5,CEFID!N5,MUSEU!N5,ESAG!N5) -> 0 | M5: =H5+L5-J5 -> 6 | N5: 1705.39 | O5: =N5*H5 -> 10232.34 | P5: =L5*N5 -> 0 | Q5: =N5*J5 -> 0
B6: 3 | D6: Detector óptico de fumaça endereçável compact. Fornecimento e instalação. | E6: INTELBRAS | F6: PEÇA | G6: 30.28 | H6: 20 | I6: =SUM(REITORIA!J6,FAED!J6,CEART!J6,CERES!J6,CEAD!J6,CESFI!J6,CEFID!J6,MUSEU!J6,ESAG!J6) -> 0 | J6: =SUM(REITORIA!K6,FAED!K6,CEART!K6,CERES!K6,CEAD!K6,CESFI!K6,CEFID!K6,MUSEU!K6,ESAG!K6) -> 0 | K6: =H6*0.25-0.5-L6 -> 4.5 | L6: =SUM(REITORIA!N6,FAED!N6,CEART!N6,CERES!N6,CEAD!N6,CESFI!N6,CEFID!N6,MUSEU!N6,ESAG!N6) -> 0 | M6: =H6+L6-J6 -> 20 | N6: 136.27 | O6: =N6*H6 -> 2725.4 | P6: =L6*N6 -> 0 | Q6: =N6*J6 -> 0
B7: 4 | D7: Detector óptico de fumaça endereçável 24V. Fornecimento e instalação. | E7: INTELBRAS | F7: PEÇA | G7: 30.28 | H7: 52 | I7: =SUM(REITORIA!J7,FAED!J7,CEART!J7,CERES!J7,CEAD!J7,CESFI!J7,CEFID!J7,MUSEU!J7,ESAG!J7) -> 0 | J7: =SUM(REITORIA!K7,FAED!K7,CEART!K7,CERES!K7,CEAD!K7,CESFI!K7,CEFID!K7,MUSEU!K7,ESAG!K7) -> 0 | K7: =H7*0.25-0.5-L7 -> 12.5 | L7: =SUM(REITORIA!N7,FAED!N7,CEART!N7,CERES!N7,CEAD!N7,CESFI!N7,CEFID!N7,MUSEU!N7,ESAG!N7) -> 0 | M7: =H7+L7-J7 -> 52 | N7: 154.18 | O7: =N7*H7 -> 8017.36 | P7: =L7*N7 -> 0 | Q7: =N7*J7 -> 0
B8: 5 | D8: Detector termovelocimétrico 24VCC endereçável com módulo (T). Fornecimento e instalação. | E8: INTELBRAS | F8: PEÇA | G8: 30.28 | H8: 22 | I8: =SUM(REITORIA!J8,FAED!J8,CEART!J8,CERES!J8,CEAD!J8,CESFI!J8,CEFID!J8,MUSEU!J8,ESAG!J8) -> 0 | J8: =SUM(REITORIA!K8,FAED!K8,CEART!K8,CERES!K8,CEAD!K8,CESFI!K8,CEFID!K8,MUSEU!K8,ESAG!K8) -> 0 | K8: =H8*0.25-0.5-L8 -> 5 | L8: =SUM(REITORIA!N8,FAED!N8,CEART!N8,CERES!N8,CEAD!N8,CESFI!N8,CEFID!N8,MUSEU!N8,ESAG!N8) -> 0 | M8: =H8+L8-J8 -> 22 | N8: 159.63 | O8: =N8*H8 -> 3511.86 | P8: =L8*N8 -> 0 | Q8: =N8*J8 -> 0
B9: 6 | D9: Fonte auxiliar IP20 24V endereçável. Fornecimento e instalação. | E9: INTELBRAS | F9: PEÇA | G9: 30.28 | H9: 5 | I9: =SUM(REITORIA!J9,FAED!J9,CEART!J9,CERES!J9,CEAD!J9,CESFI!J9,CEFID!J9,MUSEU!J9,ESAG!J9) -> 0 | J9: =SUM(REITORIA!K9,FAED!K9,CEART!K9,CERES!K9,CEAD!K9,CESFI!K9,CEFID!K9,MUSEU!K9,ESAG!K9) -> 0 | K9: =H9*0.25-0.5-L9 -> 0.75 | L9: =SUM(REITORIA!N9,FAED!N9,CEART!N9,CERES!N9,CEAD!N9,CESFI!N9,CEFID!N9,MUSEU!N9,ESAG!N9) -> 0 | M9: =H9+L9-J9 -> 5 | N9: 692.28 | O9: =N9*H9 -> 3461.4 | P9: =L9*N9 -> 0 | Q9: =N9*J9 -> 0
B10: 7 | D10: Fonte de alimentação IP20 24V endereçável. Fornecimento e instalação. | E10: INTELBRAS | F10: PEÇA | G10: 30.28 | H10: 7 | I10: =SUM(REITORIA!J10,FAED!J10,CEART!J10,CERES!J10,CEAD!J10,CESFI!J10,CEFID!J10,MUSEU!J10,ESAG!J10) -> 0 | J10: =SUM(REITORIA!K10,FAED!K10,CEART!K10,CERES!K10,CEAD!K10,CESFI!K10,CEFID!K10,MUSEU!K10,ESAG!K10) -> 0 | K10: =H10*0.25-0.5-L10 -> 1.25 | L10: =SUM(REITORIA!N10,FAED!N10,CEART!N10,CERES!N10,CEAD!N10,CESFI!N10,CEFID!N10,MUSEU!N10,ESAG!N10) -> 0 | M10: =H10+L10-J10 -> 7 | N10: 700.84 | O10: =N10*H10 -> 4905.88 | P10: =L10*N10 -> 0 | Q10: =N10*J10 -> 0
B11: 8 | D11: Caixa de alumínio para extintor PQS 6 kg. Fornecimento e instalação. | E11: APAG | F11: PEÇA | G11: 30.28 | H11: 29 | I11: =SUM(REITORIA!J11,FAED!J11,CEART!J11,CERES!J11,CEAD!J11,CESFI!J11,CEFID!J11,MUSEU!J11,ESAG!J11) -> 0 | J11: =SUM(REITORIA!K11,FAED!K11,CEART!K11,CERES!K11,CEAD!K11,CESFI!K11,CEFID!K11,MUSEU!K11,ESAG!K11) -> 0 | K11: =H11*0.25-0.5-L11 -> 6.75 | L11: =SUM(REITORIA!N11,FAED!N11,CEART!N11,CERES!N11,CEAD!N11,CESFI!N11,CEFID!N11,MUSEU!N11,ESAG!N11) -> 0 | M11: =H11+L11-J11 -> 29 | N11: 193.12 | O11: =N11*H11 -> 5600.48 | P11: =L11*N11 -> 0 | Q11: =N11*J11 -> 0
B12: 9 | D12: Carga em extintor CO2 04 kg. Fornecimento e instalação. | E12: APAG | F12: PEÇA | G12: 30.04 | H12: 25 | I12: =SUM(REITORIA!J12,FAED!J12,CEART!J12,CERES!J12,CEAD!J12,CESFI!J12,CEFID!J12,MUSEU!J12,ESAG!J12) -> 0 | J12: =SUM(REITORIA!K12,FAED!K12,CEART!K12,CERES!K12,CEAD!K12,CESFI!K12,CEFID!K12,MUSEU!K12,ESAG!K12) -> 0 | K12: =H12*0.25-0.5-L12 -> 5.75 | L12: =SUM(REITORIA!N12,FAED!N12,CEART!N12,CERES!N12,CEAD!N12,CESFI!N12,CEFID!N12,MUSEU!N12,ESAG!N12) -> 0 | M12: =H12+L12-J12 -> 25 | N12: 61.51 | O12: =N12*H12 -> 1537.75 | P12: =L12*N12 -> 0 | Q12: =N12*J12 -> 0
B13: 10 | D13: Carga em extintor CO2 06 kg. Fornecimento e instalação. | E13: APAG | F13: PEÇA | G13: 30.04 | H13: 150 | I13: =SUM(REITORIA!J13,FAED!J13,CEART!J13,CERES!J13,CEAD!J13,CESFI!J13,CEFID!J13,MUSEU!J13,ESAG!J13) -> 0 | J13: =SUM(REITORIA!K13,FAED!K13,CEART!K13,CERES!K13,CEAD!K13,CESFI!K13,CEFID!K13,MUSEU!K13,ESAG!K13) -> 0 | K13: =H13*0.25-0.5-L13 -> 37 | L13: =SUM(REITORIA!N13,FAED!N13,CEART!N13,CERES!N13,CEAD!N13,CESFI!N13,CEFID!N13,MUSEU!N13,ESAG!N13) -> 0 | M13: =H13+L13-J13 -> 150 | N13: 93.44 | O13: =N13*H13 -> 14016 | P13: =L13*N13 -> 0 | Q13: =N13*J13 -> 0
B14: 11 | D14: Carga em extintor pó químico 04 kg ABC. Fornecimento e instalação. | E14: APAG | F14: PEÇA | G14: 30.04 | H14: 284 | I14: =SUM(REITORIA!J14,FAED!J14,CEART!J14,CERES!J14,CEAD!J14,CESFI!J14,CEFID!J14,MUSEU!J14,ESAG!J14) -> 0 | J14: =SUM(REITORIA!K14,FAED!K14,CEART!K14,CERES!K14,CEAD!K14,CESFI!K14,CEFID!K14,MUSEU!K14,ESAG!K14) -> 0 | K14: =H14*0.25-0.5-L14 -> 70.5 | L14: =SUM(REITORIA!N14,FAED!N14,CEART!N14,CERES!N14,CEAD!N14,CESFI!N14,CEFID!N14,MUSEU!N14,ESAG!N14) -> 0 | M14: =H14+L14-J14 -> 284 | N14: 45.16 | O14: =N14*H14 -> 12825.44 | P14: =L14*N14 -> 0 | Q14: =N14*J14 -> 0
B15: 12 | D15: Carga em extintor pó químico 04 kg BC. Fornecimento e instalação. | E15: APAG | F15: PEÇA | G15: 30.04 | H15: 130 | I15: =SUM(REITORIA!J15,FAED!J15,CEART!J15,CERES!J15,CEAD!J15,CESFI!J15,CEFID!J15,MUSEU!J15,ESAG!J15) -> 0 | J15: =SUM(REITORIA!K15,FAED!K15,CEART!K15,CERES!K15,CEAD!K15,CESFI!K15,CEFID!K15,MUSEU!K15,ESAG!K15) -> 0 | K15: =H15*0.25-0.5-L15 -> 32 | L15: =SUM(REITORIA!N15,FAED!N15,CEART!N15,CERES!N15,CEAD!N15,CESFI!N15,CEFID!N15,MUSEU!N15,ESAG!N15) -> 0 | M15: =H15+L15-J15 -> 130 | N15: 42.82 | O15: =N15*H15 -> 5566.6 | P15: =L15*N15 -> 0 | Q15: =N15*J15 -> 0
B16: 13 | D16: Carga em extintor pó químico 06 kg BC. Fornecimento e instalação. | E16: APAG | F16: PEÇA | G16: 30.04 | H16: 153 | I16: =SUM(REITORIA!J16,FAED!J16,CEART!J16,CERES!J16,CEAD!J16,CESFI!J16,CEFID!J16,MUSEU!J16,ESAG!J16) -> 0 | J16: =SUM(REITORIA!K16,FAED!K16,CEART!K16,CERES!K16,CEAD!K16,CESFI!K16,CEFID!K16,MUSEU!K16,ESAG!K16) -> 0 | K16: =H16*0.25-0.5-L16 -> 37.75 | L16: =SUM(REITORIA!N16,FAED!N16,CEART!N16,CERES!N16,CEAD!N16,CESFI!N16,CEFID!N16,MUSEU!N16,ESAG!N16) -> 0 | M16: =H16+L16-J16 -> 153 | N16: 53.73 | O16: =N16*H16 -> 8220.69 | P16: =L16*N16 -> 0 | Q16: =N16*J16 -> 0
... B59: 56 | D59: Serviço de manutenção nível III (reteste) extintor espuma mecânica 10 L | E59: APAG | F59: SERVIÇO | G59: 39.17 | H59: 10 | I59: =SUM(REITORIA!J59,FAED!J59,CEART!J59,CERES!J59,CEAD!J59,CESFI!J59,CEFID!J59,MUSEU!J59,ESAG!J59) -> 0 | J59: =SUM(REITORIA!K59,FAED!K59,CEART!K59,CERES!K59,CEAD!K59,CESFI!K59,CEFID!K59,MUSEU!K59,ESAG!K59) -> 0 | K59: =H59*0.25-0.5-L59 -> 2 | L59: =SUM(REITORIA!N59,FAED!N59,CEART!N59,CERES!N59,CEAD!N59,CESFI!N59,CEFID!N59,MUSEU!N59,ESAG!N59) -> 0 | M59: =H59+L59-J59 -> 10 | N59: 63.79 | O59: =N59*H59 -> 637.9 | P59: =L59*N59 -> 0 | Q59: =N59*J59 -> 0
A60: 2 | B60: 57 | C60: APAG PRODUTOS E SERVIÇOS LTDA 02.591.012/0001-63 | D60: Bateria para centrais de alarme de incêndio endereçável 12V/1,3AH. Fornecimento e instalação. | E60: UNIPOWER | F60: PEÇA | G60: 30.28 | H60: 14 | I60: =SUM(CCT!J4,CEPLAN!J4) -> 0 | J60: =SUM(CCT!K4,CEPLAN!K4) -> 0 | K60: =H60*0.25-0.5-L60 -> 3 | L60: =SUM(CCT!N4,CEPLAN!N4) -> 0 | M60: =H60+L60-J60 -> 14 | N60: 102.82 | O60: =N60*H60 -> 1439.48 | P60: =L60*N60 -> 0 | Q60: =N60*J60 -> 0
B61: 58 | D61: Central de alarme de incêndio endereçável 125 endereços IP20 24V com bateria. Fornecimento e instalação. | E61: INTELBRAS | F61: PEÇA | G61: 30.28 | H61: 1 | I61: =SUM(CCT!J5,CEPLAN!J5) -> 0 | J61: =SUM(CCT!K5,CEPLAN!K5) -> 0 | K61: =H61*0.25-0.5-L61 -> -0.25 | L61: =SUM(CCT!N5,CEPLAN!N5) -> 0 | M61: =H61+L61-J61 -> 1 | N61: 1745.6 | O61: =N61*H61 -> 1745.6 | P61: =L61*N61 -> 0 | Q61: =N61*J61 -> 0
B62: 59 | D62: Detector óptico de fumaça endereçável 24V. Fornecimento e instalação. | E62: INTELBRAS | F62: PEÇA | G62: 30.28 | H62: 10 | I62: =SUM(CCT!J6,CEPLAN!J6) -> 0 | J62: =SUM(CCT!K6,CEPLAN!K6) -> 0 | K62: =H62*0.25-0.5-L62 -> 2 | L62: =SUM(CCT!N6,CEPLAN!N6) -> 0 | M62: =H62+L62-J62 -> 10 | N62: 157.82 | O62: =N62*H62 -> 1578.2 | P62: =L62*N62 -> 0 | Q62: =N62*J62 -> 0
B63: 60 | D63: Sirene escolar potência 400 metros - 220v | E63: DALMEC | F63: PEÇA | G63: 30.28 | H63: 1 | I63: =SUM(CCT!J7,CEPLAN!J7) -> 0 | J63: =SUM(CCT!K7,CEPLAN!K7) -> 0 | K63: =H63*0.25-0.5-L63 -> -0.25 | L63: =SUM(CCT!N7,CEPLAN!N7) -> 0 | M63: =H63+L63-J63 -> 1 | N63: 478.24 | O63: =N63*H63 -> 478.24 | P63: =L63*N63 -> 0 | Q63: =N63*J63 -> 0
B64: 61 | D64: Carga em extintor CO2 06 kg. Fornecimento e instalação. | E64: APAG | F64: PEÇA | G64: 30.04 | H64: 58 | I64: =SUM(CCT!J8,CEPLAN!J8) -> 0 | J64: =SUM(CCT!K8,CEPLAN!K8) -> 0 | K64: =H64*0.25-0.5-L64 -> 14 | L64: =SUM(CCT!N8,CEPLAN!N8) -> 0 | M64: =H64+L64-J64 -> 58 | N64: 95.64 | O64: =N64*H64 -> 5547.12 | P64: =L64*N64 -> 0 | Q64: =N64*J64 -> 0
B65: 62 | D65: Carga em extintor pó químico 04 kg BC. Fornecimento e instalação. | E65: APAG | F65: PEÇA | G65: 30.04 | H65: 12 | I65: =SUM(CCT!J9,CEPLAN!J9) -> 0 | J65: =SUM(CCT!K9,CEPLAN!K9) -> 0 | K65: =H65*0.25-0.5-L65 -> 2.5 | L65: =SUM(CCT!N9,CEPLAN!N9) -> 0 | M65: =H65+L65-J65 -> 12 | N65: 43.83 | O65: =N65*H65 -> 525.96 | P65: =L65*N65 -> 0 | Q65: =N65*J65 -> 0
B66: 63 | D66: Carga em extintor pó químico 06 kg ABC. Fornecimento e instalação. | E66: APAG | F66: PEÇA | G66: 30.04 | H66: 6 | I66: =SUM(CCT!J10,CEPLAN!J10) -> 0 | J66: =SUM(CCT!K10,CEPLAN!K10) -> 0 | K66: =H66*0.25-0.5-L66 -> 1 | L66: =SUM(CCT!N10,CEPLAN!N10) -> 0 | M66: =H66+L66-J66 -> 6 | N66: 81.3 | O66: =N66*H66 -> 487.8 | P66: =L66*N66 -> 0 | Q66: =N66*J66 -> 0
B67: 64 | D67: Carga em extintor pó químico 06 kg BC. Fornecimento e instalação. | E67: APAG | F67: PEÇA | G67: 30.04 | H67: 44 | I67: =SUM(CCT!J11,CEPLAN!J11) -> 0 | J67: =SUM(CCT!K11,CEPLAN!K11) -> 0 | K67: =H67*0.25-0.5-L67 -> 10.5 | L67: =SUM(CCT!N11,CEPLAN!N11) -> 0 | M67: =H67+L67-J67 -> 44 | N67: 55.71 | O67: =N67*H67 -> 2451.24 | P67: =L67*N67 -> 0 | Q67: =N67*J67 -> 0
B68: 65 | D68: Carga em extintor água 10 L . Fornecimento e instalação. | E68: APAG | F68: PEÇA | G68: 30.04 | H68: 20 | I68: =SUM(CCT!J12,CEPLAN!J12) -> 0 | J68: =SUM(CCT!K12,CEPLAN!K12) -> 0 | K68: =H68*0.25-0.5-L68 -> 4.5 | L68: =SUM(CCT!N12,CEPLAN!N12) -> 0 | M68: =H68+L68-J68 -> 20 | N68: 30.04 | O68: =N68*H68 -> 600.8 | P68: =L68*N68 -> 0 | Q68: =N68*J68 -> 0
B69: 66 | D69: Extintor espuma mecânica 10 L. Fornecimento e instalação | E69: PROTEGE | F69: PEÇA | G69: 30.28 | H69: 20 | I69: =SUM(CCT!J13,CEPLAN!J13) -> 0 | J69: =SUM(CCT!K13,CEPLAN!K13) -> 0 | K69: =H69*0.25-0.5-L69 -> 4.5 | L69: =SUM(CCT!N13,CEPLAN!N13) -> 0 | M69: =H69+L69-J69 -> 20 | N69: 307.67 | O69: =N69*H69 -> 6153.4 | P69: =L69*N69 -> 0 | Q69: =N69*J69 -> 0
B70: 67 | D70: Extintor PQS 4KG ABC . Fornecimento e instalação. | E70: EXTANG | F70: PEÇA | G70: 30.28 | H70: 10 | I70: =SUM(CCT!J14,CEPLAN!J14) -> 0 | J70: =SUM(CCT!K14,CEPLAN!K14) -> 0 | K70: =H70*0.25-0.5-L70 -> 2 | L70: =SUM(CCT!N14,CEPLAN!N14) -> 0 | M70: =H70+L70-J70 -> 10 | N70: 139.48 | O70: =N70*H70 -> 1394.8 | P70: =L70*N70 -> 0 | Q70: =N70*J70 -> 0
B71: 68 | D71: Extintor água 10 L. Fornecimento e instalação | E71: EXTANG | F71: PEÇA | G71: 30.28 | H71: 10 | I71: =SUM(CCT!J15,CEPLAN!J15) -> 0 | J71: =SUM(CCT!K15,CEPLAN!K15) -> 0 | K71: =H71*0.25-0.5-L71 -> 2 | L71: =SUM(CCT!N15,CEPLAN!N15) -> 0 | M71: =H71+L71-J71 -> 10 | N71: 129.12 | O71: =N71*H71 -> 1291.2 | P71: =L71*N71 -> 0 | Q71: =N71*J71 -> 0
B72: 69 | D72: Suporte de chão reforçado modelo tripé P4/P6. Fornecimento e instalação. | E72: APAG | F72: PEÇA | G72: 30.28 | H72: 20 | I72: =SUM(CCT!J16,CEPLAN!J16) -> 0 | J72: =SUM(CCT!K16,CEPLAN!K16) -> 0 | K72: =H72*0.25-0.5-L72 -> 4.5 | L72: =SUM(CCT!N16,CEPLAN!N16) -> 0 | M72: =H72+L72-J72 -> 20 | N72: 35.86 | O72: =N72*H72 -> 717.2 | P72: =L72*N72 -> 0 | Q72: =N72*J72 -> 0
... B81: 78 | D81: Serviço de manutenção nível III (reteste) extintor CO2 06 Kg. | E81: APAG | F81: SERVIÇO | G81: 39.17 | H81: 10 | I81: =SUM(CCT!J25,CEPLAN!J25) -> 0 | J81: =SUM(CCT!K25,CEPLAN!K25) -> 0 | K81: =H81*0.25-0.5-L81 -> 2 | L81: =SUM(CCT!N25,CEPLAN!N25) -> 0 | M81: =H81+L81-J81 -> 10 | N81: 57.63 | O81: =N81*H81 -> 576.3 | P81: =L81*N81 -> 0 | Q81: =N81*J81 -> 0
A82: 3 | B82: 79 | C82: APAG PRODUTOS E SERVIÇOS LTDA 02.591.012/0001-63 | D82: Bateria para centrais de alarme de incêndio endereçável 12V/1,3AH. Fornecimento e instalação. | E82: UNIPOWER | F82: PEÇA | G82: 30.28 | H82: 4 | I82: =CEAVI!J4 -> 0 | J82: =CEAVI!K4 -> 0 | K82: =H82*0.25-0.5-L82 -> 0.5 | L82: =CEAVI!N4 -> 0 | M82: =H82+L82-J82 -> 4 | N82: 117.04 | O82: =N82*H82 -> 468.16 | P82: =L82*N82 -> 0 | Q82: =N82*J82 -> 0
B83: 80 | D83: Carga em extintor CO2 04 kg. Fornecimento e instalação. | E83: APAG | F83: PEÇA | G83: 30.04 | H83: 18 | I83: =CEAVI!J5 -> 0 | J83: =CEAVI!K5 -> 0 | K83: =H83*0.25-0.5-L83 -> 4 | L83: =CEAVI!N5 -> 0 | M83: =H83+L83-J83 -> 18 | N83: 71.67 | O83: =N83*H83 -> 1290.06 | P83: =L83*N83 -> 0 | Q83: =N83*J83 -> 0
B84: 81 | D84: Carga em extintor pó químico 04 kg ABC. Fornecimento e instalação. | E84: APAG | F84: PEÇA | G84: 30.04 | H84: 65 | I84: =CEAVI!J6 -> 0 | J84: =CEAVI!K6 -> 0 | K84: =H84*0.25-0.5-L84 -> 15.75 | L84: =CEAVI!N6 -> 0 | M84: =H84+L84-J84 -> 65 | N84: 52.62 | O84: =N84*H84 -> 3420.3 | P84: =L84*N84 -> 0 | Q84: =N84*J84 -> 0
B85: 82 | D85: Carga em extintor pó químico 04 kg BC. Fornecimento e instalação. | E85: APAG | F85: PEÇA | G85: 30.04 | H85: 65 | I85: =CEAVI!J7 -> 0 | J85: =CEAVI!K7 -> 0 | K85: =H85*0.25-0.5-L85 -> 15.75 | L85: =CEAVI!N7 -> 0 | M85: =H85+L85-J85 -> 65 | N85: 49.9 | O85: =N85*H85 -> 3243.5 | P85: =L85*N85 -> 0 | Q85: =N85*J85 -> 0
B86: 83 | D86: Carga em extintor água 10 L . Fornecimento e instalação. | E86: APAG | F86: PEÇA | G86: 30.04 | H86: 4 | I86: =CEAVI!J8 -> 0 | J86: =CEAVI!K8 -> 0 | K86: =H86*0.25-0.5-L86 -> 0.5 | L86: =CEAVI!N8 -> 0 | M86: =H86+L86-J86 -> 4 | N86: 33.56 | O86: =N86*H86 -> 134.24 | P86: =L86*N86 -> 0 | Q86: =N86*J86 -> 0
B87: 84 | D87: Carga em extintor espuma mecânica 10 L. Fornecimento e instalação | E87: APAG | F87: PEÇA | G87: 30.04 | H87: 4 | I87: =CEAVI!J9 -> 0 | J87: =CEAVI!K9 -> 0 | K87: =H87*0.25-0.5-L87 -> 0.5 | L87: =CEAVI!N9 -> 0 | M87: =H87+L87-J87 -> 4 | N87: 58.97 | O87: =N87*H87 -> 235.88 | P87: =L87*N87 -> 0 | Q87: =N87*J87 -> 0
B88: 85 | D88: Extintor água 10 L. Fornecimento e instalação | E88: EXTANG | F88: PEÇA | G88: 30.28 | H88: 1 | I88: =CEAVI!J10 -> 0 | J88: =CEAVI!K10 -> 0 | K88: =H88*0.25-0.5-L88 -> -0.25 | L88: =CEAVI!N10 -> 0 | M88: =H88+L88-J88 -> 1 | N88: 146.98 | O88: =N88*H88 -> 146.98 | P88: =L88*N88 -> 0 | Q88: =N88*J88 -> 0
B89: 86 | D89: Serviço de teste do sistema de alarme - Preço por bloco. Emissão de laudo e documento de responsabilidade técnica. | E89: APAG | F89: SERVIÇO | G89: 39.17 | H89: 2 | I89: =CEAVI!J11 -> 0 | J89: =CEAVI!K11 -> 0 | K89: =H89*0.25-0.5-L89 -> 0 | L89: =CEAVI!N11 -> 0 | M89: =H89+L89-J89 -> 2 | N89: 1356.39 | O89: =N89*H89 -> 2712.78 | P89: =L89*N89 -> 0 | Q89: =N89*J89 -> 0
B90: 87 | D90: Serviço de teste do sistema de balizamento de saída - Preço por bloco. Emissão de laudo e documento de responsabilidade técnica. | E90: APAG | F90: SERVIÇO | G90: 39.17 | H90: 2 | I90: =CEAVI!J12 -> 0 | J90: =CEAVI!K12 -> 0 | K90: =H90*0.25-0.5-L90 -> 0 | L90: =CEAVI!N12 -> 0 | M90: =H90+L90-J90 -> 2 | N90: 1712.05 | O90: =N90*H90 -> 3424.1 | P90: =L90*N90 -> 0 | Q90: =N90*J90 -> 0
B91: 88 | D91: Serviço de teste do sistema hidráulico preventivo de incêndio - Preço por bloco. Emissão de laudo e documento de responsabilidade técnica. | E91: APAG | F91: SERVIÇO | G91: 39.17 | H91: 2 | I91: =CEAVI!J13 -> 0 | J91: =CEAVI!K13 -> 0 | K91: =H91*0.25-0.5-L91 -> 0 | L91: =CEAVI!N13 -> 0 | M91: =H91+L91-J91 -> 2 | N91: 1335.53 | O91: =N91*H91 -> 2671.06 | P91: =L91*N91 -> 0 | Q91: =N91*J91 -> 0
B92: 89 | D92: Serviço de teste hidrostático em mangueira de incêndio. Emissão de laudo e documento de responsabilidade técnica. | E92: APAG | F92: SERVIÇO | G92: 39.17 | H92: 10 | I92: =CEAVI!J14 -> 0 | J92: =CEAVI!K14 -> 0 | K92: =H92*0.25-0.5-L92 -> 2 | L92: =CEAVI!N14 -> 0 | M92: =H92+L92-J92 -> 10 | N92: 23.4 | O92: =N92*H92 -> 234 | P92: =L92*N92 -> 0 | Q92: =N92*J92 -> 0
B93: 90 | D93: Serviço de teste de estanqueidade da rede de gás GLP - Restaurante Universitário/Laboratório. Emissão de laudo e documento de responsabilidade técnica. | E93: APAG | F93: SERVIÇO | G93: 39.17 | H93: 1 | I93: =CEAVI!J15 -> 0 | J93: =CEAVI!K15 -> 0 | K93: =H93*0.25-0.5-L93 -> -0.25 | L93: =CEAVI!N15 -> 0 | M93: =H93+L93-J93 -> 1 | N93: 1603.18 | O93: =N93*H93 -> 1603.18 | P93: =L93*N93 -> 0 | Q93: =N93*J93 -> 0
B94: 91 | D94: Serviço de manutenção nível III (reteste) extintor CO2 04 Kg. | E94: APAG | F94: SERVIÇO | G94: 39.17 | H94: 18 | I94: =CEAVI!J16 -> 0 | J94: =CEAVI!K16 -> 0 | K94: =H94*0.25-0.5-L94 -> 4 | L94: =CEAVI!N16 -> 0 | M94: =H94+L94-J94 -> 18 | N94: 77.02 | O94: =N94*H94 -> 1386.36 | P94: =L94*N94 -> 0 | Q94: =N94*J94 -> 0
... B98: 95 | D98: Serviço de manutenção nível III (reteste) extintor espuma mecânica 10 L | E98: APAG | F98: SERVIÇO | G98: 39.17 | H98: 4 | I98: =CEAVI!J20 -> 0 | J98: =CEAVI!K20 -> 0 | K98: =H98*0.25-0.5-L98 -> 0.5 | L98: =CEAVI!N20 -> 0 | M98: =H98+L98-J98 -> 4 | N98: 72.91 | O98: =N98*H98 -> 291.64 | P98: =L98*N98 -> 0 | Q98: =N98*J98 -> 0
A99: 4 | B99: 96 | C99: APAG PRODUTOS E SERVIÇOS LTDA 02.591.012/0001-63 | D99: Acionador manual endereçável IP20 24V. Fornecimento e instalação. | E99: INTELBRAS | F99: PEÇA | G99: 30.28 | H99: 15 | I99: =CEO!J4 -> 0 | J99: =CEO!K4 -> 0 | K99: =H99*0.25-0.5-L99 -> 3.25 | L99: =CEO!N4 -> 0 | M99: =H99+L99-J99 -> 15 | N99: 117.45 | O99: =N99*H99 -> 1761.75 | P99: =L99*N99 -> 0 | Q99: =N99*J99 -> 0
B100: 97 | D100: Bateria para centrais de alarme de incêndio endereçável 12V/1,3AH. Fornecimento e instalação. | E100: UNIPOWER | F100: PEÇA | G100: 30.28 | H100: 5 | I100: =CEO!J5 -> 0 | J100: =CEO!K5 -> 0 | K100: =H100*0.25-0.5-L100 -> 0.75 | L100: =CEO!N5 -> 0 | M100: =H100+L100-J100 -> 5 | N100: 121.18 | O100: =N100*H100 -> 605.9 | P100: =L100*N100 -> 0 | Q100: =N100*J100 -> 0
B101: 98 | D101: Central de alarme de incêndio endereçável 125 endereços IP20 24V com bateria. Fornecimento e instalação. | E101: INTELBRAS | F101: PEÇA | G101: 30.28 | H101: 3 | I101: =CEO!J6 -> 0 | J101: =CEO!K6 -> 0 | K101: =H101*0.25-0.5-L101 -> 0.25 | L101: =CEO!N6 -> 0 | M101: =H101+L101-J101 -> 3 | N101: 2042.38 | O101: =N101*H101 -> 6127.14 | P101: =L101*N101 -> 0 | Q101: =N101*J101 -> 0
B102: 99 | D102: Detector óptico de fumaça endereçável 24V. Fornecimento e instalação. | E102: INTELBRAS | F102: PEÇA | G102: 30.28 | H102: 5 | I102: =CEO!J7 -> 0 | J102: =CEO!K7 -> 0 | K102: =H102*0.25-0.5-L102 -> 0.75 | L102: =CEO!N7 -> 0 | M102: =H102+L102-J102 -> 5 | N102: 184.56 | O102: =N102*H102 -> 922.8 | P102: =L102*N102 -> 0 | Q102: =N102*J102 -> 0
B103: 100 | D103: Fonte auxiliar IP20 24V endereçável. Fornecimento e instalação. | E103: INTELBRAS | F103: PEÇA | G103: 30.28 | H103: 3 | I103: =CEO!J8 -> 0 | J103: =CEO!K8 -> 0 | K103: =H103*0.25-0.5-L103 -> 0.25 | L103: =CEO!N8 -> 0 | M103: =H103+L103-J103 -> 3 | N103: 828.7 | O103: =N103*H103 -> 2486.1 | P103: =L103*N103 -> 0 | Q103: =N103*J103 -> 0
B104: 101 | D104: Fonte de alimentação IP20 24V endereçável. Fornecimento e instalação. | E104: INTELBRAS | F104: PEÇA | G104: 30.28 | H104: 3 | I104: =CEO!J9 -> 0 | J104: =CEO!K9 -> 0 | K104: =H104*0.25-0.5-L104 -> 0.25 | L104: =CEO!N9 -> 0 | M104: =H104+L104-J104 -> 3 | N104: 838.95 | O104: =N104*H104 -> 2516.85 | P104: =L104*N104 -> 0 | Q104: =N104*J104 -> 0
B105: 102 | D105: Carga em extintor CO2 06 kg. Fornecimento e instalação. | E105: APAG | F105: PEÇA | G105: 30.04 | H105: 45 | I105: =CEO!J10 -> 0 | J105: =CEO!K10 -> 0 | K105: =H105*0.25-0.5-L105 -> 10.75 | L105: =CEO!N10 -> 0 | M105: =H105+L105-J105 -> 45 | N105: 111.86 | O105: =N105*H105 -> 5033.7 | P105: =L105*N105 -> 0 | Q105: =N105*J105 -> 0
B106: 103 | D106: Carga em extintor pó químico 04 kg ABC. Fornecimento e instalação. | E106: APAG | F106: PEÇA | G106: 30.04 | H106: 130 | I106: =CEO!J11 -> 0 | J106: =CEO!K11 -> 0 | K106: =H106*0.25-0.5-L106 -> 32 | L106: =CEO!N11 -> 0 | M106: =H106+L106-J106 -> 130 | N106: 54.06 | O106: =N106*H106 -> 7027.8 | P106: =L106*N106 -> 0 | Q106: =N106*J106 -> 0
B107: 104 | D107: Carga em extintor pó químico 12 kg BC. Fornecimento e instalação. | E107: APAG | F107: PEÇA | G107: 30.04 | H107: 5 | I107: =CEO!J12 -> 0 | J107: =CEO!K12 -> 0 | K107: =H107*0.25-0.5-L107 -> 0.75 | L107: =CEO!N12 -> 0 | M107: =H107+L107-J107 -> 5 | N107: 51.26 | O107: =N107*H107 -> 256.3 | P107: =L107*N107 -> 0 | Q107: =N107*J107 -> 0
B108: 105 | D108: Carga em extintor água 10 L . Fornecimento e instalação. | E108: APAG | F108: PEÇA | G108: 30.04 | H108: 10 | I108: =CEO!J13 -> 0 | J108: =CEO!K13 -> 0 | K108: =H108*0.25-0.5-L108 -> 2 | L108: =CEO!N13 -> 0 | M108: =H108+L108-J108 -> 10 | N108: 34.49 | O108: =N108*H108 -> 344.9 | P108: =L108*N108 -> 0 | Q108: =N108*J108 -> 0
B109: 106 | D109: Extintor PQS 4KG ABC . Fornecimento e instalação. | E109: EXTANG | F109: PEÇA | G109: 30.28 | H109: 15 | I109: =CEO!J14 -> 0 | J109: =CEO!K14 -> 0 | K109: =H109*0.25-0.5-L109 -> 3.25 | L109: =CEO!N14 -> 0 | M109: =H109+L109-J109 -> 15 | N109: 163.13 | O109: =N109*H109 -> 2446.95 | P109: =L109*N109 -> 0 | Q109: =N109*J109 -> 0
B110: 107 | D110: Extintor CO2 6KG BC. Fornecimento e instalação. | E110: MIFIRE | F110: PEÇA | G110: 30.28 | H110: 10 | I110: =CEO!J15 -> 0 | J110: =CEO!K15 -> 0 | K110: =H110*0.25-0.5-L110 -> 2 | L110: =CEO!N15 -> 0 | M110: =H110+L110-J110 -> 10 | N110: 524.81 | O110: =N110*H110 -> 5248.1 | P110: =L110*N110 -> 0 | Q110: =N110*J110 -> 0
B111: 108 | D111: Extintor água 10 L. Fornecimento e instalação | E111: EXTANG | F111: PEÇA | G111: 30.28 | H111: 15 | I111: =CEO!J16 -> 0 | J111: =CEO!K16 -> 0 | K111: =H111*0.25-0.5-L111 -> 3.25 | L111: =CEO!N16 -> 0 | M111: =H111+L111-J111 -> 15 | N111: 151.01 | O111: =N111*H111 -> 2265.15 | P111: =L111*N111 -> 0 | Q111: =N111*J111 -> 0
... B130: 127 | D130: Serviço de teste do sistema de proteção contra descargas atmosféricas - Preço por bloco. Emissão de laudo e documento de responsabilidade técnica. | E130: APAG | F130: SERVIÇO | G130: 39.17 | H130: 5 | I130: =CEO!J35 -> 0 | J130: =CEO!K35 -> 0 | K130: =H130*0.25-0.5-L130 -> 0.75 | L130: =CEO!N35 -> 0 | M130: =H130+L130-J130 -> 5 | N130: 718.18 | O130: =N130*H130 -> 3590.9 | P130: =L130*N130 -> 0 | Q130: =N130*J130 -> 0
A131: 5 | B131: 128 | C131: VICARI COMÉRCIO DE EXTINTORES LTDA 03.049.623/0001-47 | D131: Acionador manual endereçável IP20 24V. Fornecimento e instalação. | E131: INTELBRAS | F131: PEÇA | G131: 30.28 | H131: 2 | I131: =SUM(CAV!J4,CESMO!J4) -> 0 | J131: =SUM(CAV!K4,CESMO!K4) -> 0 | K131: =H131*0.25-0.5-L131 -> 0 | L131: =SUM(CAV!N4,CESMO!N4) -> 0 | M131: =H131+L131-J131 -> 2 | N131: 115.89 | O131: =N131*H131 -> 231.78 | P131: =L131*N131 -> 0 | Q131: =N131*J131 -> 0
B132: 129 | D132: Bateria para centrais de alarme de incêndio endereçável 12V/1,3AH. Fornecimento e instalação. | E132: INTELBRAS | F132: PEÇA | G132: 30.28 | H132: 9 | I132: =SUM(CAV!J5,CESMO!J5) -> 0 | J132: =SUM(CAV!K5,CESMO!K5) -> 0 | K132: =H132*0.25-0.5-L132 -> 1.75 | L132: =SUM(CAV!N5,CESMO!N5) -> 0 | M132: =H132+L132-J132 -> 9 | N132: 118.65 | O132: =N132*H132 -> 1067.85 | P132: =L132*N132 -> 0 | Q132: =N132*J132 -> 0
B133: 130 | D133: Central de alarme de incêndio endereçável 125 endereços IP20 24V com bateria. Fornecimento e instalação. | E133: INTELBRAS | F133: PEÇA | G133: 30.28 | H133: 1 | I133: =SUM(CAV!J6,CESMO!J6) -> 0 | J133: =SUM(CAV!K6,CESMO!K6) -> 0 | K133: =H133*0.25-0.5-L133 -> -0.25 | L133: =SUM(CAV!N6,CESMO!N6) -> 0 | M133: =H133+L133-J133 -> 1 | N133: 2000.26 | O133: =N133*H133 -> 2000.26 | P133: =L133*N133 -> 0 | Q133: =N133*J133 -> 0
B134: 131 | D134: Carga em extintor CO2 06 kg. Fornecimento e instalação. | E134: VICARI | F134: PEÇA | G134: 30.04 | H134: 30 | I134: =SUM(CAV!J7,CESMO!J7) -> 0 | J134: =SUM(CAV!K7,CESMO!K7) -> 0 | K134: =H134*0.25-0.5-L134 -> 7 | L134: =SUM(CAV!N7,CESMO!N7) -> 0 | M134: =H134+L134-J134 -> 30 | N134: 109.52 | O134: =N134*H134 -> 3285.6 | P134: =L134*N134 -> 0 | Q134: =N134*J134 -> 0
B135: 132 | D135: Serviço de teste do sistema de alarme - Preço por bloco. Emissão de laudo e documento de responsabilidade técnica. | E135: VICARI | F135: SERVIÇO | G135: 39.17 | H135: 9 | I135: =SUM(CAV!J8,CESMO!J8) -> 0 | J135: =SUM(CAV!K8,CESMO!K8) -> 0 | K135: =H135*0.25-0.5-L135 -> 1.75 | L135: =SUM(CAV!N8,CESMO!N8) -> 0 | M135: =H135+L135-J135 -> 9 | N135: 1365.25 | O135: =N135*H135 -> 12287.25 | P135: =L135*N135 -> 0 | Q135: =N135*J135 -> 0
B136: 133 | D136: Carga em extintor pó químico 06 kg ABC. Fornecimento e instalação. | E136: VICARI | F136: PEÇA | G136: 30.04 | H136: 10 | I136: =SUM(CAV!J9,CESMO!J9) -> 0 | J136: =SUM(CAV!K9,CESMO!K9) -> 0 | K136: =H136*0.25-0.5-L136 -> 2 | L136: =SUM(CAV!N9,CESMO!N9) -> 0 | M136: =H136+L136-J136 -> 10 | N136: 93.69 | O136: =N136*H136 -> 936.9 | P136: =L136*N136 -> 0 | Q136: =N136*J136 -> 0
B137: 134 | D137: Carga em extintor pó químico 06 kg BC. Fornecimento e instalação. | E137: VICARI | F137: PEÇA | G137: 30.04 | H137: 15 | I137: =SUM(CAV!J10,CESMO!J10) -> 0 | J137: =SUM(CAV!K10,CESMO!K10) -> 0 | K137: =H137*0.25-0.5-L137 -> 3.25 | L137: =SUM(CAV!N10,CESMO!N10) -> 0 | M137: =H137+L137-J137 -> 15 | N137: 63.79 | O137: =N137*H137 -> 956.85 | P137: =L137*N137 -> 0 | Q137: =N137*J137 -> 0
B138: 135 | D138: Carga em extintor água 10 L . Fornecimento e instalação. | E138: VICARI | F138: PEÇA | G138: 30.04 | H138: 2 | I138: =SUM(CAV!J11,CESMO!J11) -> 0 | J138: =SUM(CAV!K11,CESMO!K11) -> 0 | K138: =H138*0.25-0.5-L138 -> 0 | L138: =SUM(CAV!N11,CESMO!N11) -> 0 | M138: =H138+L138-J138 -> 2 | N138: 34.42 | O138: =N138*H138 -> 68.84 | P138: =L138*N138 -> 0 | Q138: =N138*J138 -> 0
B139: 136 | D139: Extintor PQS 4KG ABC . Fornecimento e instalação. | E139: EXTANG | F139: PEÇA | G139: 30.28 | H139: 20 | I139: =SUM(CAV!J12,CESMO!J12) -> 0 | J139: =SUM(CAV!K12,CESMO!K12) -> 0 | K139: =H139*0.25-0.5-L139 -> 4.5 | L139: =SUM(CAV!N12,CESMO!N12) -> 0 | M139: =H139+L139-J139 -> 20 | N139: 160.11 | O139: =N139*H139 -> 3202.2 | P139: =L139*N139 -> 0 | Q139: =N139*J139 -> 0
B140: 137 | D140: Suporte de parede para extintor. Fornecimento e instalação. | E140: EXTANG | F140: PEÇA | G140: 30.28 | H140: 20 | I140: =SUM(CAV!J13,CESMO!J13) -> 0 | J140: =SUM(CAV!K13,CESMO!K13) -> 0 | K140: =H140*0.25-0.5-L140 -> 4.5 | L140: =SUM(CAV!N13,CESMO!N13) -> 0 | M140: =H140+L140-J140 -> 20 | N140: 18.25 | O140: =N140*H140 -> 365 | P140: =L140*N140 -> 0 | Q140: =N140*J140 -> 0
B141: 138 | D141: Mangueira de incêndio predial tipo 2 - 1.1/2 pol. x 15m. Fornecimento e instalação. | E141: SEGURIMAX | F141: PEÇA | G141: 30.28 | H141: 4 | I141: =SUM(CAV!J14,CESMO!J14) -> 0 | J141: =SUM(CAV!K14,CESMO!K14) -> 0 | K141: =H141*0.25-0.5-L141 -> 0.5 | L141: =SUM(CAV!N14,CESMO!N14) -> 0 | M141: =H141+L141-J141 -> 4 | N141: 381.96 | O141: =N141*H141 -> 1527.84 | P141: =L141*N141 -> 0 | Q141: =N141*J141 -> 0
B142: 139 | D142: Mangueira de Incêndio predial 1.1/2 pol. x 25m. Fornecimento e instalação. CERTIFICADA. | E142: SEGURIMAX | F142: PEÇA | G142: 30.28 | H142: 44 | I142: =SUM(CAV!J15,CESMO!J15) -> 0 | J142: =SUM(CAV!K15,CESMO!K15) -> 0 | K142: =H142*0.25-0.5-L142 -> 10.5 | L142: =SUM(CAV!N15,CESMO!N15) -> 0 | M142: =H142+L142-J142 -> 44 | N142: 538.65 | O142: =N142*H142 -> 23700.6 | P142: =L142*N142 -> 0 | Q142: =N142*J142 -> 0
B143: 140 | D143: Mangueira extintor pó químico 4/6 kg. Fornecimento e instalação. | E143: SEGURIMAX | F143: PEÇA | G143: 30.28 | H143: 30 | I143: =SUM(CAV!J16,CESMO!J16) -> 0 | J143: =SUM(CAV!K16,CESMO!K16) -> 0 | K143: =H143*0.25-0.5-L143 -> 7 | L143: =SUM(CAV!N16,CESMO!N16) -> 0 | M143: =H143+L143-J143 -> 30 | N143: 25.55 | O143: =N143*H143 -> 766.5 | P143: =L143*N143 -> 0 | Q143: =N143*J143 -> 0
... B163: 160 | D163: Serviço de teste hidrostático em mangueira de incêndio. Emissão de laudo e documento de responsabilidade técnica. | E163: VICARI | F163: SERVIÇO | G163: 39.17 | H163: 2 | I163: =SUM(CAV!J36,CESMO!J36) -> 0 | J163: =SUM(CAV!K36,CESMO!K36) -> 0 | K163: =H163*0.25-0.5-L163 -> 0 | L163: =SUM(CAV!N36,CESMO!N36) -> 0 | M163: =H163+L163-J163 -> 2 | N163: 25.15 | O163: =N163*H163 -> 50.3 | P163: =L163*N163 -> 0 | Q163: =N163*J163 -> 0
E166: =C1 -> OBJETO: CONTRATAÇÃO DE EMPRESA PARA MANUTENÇÃO DE EXTINTORES E AQUISIÇÃO DE MATERIAIS E EQUIPAMENTOS DE SEGURANÇA E COMBATE A INCÊNDIO PARA A UDESC
E167: =I1 -> VIGÊNCIA DA ATA: 22/10/2026 A 22/10/2027
E168: Centro | F168: Total Registrado | G168: Total Gasto da Ata | H168: % Gasto da Ata | I168: Total Cedência Recebida | J168: Total Aditivado | K168: % Aditivado | L168: Total Gasto Com Aditivo | M168: % Gasto com Aditivos | N168: Total Registado + Aditivo
E169: REITORIA | F169: =REITORIA!I61 -> 47251.76 | G169: =REITORIA!J61 -> 0 | H169: =G169/F169 -> 0 | I169: =REITORIA!K61 -> 0 | J169: =SUM(REITORIA!$N$61:$O$61) -> 0 | K169: =J169/F169 -> 0 | L169: =REITORIA!K61 -> 0 | M169: =L169/F169 -> 0 | N169: =J169+F169 -> 47251.76
E170: FAED | F170: =FAED!I61 -> 12194.95 | G170: =FAED!J61 -> 0 | H170: =G170/F170 -> 0 | I170: =FAED!L61 -> 0 | J170: =SUM(FAED!$N$61:$O$61) -> 0 | K170: =J170/F170 -> 0 | L170: =FAED!K61 -> 0 | M170: =L170/F170 -> 0 | N170: =J170+F170 -> 12194.95
E171: CEART | F171: =CEART!I61 -> 28157.58 | G171: =CEART!J61 -> 0 | H171: =G171/F171 -> 0 | I171: =CEART!L61 -> 0 | J171: =SUM(CEART!$N$61:$O$61) -> 0 | K171: =J171/F171 -> 0 | L171: =CEART!K61 -> 0 | M171: =L171/F171 -> 0 | N171: =J171+F171 -> 28157.58
E172: CERES | F172: =CERES!I61 -> 35740.36 | G172: =CERES!J61 -> 0 | H172: =G172/F172 -> 0 | I172: =CERES!L61 -> 0 | J172: =SUM(CERES!$N$61:$O$61) -> 0 | K172: =J172/F172 -> 0 | L172: =CERES!K61 -> 0 | M172: =L172/F172 -> 0 | N172: =J172+F172 -> 35740.36
E173: CEAD | F173: =CEAD!I61 -> 3094.53 | G173: =CEAD!J61 -> 0 | H173: =G173/F173 -> 0 | I173: =CEAD!L61 -> 0 | J173: =SUM(CEAD!$N$61:$O$61) -> 0 | K173: =J173/F173 -> 0 | L173: =CEAD!K61 -> 0 | M173: =L173/F173 -> 0 | N173: =J173+F173 -> 3094.53
E174: CESFI | F174: =CESFI!I61 -> 21386.02 | G174: =CESFI!J61 -> 0 | H174: =G174/F174 -> 0 | I174: =CESFI!L61 -> 0 | J174: =SUM(CESFI!$N$61:$O$61) -> 0 | K174: =J174/F174 -> 0 | L174: =CESFI!K61 -> 0 | M174: =L174/F174 -> 0 | N174: =J174+F174 -> 21386.02
E175: CEFID | F175: =CEFID!I61 -> 45466.89 | G175: =CEFID!J61 -> 0 | H175: =G175/F175 -> 0 | I175: =CEFID!L61 -> 0 | J175: =SUM(CEFID!$N$61:$O$61) -> 0 | K175: =J175/F175 -> 0 | L175: =CEFID!K61 -> 0 | M175: =L175/F175 -> 0 | N175: =J175+F175 -> 45466.89
E176: MUSEU | F176: =MUSEU!I61 -> 20564.82 | G176: =MUSEU!J61 -> 0 | H176: =G176/F176 -> 0 | I176: =MUSEU!L61 -> 0 | J176: =SUM(MUSEU!$N$61:$O$61) -> 0 | K176: =J176/F176 -> 0 | L176: =MUSEU!K61 -> 0 | M176: =L176/F176 -> 0 | N176: =J176+F176 -> 20564.82
E177: ESAG | F177: =ESAG!I61 -> 36143.06 | G177: =ESAG!J61 -> 0 | H177: =G177/F177 -> 0 | I177: =ESAG!L61 -> 0 | J177: =SUM(ESAG!$N$61:$O$61) -> 0 | K177: =J177/F177 -> 0 | L177: =ESAG!K61 -> 0 | M177: =L177/F177 -> 0 | N177: =J177+F177 -> 36143.06
E178: CCT | F178: =CCT!I27 -> 34427.4 | G178: =CCT!J27 -> 0 | H178: =G178/F178 -> 0 | I178: =CCT!L27 -> 0 | J178: =SUM(CCT!$N$27:$O$27) -> 0 | K178: =J178/F178 -> 0 | L178: =CCT!K27 -> 0 | M178: =L178/F178 -> 0 | N178: =J178+F178 -> 34427.4
E179: CEPLAN | F179: =CEPLAN!I27 -> 15572.59 | G179: =CEPLAN!J27 -> 0 | H179: =G179/F179 -> 0 | I179: =CEPLAN!L27 -> 0 | J179: =SUM(CEPLAN!$N$27:$O$27) -> 0 | K179: =J179/F179 -> 0 | L179: =CEPLAN!K27 -> 0 | M179: =L179/F179 -> 0 | N179: =J179+F179 -> 15572.59
E180: CEAVI | F180: =CEAVI!I22 -> 22999.96 | G180: =CEAVI!J22 -> 0 | H180: =G180/F180 -> 0 | I180: =CEAVI!L22 -> 0 | J180: =SUM(CEAVI!$N$22:$O$22) -> 0 | K180: =J180/F180 -> 0 | L180: =CEAVI!K22 -> 0 | M180: =L180/F180 -> 0 | N180: =J180+F180 -> 22999.96
E181: CEO | F181: =CEO!I37 -> 92999.98 | G181: =CEO!J37 -> 0 | H181: =G181/F181 -> 0 | I181: =CEO!L37 -> 0 | J181: =SUM(CEO!$N$37:$O$37) -> 0 | K181: =J181/F181 -> 0 | L181: =CEO!K37 -> 0 | M181: =L181/F181 -> 0 | N181: =J181+F181 -> 92999.98
E182: CAV | F182: =CAV!I38 -> 52138.71 | G182: =CAV!J38 -> 0 | H182: =G182/F182 -> 0 | I182: =CAV!L38 -> 0 | J182: =SUM(CAV!$N$38:$O$38) -> 0 | K182: =J182/F182 -> 0 | L182: =CAV!K38 -> 0 | M182: =L182/F182 -> 0 | N182: =J182+F182 -> 52138.71
E183: CESMO | F183: =CESMO!I38 -> 30361.28 | G183: =CESMO!J38 -> 0 | H183: =G183/F183 -> 0 | I183: =CESMO!L38 -> 0 | J183: =SUM(CESMO!$N$38:$O$38) -> 0 | K183: =J183/F183 -> 0 | L183: =CESMO!K38 -> 0 | M183: =L183/F183 -> 0 | N183: =J183+F183 -> 30361.28
E184: TOTAL | F184: =SUM(F169:F183) -> 498499.89 | G184: =SUM(G169:G183) -> 0 | H184: =G184/F184 -> 0 | I184: =SUM(I169:I183) -> 0 | J184: =SUM(J169:J183) -> 0 | K184: =J184/G184 -> #DIV/0! | L184: =SUM(L169:L183) -> 0 | M184: =L184/G184 -> #DIV/0! | N184: =J184+F184 -> 498499.89
E185: Atualizado em 23/10/2026

Sheet REITORIA
A1: SRP PE 1070/2026 SGPE 15960/2026 | D1: OBJETO: CONTRATAÇÃO DE EMPRESA PARA MANUTENÇÃO DE EXTINTORES E AQUISIÇÃO DE MATERIAIS E EQUIPAMENTOS DE SEGURANÇA E COMBATE A INCÊNDIO PARA A UDESC | I1: VIGÊNCIA DA ATA: 22/10/2026 A 22/10/2027 | S1: AF nºxxx/2026 Qtde. DT | T1: AF nºxxx/2026 Qtde. DT | U1: AF nºxxx/2026 Qtde. DT | V1: AF nºxxx/2026 Qtde. DT | W1: AF nºxxx/2026 Qtde. DT | X1: AF nºxxx/2026 Qtde. DT | Y1: AF nºxxx/2026 Qtde. DT | Z1: AF nºxxx/2026 Qtde. DT | AA1: AF nºxxx/2026 Qtde. DT | AB1: AF nºxxx/2026 Qtde. DT | AC1: AF nºxxx/2026 Qtde. DT | AD1: AF nºxxx/2026 Qtde. DT | AE1: AF nºxxx/2026 Qtde. DT | AF1: AF nºxxx/2026 Qtde. DT | AG1: AF nºxxx/2026 Qtde. DT
A2: CENTRO PARTICIPANTE: REITORIA
A3: Lote | B3: Item | C3: Empresa | D3: Descrição | E3: Marca | F3: Unidade de Compra | G3: Detalhamento | H3: Preço Unitário | I3: Quantidade Registrada | J3: Qtdade utilizada da ata | K3: Qtdade utilizada total | L3: Qtdade Receb./Cedida | M3: Qtdade disponível para aditivar | N3: Qtdade aditivada própria | O3: Qtdade aditivos recebidos | P3: Qtdade aditivos cedidos | Q3: Saldo / Automático | R3: ALERTA | S3: ...../...../2026 | T3: ...../...../2026 | U3: ...../...../2026 | V3: ...../...../2026 | W3: ...../...../2026 | X3: ...../...../2026 | Y3: ...../...../2026 | Z3: ...../...../2026 | AA3: ...../...../2026 | AB3: ...../...../2026 | AC3: ...../...../2026 | AD3: ...../...../2026 | AE3: ...../...../2026 | AF3: ...../...../2026 | AG3: ...../...../2026
A4: 1 | B4: 1 | C4: APAG PRODUTOS E SERVIÇOS LTDA 02.591.012/0001-63 | D4: Bateria para centrais de alarme de incêndio endereçável 12V/1,3AH. Fornecimento e instalação. | E4: UNIPOWER | F4: PEÇA | G4: 30.28 | H4: 100.45 | J4: =IF(SUM(S4:AG4)>I4+L4,I4+L4,SUM(S4:AG4)) -> 0 | K4: =(SUM(S4:AG4)) -> 0 | M4: =ROUND(IF(I4*0.25-0.5<0,0,I4*0.25-0.5),0)-P4-N4 -> 0 | Q4: =I4-(SUM(S4:AG4))+L4 -> 0 | R4: =IF(Q4<0,"ATENÇÃO","OK") -> OK
B5: 2 | D5: Central de alarme de incêndio endereçável 125 endereços IP20 24V com bateria. Fornecimento e instalação. | E5: INTELBRAS | F5: PEÇA | G5: 30.28 | H5: 1705.39 | J5: =IF(SUM(S5:AG5)>I5+L5,I5+L5,SUM(S5:AG5)) -> 0 | K5: =(SUM(S5:AG5)) -> 0 | M5: =ROUND(IF(I5*0.25-0.5<0,0,I5*0.25-0.5),0)-P5-N5 -> 0 | Q5: =I5-(SUM(S5:AG5))+L5 -> 0 | R5: =IF(Q5<0,"ATENÇÃO","OK") -> OK
B6: 3 | D6: Detector óptico de fumaça endereçável compact. Fornecimento e instalação. | E6: INTELBRAS | F6: PEÇA | G6: 30.28 | H6: 136.27 | I6: 20 | J6: =IF(SUM(S6:AG6)>I6+L6,I6+L6,SUM(S6:AG6)) -> 0 | K6: =(SUM(S6:AG6)) -> 0 | M6: =ROUND(IF(I6*0.25-0.5<0,0,I6*0.25-0.5),0)-P6-N6 -> 5 | Q6: =I6-(SUM(S6:AG6))+L6 -> 20 | R6: =IF(Q6<0,"ATENÇÃO","OK") -> OK
B7: 4 | D7: Detector óptico de fumaça endereçável 24V. Fornecimento e instalação. | E7: INTELBRAS | F7: PEÇA | G7: 30.28 | H7: 154.18 | J7: =IF(SUM(S7:AG7)>I7+L7,I7+L7,SUM(S7:AG7)) -> 0 | K7: =(SUM(S7:AG7)) -> 0 | M7: =ROUND(IF(I7*0.25-0.5<0,0,I7*0.25-0.5),0)-P7-N7 -> 0 | Q7: =I7-(SUM(S7:AG7))+L7 -> 0 | R7: =IF(Q7<0,"ATENÇÃO","OK") -> OK
B8: 5 | D8: Detector termovelocimétrico 24VCC endereçável com módulo (T). Fornecimento e instalação. | E8: INTELBRAS | F8: PEÇA | G8: 30.28 | H8: 159.63 | J8: =IF(SUM(S8:AG8)>I8+L8,I8+L8,SUM(S8:AG8)) -> 0 | K8: =(SUM(S8:AG8)) -> 0 | M8: =ROUND(IF(I8*0.25-0.5<0,0,I8*0.25-0.5),0)-P8-N8 -> 0 | Q8: =I8-(SUM(S8:AG8))+L8 -> 0 | R8: =IF(Q8<0,"ATENÇÃO","OK") -> OK
B9: 6 | D9: Fonte auxiliar IP20 24V endereçável. Fornecimento e instalação. | E9: INTELBRAS | F9: PEÇA | G9: 30.28 | H9: 692.28 | J9: =IF(SUM(S9:AG9)>I9+L9,I9+L9,SUM(S9:AG9)) -> 0 | K9: =(SUM(S9:AG9)) -> 0 | M9: =ROUND(IF(I9*0.25-0.5<0,0,I9*0.25-0.5),0)-P9-N9 -> 0 | Q9: =I9-(SUM(S9:AG9))+L9 -> 0 | R9: =IF(Q9<0,"ATENÇÃO","OK") -> OK
B10: 7 | D10: Fonte de alimentação IP20 24V endereçável. Fornecimento e instalação. | E10: INTELBRAS | F10: PEÇA | G10: 30.28 | H10: 700.84 | J10: =IF(SUM(S10:AG10)>I10+L10,I10+L10,SUM(S10:AG10)) -> 0 | K10: =(SUM(S10:AG10)) -> 0 | M10: =ROUND(IF(I10*0.25-0.5<0,0,I10*0.25-0.5),0)-P10-N10 -> 0 | Q10: =I10-(SUM(S10:AG10))+L10 -> 0 | R10: =IF(Q10<0,"ATENÇÃO","OK") -> OK
B11: 8 | D11: Caixa de alumínio para extintor PQS 6 kg. Fornecimento e instalação. | E11: APAG | F11: PEÇA | G11: 30.28 | H11: 193.12 | J11: =IF(SUM(S11:AG11)>I11+L11,I11+L11,SUM(S11:AG11)) -> 0 | K11: =(SUM(S11:AG11)) -> 0 | M11: =ROUND(IF(I11*0.25-0.5<0,0,I11*0.25-0.5),0)-P11-N11 -> 0 | Q11: =I11-(SUM(S11:AG11))+L11 -> 0 | R11: =IF(Q11<0,"ATENÇÃO","OK") -> OK
B12: 9 | D12: Carga em extintor CO2 04 kg. Fornecimento e instalação. | E12: APAG | F12: PEÇA | G12: 30.04 | H12: 61.51 | I12: 10 | J12: =IF(SUM(S12:AG12)>I12+L12,I12+L12,SUM(S12:AG12)) -> 0 | K12: =(SUM(S12:AG12)) -> 0 | M12: =ROUND(IF(I12*0.25-0.5<0,0,I12*0.25-0.5),0)-P12-N12 -> 2 | Q12: =I12-(SUM(S12:AG12))+L12 -> 10 | R12: =IF(Q12<0,"ATENÇÃO","OK") -> OK
B13: 10 | D13: Carga em extintor CO2 06 kg. Fornecimento e instalação. | E13: APAG | F13: PEÇA | G13: 30.04 | H13: 93.44 | I13: 5 | J13: =IF(SUM(S13:AG13)>I13+L13,I13+L13,SUM(S13:AG13)) -> 0 | K13: =(SUM(S13:AG13)) -> 0 | M13: =ROUND(IF(I13*0.25-0.5<0,0,I13*0.25-0.5),0)-P13-N13 -> 1 | Q13: =I13-(SUM(S13:AG13))+L13 -> 5 | R13: =IF(Q13<0,"ATENÇÃO","OK") -> OK
B14: 11 | D14: Carga em extintor pó químico 04 kg ABC. Fornecimento e instalação. | E14: APAG | F14: PEÇA | G14: 30.04 | H14: 45.16 | I14: 50 | J14: =IF(SUM(S14:AG14)>I14+L14,I14+L14,SUM(S14:AG14)) -> 0 | K14: =(SUM(S14:AG14)) -> 0 | M14: =ROUND(IF(I14*0.25-0.5<0,0,I14*0.25-0.5),0)-P14-N14 -> 12 | Q14: =I14-(SUM(S14:AG14))+L14 -> 50 | R14: =IF(Q14<0,"ATENÇÃO","OK") -> OK
B15: 12 | D15: Carga em extintor pó químico 04 kg BC. Fornecimento e instalação. | E15: APAG | F15: PEÇA | G15: 30.04 | H15: 42.82 | I15: 50 | J15: =IF(SUM(S15:AG15)>I15+L15,I15+L15,SUM(S15:AG15)) -> 0 | K15: =(SUM(S15:AG15)) -> 0 | M15: =ROUND(IF(I15*0.25-0.5<0,0,I15*0.25-0.5),0)-P15-N15 -> 12 | Q15: =I15-(SUM(S15:AG15))+L15 -> 50 | R15: =IF(Q15<0,"ATENÇÃO","OK") -> OK
B16: 13 | D16: Carga em extintor pó químico 06 kg BC. Fornecimento e instalação. | E16: APAG | F16: PEÇA | G16: 30.04 | H16: 53.73 | I16: 15 | J16: =IF(SUM(S16:AG16)>I16+L16,I16+L16,SUM(S16:AG16)) -> 0 | K16: =(SUM(S16:AG16)) -> 0 | M16: =ROUND(IF(I16*0.25-0.5<0,0,I16*0.25-0.5),0)-P16-N16 -> 3 | Q16: =I16-(SUM(S16:AG16))+L16 -> 15 | R16: =IF(Q16<0,"ATENÇÃO","OK") -> OK
B17: 14 | D17: Carga em extintor água 10 L . Fornecimento e instalação. | E17: APAG | F17: PEÇA | G17: 30.04 | H17: 28.81 | I17: 25 | J17: =IF(SUM(S17:AG17)>I17+L17,I17+L17,SUM(S17:AG17)) -> 0 | K17: =(SUM(S17:AG17)) -> 0 | M17: =ROUND(IF(I17*0.25-0.5<0,0,I17*0.25-0.5),0)-P17-N17 -> 6 | Q17: =I17-(SUM(S17:AG17))+L17 -> 25 | R17: =IF(Q17<0,"ATENÇÃO","OK") -> OK
B18: 15 | D18: Extintor PQS 4KG ABC . Fornecimento e instalação. | E18: EXTANG | F18: PEÇA | G18: 30.28 | H18: 136.27 | J18: =IF(SUM(S18:AG18)>I18+L18,I18+L18,SUM(S18:AG18)) -> 0 | K18: =(SUM(S18:AG18)) -> 0 | M18: =ROUND(IF(I18*0.25-0.5<0,0,I18*0.25-0.5),0)-P18-N18 -> 0 | Q18: =I18-(SUM(S18:AG18))+L18 -> 0 | R18: =IF(Q18<0,"ATENÇÃO","OK") -> OK
B19: 16 | D19: Suporte de chão reforçado modelo tripé P4/P6. Fornecimento e instalação. | E19: APAG | F19: PEÇA | G19: 30.28 | H19: 35.04 | I19: 5 | J19: =IF(SUM(S19:AG19)>I19+L19,I19+L19,SUM(S19:AG19)) -> 0 | K19: =(SUM(S19:AG19)) -> 0 | M19: =ROUND(IF(I19*0.25-0.5<0,0,I19*0.25-0.5),0)-P19-N19 -> 1 | Q19: =I19-(SUM(S19:AG19))+L19 -> 5 | R19: =IF(Q19<0,"ATENÇÃO","OK") -> OK
B20: 17 | D20: Suporte de chão reforçado modelo tripé P8/P12/AP/CO2. Fornecimento e instalação. | E20: APAG | F20: PEÇA | G20: 30.28 | H20: 36.59 | J20: =IF(SUM(S20:AG20)>I20+L20,I20+L20,SUM(S20:AG20)) -> 0 | K20: =(SUM(S20:AG20)) -> 0 | M20: =ROUND(IF(I20*0.25-0.5<0,0,I20*0.25-0.5),0)-P20-N20 -> 0 | Q20: =I20-(SUM(S20:AG20))+L20 -> 0 | R20: =IF(Q20<0,"ATENÇÃO","OK") -> OK
B21: 18 | D21: Suporte de parede para extintor. Fornecimento e instalação. | E21: APAG | F21: PEÇA | G21: 30.28 | H21: 15.57 | I21: 10 | J21: =IF(SUM(S21:AG21)>I21+L21,I21+L21,SUM(S21:AG21)) -> 0 | K21: =(SUM(S21:AG21)) -> 0 | M21: =ROUND(IF(I21*0.25-0.5<0,0,I21*0.25-0.5),0)-P21-N21 -> 2 | Q21: =I21-(SUM(S21:AG21))+L21 -> 10 | R21: =IF(Q21<0,"ATENÇÃO","OK") -> OK
B22: 19 | D22: Mangueira de incêndio predial tipo 2 - 1.1/2 pol. x 15m. Fornecimento e instalação. | E22: SEGURIMAX | F22: PEÇA | G22: 30.28 | H22: 325.5 | I22: 25 | J22: =IF(SUM(S22:AG22)>I22+L22,I22+L22,SUM(S22:AG22)) -> 0 | K22: =(SUM(S22:AG22)) -> 0 | M22: =ROUND(IF(I22*0.25-0.5<0,0,I22*0.25-0.5),0)-P22-N22 -> 6 | Q22: =I22-(SUM(S22:AG22))+L22 -> 25 | R22: =IF(Q22<0,"ATENÇÃO","OK") -> OK
B23: 20 | D23: Mangueira extintor CO2 4/6 kg. Fornecimento e instalação. | E23: SEGURIMAX | F23: PEÇA | G23: 30.28 | H23: 49.05 | I23: 10 | J23: =IF(SUM(S23:AG23)>I23+L23,I23+L23,SUM(S23:AG23)) -> 0 | K23: =(SUM(S23:AG23)) -> 0 | M23: =ROUND(IF(I23*0.25-0.5<0,0,I23*0.25-0.5),0)-P23-N23 -> 2 | Q23: =I23-(SUM(S23:AG23))+L23 -> 10 | R23: =IF(Q23<0,"ATENÇÃO","OK") -> OK
B24: 21 | D24: Mangueira extintor pó químico 4/6 kg. Fornecimento e instalação. | E24: MARAGNA | F24: PEÇA | G24: 30.28 | H24: 21.8 | I24: 10 | J24: =IF(SUM(S24:AG24)>I24+L24,I24+L24,SUM(S24:AG24)) -> 0 | K24: =(SUM(S24:AG24)) -> 0 | M24: =ROUND(IF(I24*0.25-0.5<0,0,I24*0.25-0.5),0)-P24-N24 -> 2 | Q24: =I24-(SUM(S24:AG24))+L24 -> 10 | R24: =IF(Q24<0,"ATENÇÃO","OK") -> OK
B25: 22 | D25: Difusor extintor CO2 4/6 kg. Fornecimento e instalação. | E25: MARAGNA | F25: PEÇA | G25: 30.28 | H25: 9.34 | I25: 10 | J25: =IF(SUM(S25:AG25)>I25+L25,I25+L25,SUM(S25:AG25)) -> 0 | K25: =(SUM(S25:AG25)) -> 0 | M25: =ROUND(IF(I25*0.25-0.5<0,0,I25*0.25-0.5),0)-P25-N25 -> 2 | Q25: =I25-(SUM(S25:AG25))+L25 -> 10 | R25: =IF(Q25<0,"ATENÇÃO","OK") -> OK
B26: 23 | D26: Manômetro extintor pó químico. Fornecimento e instalação. | E26: MERCOSUL | F26: PEÇA | G26: 30.28 | H26: 4.67 | I26: 10 | J26: =IF(SUM(S26:AG26)>I26+L26,I26+L26,SUM(S26:AG26)) -> 0 | K26: =(SUM(S26:AG26)) -> 0 | M26: =ROUND(IF(I26*0.25-0.5<0,0,I26*0.25-0.5),0)-P26-N26 -> 2 | Q26: =I26-(SUM(S26:AG26))+L26 -> 10 | R26: =IF(Q26<0,"ATENÇÃO","OK") -> OK
B27: 24 | D27: Válvula extintor CO2 4/6 kg. Fornecimento e instalação. | E27: MERCOSUL | F27: PEÇA | G27: 30.28 | H27: 77.87 | I27: 5 | J27: =IF(SUM(S27:AG27)>I27+L27,I27+L27,SUM(S27:AG27)) -> 0 | K27: =(SUM(S27:AG27)) -> 0 | M27: =ROUND(IF(I27*0.25-0.5<0,0,I27*0.25-0.5),0)-P27-N27 -> 1 | Q27: =I27-(SUM(S27:AG27))+L27 -> 5 | R27: =IF(Q27<0,"ATENÇÃO","OK") -> OK
B28: 25 | D28: Válvula extintor pó químico 4/6 kg. Fornecimento e instalação. | E28: MERCOSUL | F28: PEÇA | G28: 30.28 | H28: 32.7 | I28: 5 | J28: =IF(SUM(S28:AG28)>I28+L28,I28+L28,SUM(S28:AG28)) -> 0 | K28: =(SUM(S28:AG28)) -> 0 | M28: =ROUND(IF(I28*0.25-0.5<0,0,I28*0.25-0.5),0)-P28-N28 -> 1 | Q28: =I28-(SUM(S28:AG28))+L28 -> 5 | R28: =IF(Q28<0,"ATENÇÃO","OK") -> OK
B29: 26 | D29: Bloco de iluminação de emergência autônoma LED 2 faróis 3000 lúmens. Fornecimento e instalação. | E29: SEGURIMAX | F29: PEÇA | G29: 30.26 | H29: 203.24 | J29: =IF(SUM(S29:AG29)>I29+L29,I29+L29,SUM(S29:AG29)) -> 0 | K29: =(SUM(S29:AG29)) -> 0 | M29: =ROUND(IF(I29*0.25-0.5<0,0,I29*0.25-0.5),0)-P29-N29 -> 0 | Q29: =I29-(SUM(S29:AG29))+L29 -> 0 | R29: =IF(Q29<0,"ATENÇÃO","OK") -> OK
B30: 27 | D30: Bloco de iluminação de emergência autônoma LED 2 faróis 1200 lúmens. Fornecimento e instalação. | E30: LUXPRYME | F30: PEÇA | G30: 30.26 | H30: 207.13 | I30: 10 | J30: =IF(SUM(S30:AG30)>I30+L30,I30+L30,SUM(S30:AG30)) -> 0 | K30: =(SUM(S30:AG30)) -> 0 | M30: =ROUND(IF(I30*0.25-0.5<0,0,I30*0.25-0.5),0)-P30-N30 -> 2 | Q30: =I30-(SUM(S30:AG30))+L30 -> 10 | R30: =IF(Q30<0,"ATENÇÃO","OK") -> OK
B31: 28 | D31: Bloco de iluminação de emergência coletiva LED 2 faróis 1200 lúmens. Fornecimento e instalação. | E31: LUXPRYME | F31: PEÇA | G31: 30.26 | H31: 70.08 | J31: =IF(SUM(S31:AG31)>I31+L31,I31+L31,SUM(S31:AG31)) -> 0 | K31: =(SUM(S31:AG31)) -> 0 | M31: =ROUND(IF(I31*0.25-0.5<0,0,I31*0.25-0.5),0)-P31-N31 -> 0 | Q31: =I31-(SUM(S31:AG31))+L31 -> 0 | R31: =IF(Q31<0,"ATENÇÃO","OK") -> OK
B32: 29 | D32: Central de iluminação de emergência 24V sem bateria. Fornecimento e instalação. | E32: LUXPRYME | F32: PEÇA | G32: 30.26 | H32: 1479.56 | J32: =IF(SUM(S60:AG60)>I32+L32,I32+L32,SUM(S60:AG60)) -> 0 | K32: =(SUM(S60:AG60)) -> 0 | M32: =ROUND(IF(I32*0.25-0.5<0,0,I32*0.25-0.5),0)-P32-N32 -> 0 | Q32: =I32-(SUM(S60:AG60))+L32 -> 0 | R32: =IF(Q32<0,"ATENÇÃO","OK") -> OK
B33: 30 | D33: Luminária de emergência autônoma 30 LED super Slim. Fornecimento e instalação. | E33: SEGURIMAX | F33: PEÇA | G33: 30.26 | H33: 18.68 | I33: 50 | J33: =IF(SUM(S33:AG33)>I33+L33,I33+L33,SUM(S33:AG33)) -> 0 | K33: =(SUM(S33:AG33)) -> 0 | M33: =ROUND(IF(I33*0.25-0.5<0,0,I33*0.25-0.5),0)-P33-N33 -> 12 | Q33: =I33-(SUM(S33:AG33))+L33 -> 50 | R33: =IF(Q33<0,"ATENÇÃO","OK") -> OK
B34: 31 | D34: Placa fotoluminescente em caso de incêndio não use o elevador de PVC 24 x 12cm. Fornecimento e instalação. | E34: SCALA | F34: PEÇA | G34: 30.44 | H34: 7.24 | I34: 2 | J34: =IF(SUM(S34:AG34)>I34+L34,I34+L34,SUM(S34:AG34)) -> 0 | K34: =(SUM(S34:AG34)) -> 0 | M34: =ROUND(IF(I34*0.25-0.5<0,0,I34*0.25-0.5),0)-P34-N34 -> 0 | Q34: =I34-(SUM(S34:AG34))+L34 -> 2 | R34: =IF(Q34<0,"ATENÇÃO","OK") -> OK
B35: 32 | D35: Placa fotoluminescente rota de fuga pela escada à direita seta para baixo de PVC 30 x 15cm. Fornecimento e instalação. | E35: SCALA | F35: PEÇA | G35: 30.44 | H35: 22.58 | J35: =IF(SUM(S35:AG35)>I35+L35,I35+L35,SUM(S35:AG35)) -> 0 | K35: =(SUM(S35:AG35)) -> 0 | M35: =ROUND(IF(I35*0.25-0.5<0,0,I35*0.25-0.5),0)-P35-N35 -> 0 | Q35: =I35-(SUM(S35:AG35))+L35 -> 0 | R35: =IF(Q35<0,"ATENÇÃO","OK") -> OK
B36: 33 | D36: Placa fotoluminescente rota de fuga pela escada à esquerda seta para baixo de PVC 30 x 15cm. Fornecimento e instalação. | E36: SCALA | F36: PEÇA | G36: 30.44 | H36: 23.36 | J36: =IF(SUM(S36:AG36)>I36+L36,I36+L36,SUM(S36:AG36)) -> 0 | K36: =(SUM(S36:AG36)) -> 0 | M36: =ROUND(IF(I36*0.25-0.5<0,0,I36*0.25-0.5),0)-P36-N36 -> 0 | Q36: =I36-(SUM(S36:AG36))+L36 -> 0 | R36: =IF(Q36<0,"ATENÇÃO","OK") -> OK
B37: 34 | D37: Placa fotoluminescente saída de emergência de PVC 30x15cm. Fornecimento e instalação. | E37: SCALA | F37: PEÇA | G37: 30.44 | H37: 12.22 | I37: 25 | J37: =IF(SUM(S37:AG37)>I37+L37,I37+L37,SUM(S37:AG37)) -> 0 | K37: =(SUM(S37:AG37)) -> 0 | M37: =ROUND(IF(I37*0.25-0.5<0,0,I37*0.25-0.5),0)-P37-N37 -> 6 | Q37: =I37-(SUM(S37:AG37))+L37 -> 25 | R37: =IF(Q37<0,"ATENÇÃO","OK") -> OK
B38: 35 | D38: Placa fotoluminescente saída duas faces de PVC 24 x 12cm. Fornecimento e instalação. | E38: SCALA | F38: PEÇA | G38: 30.44 | H38: 16.82 | J38: =IF(SUM(S38:AG38)>I38+L38,I38+L38,SUM(S38:AG38)) -> 0 | K38: =(SUM(S38:AG38)) -> 0 | M38: =ROUND(IF(I38*0.25-0.5<0,0,I38*0.25-0.5),0)-P38-N38 -> 0 | Q38: =I38-(SUM(S38:AG38))+L38 -> 0 | R38: =IF(Q38<0,"ATENÇÃO","OK") -> OK
B39: 36 | D39: Placa fotoluminescente saída seta para direita de PVC 25x16cm. Fornecimento e instalação. | E39: SCALA | F39: PEÇA | G39: 30.44 | H39: 13.82 | J39: =IF(SUM(S39:AG39)>I39+L39,I39+L39,SUM(S39:AG39)) -> 0 | K39: =(SUM(S39:AG39)) -> 0 | M39: =ROUND(IF(I39*0.25-0.5<0,0,I39*0.25-0.5),0)-P39-N39 -> 0 | Q39: =I39-(SUM(S39:AG39))+L39 -> 0 | R39: =IF(Q39<0,"ATENÇÃO","OK") -> OK
B40: 37 | D40: Placa fotoluminescente saída seta para esquerda de PVC 25x16cm. Fornecimento e instalação. | E40: SCALA | F40: PEÇA | G40: 30.44 | H40: 11.68 | J40: =IF(SUM(S40:AG40)>I40+L40,I40+L40,SUM(S40:AG40)) -> 0 | K40: =(SUM(S40:AG40)) -> 0 | M40: =ROUND(IF(I40*0.25-0.5<0,0,I40*0.25-0.5),0)-P40-N40 -> 0 | Q40: =I40-(SUM(S40:AG40))+L40 -> 0 | R40: =IF(Q40<0,"ATENÇÃO","OK") -> OK
B41: 38 | D41: Placa fotoluminescente alarme de incêndio de PVC 20x30cm. Fornecimento e instalação. | E41: SCALA | F41: PEÇA | G41: 30.44 | H41: 14.01 | J41: =IF(SUM(S41:AG41)>I41+L41,I41+L41,SUM(S41:AG41)) -> 0 | K41: =(SUM(S41:AG41)) -> 0 | M41: =ROUND(IF(I41*0.25-0.5<0,0,I41*0.25-0.5),0)-P41-N41 -> 0 | Q41: =I41-(SUM(S41:AG41))+L41 -> 0 | R41: =IF(Q41<0,"ATENÇÃO","OK") -> OK
B42: 39 | D42: Placa fotoluminescente central de alarme de detecção de PVC 24 x 12cm. Fornecimento e instalação. | E42: SCALA | F42: PEÇA | G42: 30.44 | H42: 16.08 | J42: =IF(SUM(S42:AG42)>I42+L42,I42+L42,SUM(S42:AG42)) -> 0 | K42: =(SUM(S42:AG42)) -> 0 | M42: =ROUND(IF(I42*0.25-0.5<0,0,I42*0.25-0.5),0)-P42-N42 -> 0 | Q42: =I42-(SUM(S42:AG42))+L42 -> 0 | R42: =IF(Q42<0,"ATENÇÃO","OK") -> OK
B43: 40 | D43: Placa fotoluminescente extintor CO² de PVC 30 x 30cm. Fornecimento e instalação. | E43: SCALA | F43: PEÇA | G43: 30.44 | H43: 31.14 | J43: =IF(SUM(S43:AG43)>I43+L43,I43+L43,SUM(S43:AG43)) -> 0 | K43: =(SUM(S43:AG43)) -> 0 | M43: =ROUND(IF(I43*0.25-0.5<0,0,I43*0.25-0.5),0)-P43-N43 -> 0 | Q43: =I43-(SUM(S43:AG43))+L43 -> 0 | R43: =IF(Q43<0,"ATENÇÃO","OK") -> OK
B44: 41 | D44: Placa fotoluminescente extintor de PVC 20x20cm. Fornecimento e instalação. | E44: SCALA | F44: PEÇA | G44: 30.44 | H44: 16.58 | J44: =IF(SUM(S44:AG44)>I44+L44,I44+L44,SUM(S44:AG44)) -> 0 | K44: =(SUM(S44:AG44)) -> 0 | M44: =ROUND(IF(I44*0.25-0.5<0,0,I44*0.25-0.5),0)-P44-N44 -> 0 | Q44: =I44-(SUM(S44:AG44))+L44 -> 0 | R44: =IF(Q44<0,"ATENÇÃO","OK") -> OK
B45: 42 | D45: Placa de sinalização saída de emergência LED autônoma 24x18cm - uma face. Fornecimento e instalação. | E45: LUXPRYME | F45: PEÇA | G45: 30.44 | H45: 61.9 | I45: 25 | J45: =IF(SUM(S45:AG45)>I45+L45,I45+L45,SUM(S45:AG45)) -> 0 | K45: =(SUM(S45:AG45)) -> 0 | M45: =ROUND(IF(I45*0.25-0.5<0,0,I45*0.25-0.5),0)-P45-N45 -> 6 | Q45: =I45-(SUM(S45:AG45))+L45 -> 25 | R45: =IF(Q45<0,"ATENÇÃO","OK") -> OK
B46: 43 | D46: Placa extintor com seta de PVC 13 x 20cm. Fornecimento e instalação. | E46: SCALA | F46: PEÇA | G46: 30.44 | H46: 12.84 | I46: 20 | J46: =IF(SUM(S46:AG46)>I46+L46,I46+L46,SUM(S46:AG46)) -> 0 | K46: =(SUM(S46:AG46)) -> 0 | M46: =ROUND(IF(I46*0.25-0.5<0,0,I46*0.25-0.5),0)-P46-N46 -> 5 | Q46: =I46-(SUM(S46:AG46))+L46 -> 20 | R46: =IF(Q46<0,"ATENÇÃO","OK") -> OK
B47: 44 | D47: Serviço de teste do sistema de alarme - Preço por bloco. Emissão de laudo e documento de responsabilidade técnica. | E47: APAG | F47: SERVIÇO | G47: 39.17 | H47: 1164.18 | I47: 4 | J47: =IF(SUM(S47:AG47)>I47+L47,I47+L47,SUM(S47:AG47)) -> 0 | K47: =(SUM(S47:AG47)) -> 0 | M47: =ROUND(IF(I47*0.25-0.5<0,0,I47*0.25-0.5),0)-P47-N47 -> 1 | Q47: =I47-(SUM(S47:AG47))+L47 -> 4 | R47: =IF(Q47<0,"ATENÇÃO","OK") -> OK
B48: 45 | D48: Serviço de teste do sistema de balizamento de saída - Preço por bloco. Emissão de laudo e documento de responsabilidade técnica. | E48: APAG | F48: SERVIÇO | G48: 39.17 | H48: 1456.2 | I48: 4 | J48: =IF(SUM(S48:AG48)>I48+L48,I48+L48,SUM(S48:AG48)) -> 0 | K48: =(SUM(S48:AG48)) -> 0 | M48: =ROUND(IF(I48*0.25-0.5<0,0,I48*0.25-0.5),0)-P48-N48 -> 1 | Q48: =I48-(SUM(S48:AG48))+L48 -> 4 | R48: =IF(Q48<0,"ATENÇÃO","OK") -> OK
B49: 46 | D49: Serviço de teste do sistema hidráulico preventivo de incêndio - Preço por bloco. Emissão de laudo e documento de responsabilidade técnica. | E49: APAG | F49: SERVIÇO | G49: 39.17 | H49: 1146.27 | I49: 4 | J49: =IF(SUM(S49:AG49)>I49+L49,I49+L49,SUM(S49:AG49)) -> 0 | K49: =(SUM(S49:AG49)) -> 0 | M49: =ROUND(IF(I49*0.25-0.5<0,0,I49*0.25-0.5),0)-P49-N49 -> 1 | Q49: =I49-(SUM(S49:AG49))+L49 -> 4 | R49: =IF(Q49<0,"ATENÇÃO","OK") -> OK
B50: 47 | D50: Serviço de teste hidrostático em mangueira de incêndio. Emissão de laudo e documento de responsabilidade técnica. | E50: APAG | F50: SERVIÇO | G50: 39.17 | H50: 20.09 | I50: 20 | J50: =IF(SUM(S50:AG50)>I50+L50,I50+L50,SUM(S50:AG50)) -> 0 | K50: =(SUM(S50:AG50)) -> 0 | M50: =ROUND(IF(I50*0.25-0.5<0,0,I50*0.25-0.5),0)-P50-N50 -> 5 | Q50: =I50-(SUM(S50:AG50))+L50 -> 20 | R50: =IF(Q50<0,"ATENÇÃO","OK") -> OK
B51: 48 | D51: Serviço de teste de estanqueidade da rede de gás GLP - Restaurante Universitário/Laboratório. Emissão de laudo e documento de responsabilidade técnica. | E51: APAG | F51: SERVIÇO | G51: 39.17 | H51: 1375.99 | I51: 1 | J51: =IF(SUM(S51:AG51)>I51+L51,I51+L51,SUM(S51:AG51)) -> 0 | K51: =(SUM(S51:AG51)) -> 0 | M51: =ROUND(IF(I51*0.25-0.5<0,0,I51*0.25-0.5),0)-P51-N51 -> 0 | Q51: =I51-(SUM(S51:AG51))+L51 -> 1 | R51: =IF(Q51<0,"ATENÇÃO","OK") -> OK
B52: 49 | D52: Serviço de teste do sistema de proteção contra descargas atmosféricas - Preço por bloco. Emissão de laudo e documento de responsabilidade técnica. | E52: APAG | F52: SERVIÇO | G52: 39.17 | H52: 599.61 | I52: 4 | J52: =IF(SUM(S52:AG52)>I52+L52,I52+L52,SUM(S52:AG52)) -> 0 | K52: =(SUM(S52:AG52)) -> 0 | M52: =ROUND(IF(I52*0.25-0.5<0,0,I52*0.25-0.5),0)-P52-N52 -> 1 | Q52: =I52-(SUM(S52:AG52))+L52 -> 4 | R52: =IF(Q52<0,"ATENÇÃO","OK") -> OK
B53: 50 | D53: Serviço de manutenção nível III (reteste) extintor CO2 04 Kg. | E53: APAG | F53: SERVIÇO | G53: 39.17 | H53: 66.18 | J53: =IF(SUM(S53:AG53)>I53+L53,I53+L53,SUM(S53:AG53)) -> 0 | K53: =(SUM(S53:AG53)) -> 0 | M53: =ROUND(IF(I53*0.25-0.5<0,0,I53*0.25-0.5),0)-P53-N53 -> 0 | Q53: =I53-(SUM(S53:AG53))+L53 -> 0 | R53: =IF(Q53<0,"ATENÇÃO","OK") -> OK
B54: 51 | D54: Serviço de manutenção nível III (reteste) extintor CO2 06 Kg. | E54: APAG | F54: SERVIÇO | G54: 39.17 | H54: 56.06 | I54: 30 | J54: =IF(SUM(S54:AG54)>I54+L54,I54+L54,SUM(S54:AG54)) -> 0 | K54: =(SUM(S54:AG54)) -> 0 | M54: =ROUND(IF(I54*0.25-0.5<0,0,I54*0.25-0.5),0)-P54-N54 -> 7 | Q54: =I54-(SUM(S54:AG54))+L54 -> 30 | R54: =IF(Q54<0,"ATENÇÃO","OK") -> OK
B55: 52 | D55: Serviço de manutenção nível III (reteste) extintor pó químico 4 Kg ABC | E55: APAG | F55: SERVIÇO | G55: 39.17 | H55: 10.87 | J55: =IF(SUM(S55:AG55)>I55+L55,I55+L55,SUM(S55:AG55)) -> 0 | K55: =(SUM(S55:AG55)) -> 0 | M55: =ROUND(IF(I55*0.25-0.5<0,0,I55*0.25-0.5),0)-P55-N55 -> 0 | Q55: =I55-(SUM(S55:AG55))+L55 -> 0 | R55: =IF(Q55<0,"ATENÇÃO","OK") -> OK
B56: 53 | D56: Serviço de manutenção nível III (reteste) extintor pó químico 4 Kg BC | E56: APAG | F56: SERVIÇO | G56: 39.17 | H56: 11.6 | I56: 50 | J56: =IF(SUM(S56:AG56)>I56+L56,I56+L56,SUM(S56:AG56)) -> 0 | K56: =(SUM(S56:AG56)) -> 0 | M56: =ROUND(IF(I56*0.25-0.5<0,0,I56*0.25-0.5),0)-P56-N56 -> 12 | Q56: =I56-(SUM(S56:AG56))+L56 -> 50 | R56: =IF(Q56<0,"ATENÇÃO","OK") -> OK
B57: 54 | D57: Serviço de manutenção nível III (reteste) extintor pó químico 6 Kg BC | E57: APAG | F57: SERVIÇO | G57: 39.17 | H57: 10.86 | I57: 15 | J57: =IF(SUM(S57:AG57)>I57+L57,I57+L57,SUM(S57:AG57)) -> 0 | K57: =(SUM(S57:AG57)) -> 0 | M57: =ROUND(IF(I57*0.25-0.5<0,0,I57*0.25-0.5),0)-P57-N57 -> 3 | Q57: =I57-(SUM(S57:AG57))+L57 -> 15 | R57: =IF(Q57<0,"ATENÇÃO","OK") -> OK
B58: 55 | D58: Serviço de manutenção nível III (reteste) extintor água 10 L. | E58: APAG | F58: SERVIÇO | G58: 39.17 | H58: 8.56 | I58: 25 | J58: =IF(SUM(S58:AG58)>I58+L58,I58+L58,SUM(S58:AG58)) -> 0 | K58: =(SUM(S58:AG58)) -> 0 | M58: =ROUND(IF(I58*0.25-0.5<0,0,I58*0.25-0.5),0)-P58-N58 -> 6 | Q58: =I58-(SUM(S58:AG58))+L58 -> 25 | R58: =IF(Q58<0,"ATENÇÃO","OK") -> OK
B59: 56 | D59: Serviço de manutenção nível III (reteste) extintor espuma mecânica 10 L | E59: APAG | F59: SERVIÇO | G59: 39.17 | H59: 63.79 | I59: 10 | J59: =IF(SUM(S59:AG59)>I59+L59,I59+L59,SUM(S59:AG59)) -> 0 | K59: =(SUM(S59:AG59)) -> 0 | M59: =ROUND(IF(I59*0.25-0.5<0,0,I59*0.25-0.5),0)-P59-N59 -> 2 | Q59: =I59-(SUM(S59:AG59))+L59 -> 10 | R59: =IF(Q59<0,"ATENÇÃO","OK") -> OK
I60: =SUM(I4:I59) -> 564 | J60: =SUM(J4:J59) -> 0 | K60: =SUM(K4:K59) -> 0 | L60: =SUM(L4:L59) -> 0 | M60: =SUM(M4:M59) -> 130 | N60: =SUM(N4:N59) -> 0 | O60: =SUM(O4:O59) -> 0 | P60: =SUM(P4:P59) -> 0 | Q60: =SUM(Q4:Q59) -> 564 | S60: =SUMPRODUCT($H$4:$H$59,S4:S59) -> 0 | T60: =SUMPRODUCT($H$4:$H$59,T4:T59) -> 0 | U60: =SUMPRODUCT($H$4:$H$59,U4:U59) -> 0 | V60: =SUMPRODUCT($H$4:$H$59,V4:V59) -> 0 | W60: =SUMPRODUCT($H$4:$H$59,W4:W59) -> 0 | X60: =SUMPRODUCT($H$4:$H$59,X4:X59) -> 0 | Y60: =SUMPRODUCT($H$4:$H$59,Y4:Y59) -> 0 | Z60: =SUMPRODUCT($H$4:$H$59,Z4:Z59) -> 0 | ... AG60: =SUMPRODUCT($H$4:$H$59,AG4:AG59) -> 0
I61: =SUMPRODUCT($H$4:$H$59,I4:I59) -> 47251.76 | J61: =SUMPRODUCT($H$4:$H$59,J4:J59) -> 0 | K61: =SUMPRODUCT($H$4:$H$59,K4:K59) -> 0 | L61: =SUMPRODUCT($H$4:$H$59,L4:L59) -> 0 | M61: =SUMPRODUCT($H$4:$H$59,M4:M59) -> 10944.28 | N61: =SUMPRODUCT($H$4:$H$59,N4:N59) -> 0 | O61: =SUMPRODUCT($H$4:$H$59,O4:O59) -> 0 | P61: =SUMPRODUCT($H$4:$H$59,P4:P59) -> 0

Sheet FAED
A1: SRP PE 1070/2026 SGPE 15960/2026 | D1: OBJETO: CONTRATAÇÃO DE EMPRESA PARA MANUTENÇÃO DE EXTINTORES E AQUISIÇÃO DE MATERIAIS E EQUIPAMENTOS DE SEGURANÇA E COMBATE A INCÊNDIO PARA A UDESC | I1: VIGÊNCIA DA ATA: 22/10/2026 A 22/10/2027 | S1: AF nºxxx/2026 Qtde. DT | T1: AF nºxxx/2026 Qtde. DT | U1: AF nºxxx/2026 Qtde. DT | V1: AF nºxxx/2026 Qtde. DT | W1: AF nºxxx/2026 Qtde. DT | X1: AF nºxxx/2026 Qtde. DT | Y1: AF nºxxx/2026 Qtde. DT | Z1: AF nºxxx/2026 Qtde. DT | AA1: AF nºxxx/2026 Qtde. DT | AB1: AF nºxxx/2026 Qtde. DT | AC1: AF nºxxx/2026 Qtde. DT | AD1: AF nºxxx/2026 Qtde. DT | AE1: AF nºxxx/2026 Qtde. DT | AF1: AF nºxxx/2026 Qtde. DT | AG1: AF nºxxx/2026 Qtde. DT
A2: CENTRO PARTICIPANTE: REITORIA
A3: Lote | B3: Item | C3: Empresa | D3: Descrição | E3: Marca | F3: Unidade de Compra | G3: Detalhamento | H3: Preço Unitário | I3: Quantidade Registrada | J3: Qtdade utilizada da ata | K3: Qtdade utilizada total | L3: Qtdade Receb./Cedida | M3: Qtdade disponível para aditivar | N3: Qtdade aditivada própria | O3: Qtdade aditivos recebidos | P3: Qtdade aditivos cedidos | Q3: Saldo / Automático | R3: ALERTA | S3: ...../...../2026 | T3: ...../...../2026 | U3: ...../...../2026 | V3: ...../...../2026 | W3: ...../...../2026 | X3: ...../...../2026 | Y3: ...../...../2026 | Z3: ...../...../2026 | AA3: ...../...../2026 | AB3: ...../...../2026 | AC3: ...../...../2026 | AD3: ...../...../2026 | AE3: ...../...../2026 | AF3: ...../...../2026 | AG3: ...../...../2026
A4: 1 | B4: 1 | C4: APAG PRODUTOS E SERVIÇOS LTDA 02.591.012/0001-63 | D4: Bateria para centrais de alarme de incêndio endereçável 12V/1,3AH. Fornecimento e instalação. | E4: UNIPOWER | F4: PEÇA | G4: 30.28 | H4: 100.45 | J4: =IF(SUM(S4:AG4)>I4+L4,I4+L4,SUM(S4:AG4)) -> 0 | K4: =(SUM(S4:AG4)) -> 0 | M4: =ROUND(IF(I4*0.25-0.5<0,0,I4*0.25-0.5),0)-P4-N4 -> 0 | Q4: =I4-(SUM(S4:AG4))+L4 -> 0 | R4: =IF(Q4<0,"ATENÇÃO","OK") -> OK
B5: 2 | D5: Central de alarme de incêndio endereçável 125 endereços IP20 24V com bateria. Fornecimento e instalação. | E5: INTELBRAS | F5: PEÇA | G5: 30.28 | H5: 1705.39 | J5: =IF(SUM(S5:AG5)>I5+L5,I5+L5,SUM(S5:AG5)) -> 0 | K5: =(SUM(S5:AG5)) -> 0 | M5: =ROUND(IF(I5*0.25-0.5<0,0,I5*0.25-0.5),0)-P5-N5 -> 0 | Q5: =I5-(SUM(S5:AG5))+L5 -> 0 | R5: =IF(Q5<0,"ATENÇÃO","OK") -> OK
B6: 3 | D6: Detector óptico de fumaça endereçável compact. Fornecimento e instalação. | E6: INTELBRAS | F6: PEÇA | G6: 30.28 | H6: 136.27 | J6: =IF(SUM(S6:AG6)>I6+L6,I6+L6,SUM(S6:AG6)) -> 0 | K6: =(SUM(S6:AG6)) -> 0 | M6: =ROUND(IF(I6*0.25-0.5<0,0,I6*0.25-0.5),0)-P6-N6 -> 0 | Q6: =I6-(SUM(S6:AG6))+L6 -> 0 | R6: =IF(Q6<0,"ATENÇÃO","OK") -> OK
B7: 4 | D7: Detector óptico de fumaça endereçável 24V. Fornecimento e instalação. | E7: INTELBRAS | F7: PEÇA | G7: 30.28 | H7: 154.18 | J7: =IF(SUM(S7:AG7)>I7+L7,I7+L7,SUM(S7:AG7)) -> 0 | K7: =(SUM(S7:AG7)) -> 0 | M7: =ROUND(IF(I7*0.25-0.5<0,0,I7*0.25-0.5),0)-P7-N7 -> 0 | Q7: =I7-(SUM(S7:AG7))+L7 -> 0 | R7: =IF(Q7<0,"ATENÇÃO","OK") -> OK
B8: 5 | D8: Detector termovelocimétrico 24VCC endereçável com módulo (T). Fornecimento e instalação. | E8: INTELBRAS | F8: PEÇA | G8: 30.28 | H8: 159.63 | J8: =IF(SUM(S8:AG8)>I8+L8,I8+L8,SUM(S8:AG8)) -> 0 | K8: =(SUM(S8:AG8)) -> 0 | M8: =ROUND(IF(I8*0.25-0.5<0,0,I8*0.25-0.5),0)-P8-N8 -> 0 | Q8: =I8-(SUM(S8:AG8))+L8 -> 0 | R8: =IF(Q8<0,"ATENÇÃO","OK") -> OK
B9: 6 | D9: Fonte auxiliar IP20 24V endereçável. Fornecimento e instalação. | E9: INTELBRAS | F9: PEÇA | G9: 30.28 | H9: 692.28 | J9: =IF(SUM(S9:AG9)>I9+L9,I9+L9,SUM(S9:AG9)) -> 0 | K9: =(SUM(S9:AG9)) -> 0 | M9: =ROUND(IF(I9*0.25-0.5<0,0,I9*0.25-0.5),0)-P9-N9 -> 0 | Q9: =I9-(SUM(S9:AG9))+L9 -> 0 | R9: =IF(Q9<0,"ATENÇÃO","OK") -> OK
B10: 7 | D10: Fonte de alimentação IP20 24V endereçável. Fornecimento e instalação. | E10: INTELBRAS | F10: PEÇA | G10: 30.28 | H10: 700.84 | J10: =IF(SUM(S10:AG10)>I10+L10,I10+L10,SUM(S10:AG10)) -> 0 | K10: =(SUM(S10:AG10)) -> 0 | M10: =ROUND(IF(I10*0.25-0.5<0,0,I10*0.25-0.5),0)-P10-N10 -> 0 | Q10: =I10-(SUM(S10:AG10))+L10 -> 0 | R10: =IF(Q10<0,"ATENÇÃO","OK") -> OK
B11: 8 | D11: Caixa de alumínio para extintor PQS 6 kg. Fornecimento e instalação. | E11: APAG | F11: PEÇA | G11: 30.28 | H11: 193.12 | J11: =IF(SUM(S11:AG11)>I11+L11,I11+L11,SUM(S11:AG11)) -> 0 | K11: =(SUM(S11:AG11)) -> 0 | M11: =ROUND(IF(I11*0.25-0.5<0,0,I11*0.25-0.5),0)-P11-N11 -> 0 | Q11: =I11-(SUM(S11:AG11))+L11 -> 0 | R11: =IF(Q11<0,"ATENÇÃO","OK") -> OK
B12: 9 | D12: Carga em extintor CO2 04 kg. Fornecimento e instalação. | E12: APAG | F12: PEÇA | G12: 30.04 | H12: 61.51 | J12: =IF(SUM(S12:AG12)>I12+L12,I12+L12,SUM(S12:AG12)) -> 0 | K12: =(SUM(S12:AG12)) -> 0 | M12: =ROUND(IF(I12*0.25-0.5<0,0,I12*0.25-0.5),0)-P12-N12 -> 0 | Q12: =I12-(SUM(S12:AG12))+L12 -> 0 | R12: =IF(Q12<0,"ATENÇÃO","OK") -> OK
B13: 10 | D13: Carga em extintor CO2 06 kg. Fornecimento e instalação. | E13: APAG | F13: PEÇA | G13: 30.04 | H13: 93.44 | I13: 25 | J13: =IF(SUM(S13:AG13)>I13+L13,I13+L13,SUM(S13:AG13)) -> 0 | K13: =(SUM(S13:AG13)) -> 0 | M13: =ROUND(IF(I13*0.25-0.5<0,0,I13*0.25-0.5),0)-P13-N13 -> 6 | Q13: =I13-(SUM(S13:AG13))+L13 -> 25 | R13: =IF(Q13<0,"ATENÇÃO","OK") -> OK
B14: 11 | D14: Carga em extintor pó químico 04 kg ABC. Fornecimento e instalação. | E14: APAG | F14: PEÇA | G14: 30.04 | H14: 45.16 | I14: 25 | J14: =IF(SUM(S14:AG14)>I14+L14,I14+L14,SUM(S14:AG14)) -> 0 | K14: =(SUM(S14:AG14)) -> 0 | M14: =ROUND(IF(I14*0.25-0.5<0,0,I14*0.25-0.5),0)-P14-N14 -> 6 | Q14: =I14-(SUM(S14:AG14))+L14 -> 25 | R14: =IF(Q14<0,"ATENÇÃO","OK") -> OK
B15: 12 | D15: Carga em extintor pó químico 04 kg BC. Fornecimento e instalação. | E15: APAG | F15: PEÇA | G15: 30.04 | H15: 42.82 | J15: =IF(SUM(S15:AG15)>I15+L15,I15+L15,SUM(S15:AG15)) -> 0 | K15: =(SUM(S15:AG15)) -> 0 | M15: =ROUND(IF(I15*0.25-0.5<0,0,I15*0.25-0.5),0)-P15-N15 -> 0 | Q15: =I15-(SUM(S15:AG15))+L15 -> 0 | R15: =IF(Q15<0,"ATENÇÃO","OK") -> OK
B16: 13 | D16: Carga em extintor pó químico 06 kg BC. Fornecimento e instalação. | E16: APAG | F16: PEÇA | G16: 30.04 | H16: 53.73 | I16: 10 | J16: =IF(SUM(S16:AG16)>I16+L16,I16+L16,SUM(S16:AG16)) -> 0 | K16: =(SUM(S16:AG16)) -> 0 | M16: =ROUND(IF(I16*0.25-0.5<0,0,I16*0.25-0.5),0)-P16-N16 -> 2 | Q16: =I16-(SUM(S16:AG16))+L16 -> 10 | R16: =IF(Q16<0,"ATENÇÃO","OK") -> OK
B17: 14 | D17: Carga em extintor água 10 L . Fornecimento e instalação. | E17: APAG | F17: PEÇA | G17: 30.04 | H17: 28.81 | J17: =IF(SUM(S17:AG17)>I17+L17,I17+L17,SUM(S17:AG17)) -> 0 | K17: =(SUM(S17:AG17)) -> 0 | M17: =ROUND(IF(I17*0.25-0.5<0,0,I17*0.25-0.5),0)-P17-N17 -> 0 | Q17: =I17-(SUM(S17:AG17))+L17 -> 0 | R17: =IF(Q17<0,"ATENÇÃO","OK") -> OK
B18: 15 | D18: Extintor PQS 4KG ABC . Fornecimento e instalação. | E18: EXTANG | F18: PEÇA | G18: 30.28 | H18: 136.27 | J18: =IF(SUM(S18:AG18)>I18+L18,I18+L18,SUM(S18:AG18)) -> 0 | K18: =(SUM(S18:AG18)) -> 0 | M18: =ROUND(IF(I18*0.25-0.5<0,0,I18*0.25-0.5),0)-P18-N18 -> 0 | Q18: =I18-(SUM(S18:AG18))+L18 -> 0 | R18: =IF(Q18<0,"ATENÇÃO","OK") -> OK
B19: 16 | D19: Suporte de chão reforçado modelo tripé P4/P6. Fornecimento e instalação. | E19: APAG | F19: PEÇA | G19: 30.28 | H19: 35.04 | I19: 15 | J19: =IF(SUM(S19:AG19)>I19+L19,I19+L19,SUM(S19:AG19)) -> 0 | K19: =(SUM(S19:AG19)) -> 0 | M19: =ROUND(IF(I19*0.25-0.5<0,0,I19*0.25-0.5),0)-P19-N19 -> 3 | Q19: =I19-(SUM(S19:AG19))+L19 -> 15 | R19: =IF(Q19<0,"ATENÇÃO","OK") -> OK
B20: 17 | D20: Suporte de chão reforçado modelo tripé P8/P12/AP/CO2. Fornecimento e instalação. | E20: APAG | F20: PEÇA | G20: 30.28 | H20: 36.59 | I20: 15 | J20: =IF(SUM(S20:AG20)>I20+L20,I20+L20,SUM(S20:AG20)) -> 0 | K20: =(SUM(S20:AG20)) -> 0 | M20: =ROUND(IF(I20*0.25-0.5<0,0,I20*0.25-0.5),0)-P20-N20 -> 3 | Q20: =I20-(SUM(S20:AG20))+L20 -> 15 | R20: =IF(Q20<0,"ATENÇÃO","OK") -> OK
B21: 18 | D21: Suporte de parede para extintor. Fornecimento e instalação. | E21: APAG | F21: PEÇA | G21: 30.28 | H21: 15.57 | J21: =IF(SUM(S21:AG21)>I21+L21,I21+L21,SUM(S21:AG21)) -> 0 | K21: =(SUM(S21:AG21)) -> 0 | M21: =ROUND(IF(I21*0.25-0.5<0,0,I21*0.25-0.5),0)-P21-N21 -> 0 | Q21: =I21-(SUM(S21:AG21))+L21 -> 0 | R21: =IF(Q21<0,"ATENÇÃO","OK") -> OK
B22: 19 | D22: Mangueira de incêndio predial tipo 2 - 1.1/2 pol. x 15m. Fornecimento e instalação. | E22: SEGURIMAX | F22: PEÇA | G22: 30.28 | H22: 325.5 | J22: =IF(SUM(S22:AG22)>I22+L22,I22+L22,SUM(S22:AG22)) -> 0 | K22: =(SUM(S22:AG22)) -> 0 | M22: =ROUND(IF(I22*0.25-0.5<0,0,I22*0.25-0.5),0)-P22-N22 -> 0 | Q22: =I22-(SUM(S22:AG22))+L22 -> 0 | R22: =IF(Q22<0,"ATENÇÃO","OK") -> OK
B23: 20 | D23: Mangueira extintor CO2 4/6 kg. Fornecimento e instalação. | E23: SEGURIMAX | F23: PEÇA | G23: 30.28 | H23: 49.05 | J23: =IF(SUM(S23:AG23)>I23+L23,I23+L23,SUM(S23:AG23)) -> 0 | K23: =(SUM(S23:AG23)) -> 0 | M23: =ROUND(IF(I23*0.25-0.5<0,0,I23*0.25-0.5),0)-P23-N23 -> 0 | Q23: =I23-(SUM(S23:AG23))+L23 -> 0 | R23: =IF(Q23<0,"ATENÇÃO","OK") -> OK
B24: 21 | D24: Mangueira extintor pó químico 4/6 kg. Fornecimento e instalação. | E24: MARAGNA | F24: PEÇA | G24: 30.28 | H24: 21.8 | J24: =IF(SUM(S24:AG24)>I24+L24,I24+L24,SUM(S24:AG24)) -> 0 | K24: =(SUM(S24:AG24)) -> 0 | M24: =ROUND(IF(I24*0.25-0.5<0,0,I24*0.25-0.5),0)-P24-N24 -> 0 | Q24: =I24-(SUM(S24:AG24))+L24 -> 0 | R24: =IF(Q24<0,"ATENÇÃO","OK") -> OK
B25: 22 | D25: Difusor extintor CO2 4/6 kg. Fornecimento e instalação. | E25: MARAGNA | F25: PEÇA | G25: 30.28 | H25: 9.34 | J25: =IF(SUM(S25:AG25)>I25+L25,I25+L25,SUM(S25:AG25)) -> 0 | K25: =(SUM(S25:AG25)) -> 0 | M25: =ROUND(IF(I25*0.25-0.5<0,0,I25*0.25-0.5),0)-P25-N25 -> 0 | Q25: =I25-(SUM(S25:AG25))+L25 -> 0 | R25: =IF(Q25<0,"ATENÇÃO","OK") -> OK
B26: 23 | D26: Manômetro extintor pó químico. Fornecimento e instalação. | E26: MERCOSUL | F26: PEÇA | G26: 30.28 | H26: 4.67 | J26: =IF(SUM(S26:AG26)>I26+L26,I26+L26,SUM(S26:AG26)) -> 0 | K26: =(SUM(S26:AG26)) -> 0 | M26: =ROUND(IF(I26*0.25-0.5<0,0,I26*0.25-0.5),0)-P26-N26 -> 0 | Q26: =I26-(SUM(S26:AG26))+L26 -> 0 | R26: =IF(Q26<0,"ATENÇÃO","OK") -> OK
B27: 24 | D27: Válvula extintor CO2 4/6 kg. Fornecimento e instalação. | E27: MERCOSUL | F27: PEÇA | G27: 30.28 | H27: 77.87 | J27: =IF(SUM(S27:AG27)>I27+L27,I27+L27,SUM(S27:AG27)) -> 0 | K27: =(SUM(S27:AG27)) -> 0 | M27: =ROUND(IF(I27*0.25-0.5<0,0,I27*0.25-0.5),0)-P27-N27 -> 0 | Q27: =I27-(SUM(S27:AG27))+L27 -> 0 | R27: =IF(Q27<0,"ATENÇÃO","OK") -> OK
B28: 25 | D28: Válvula extintor pó químico 4/6 kg. Fornecimento e instalação. | E28: MERCOSUL | F28: PEÇA | G28: 30.28 | H28: 32.7 | J28: =IF(SUM(S28:AG28)>I28+L28,I28+L28,SUM(S28:AG28)) -> 0 | K28: =(SUM(S28:AG28)) -> 0 | M28: =ROUND(IF(I28*0.25-0.5<0,0,I28*0.25-0.5),0)-P28-N28 -> 0 | Q28: =I28-(SUM(S28:AG28))+L28 -> 0 | R28: =IF(Q28<0,"ATENÇÃO","OK") -> OK
B29: 26 | D29: Bloco de iluminação de emergência autônoma LED 2 faróis 3000 lúmens. Fornecimento e instalação. | E29: SEGURIMAX | F29: PEÇA | G29: 30.26 | H29: 203.24 | J29: =IF(SUM(S29:AG29)>I29+L29,I29+L29,SUM(S29:AG29)) -> 0 | K29: =(SUM(S29:AG29)) -> 0 | M29: =ROUND(IF(I29*0.25-0.5<0,0,I29*0.25-0.5),0)-P29-N29 -> 0 | Q29: =I29-(SUM(S29:AG29))+L29 -> 0 | R29: =IF(Q29<0,"ATENÇÃO","OK") -> OK
B30: 27 | D30: Bloco de iluminação de emergência autônoma LED 2 faróis 1200 lúmens. Fornecimento e instalação. | E30: LUXPRYME | F30: PEÇA | G30: 30.26 | H30: 207.13 | J30: =IF(SUM(S30:AG30)>I30+L30,I30+L30,SUM(S30:AG30)) -> 0 | K30: =(SUM(S30:AG30)) -> 0 | M30: =ROUND(IF(I30*0.25-0.5<0,0,I30*0.25-0.5),0)-P30-N30 -> 0 | Q30: =I30-(SUM(S30:AG30))+L30 -> 0 | R30: =IF(Q30<0,"ATENÇÃO","OK") -> OK
B31: 28 | D31: Bloco de iluminação de emergência coletiva LED 2 faróis 1200 lúmens. Fornecimento e instalação. | E31: LUXPRYME | F31: PEÇA | G31: 30.26 | H31: 70.08 | J31: =IF(SUM(S31:AG31)>I31+L31,I31+L31,SUM(S31:AG31)) -> 0 | K31: =(SUM(S31:AG31)) -> 0 | M31: =ROUND(IF(I31*0.25-0.5<0,0,I31*0.25-0.5),0)-P31-N31 -> 0 | Q31: =I31-(SUM(S31:AG31))+L31 -> 0 | R31: =IF(Q31<0,"ATENÇÃO","OK") -> OK
B32: 29 | D32: Central de iluminação de emergência 24V sem bateria. Fornecimento e instalação. | E32: LUXPRYME | F32: PEÇA | G32: 30.26 | H32: 1479.56 | J32: =IF(SUM(S60:AG60)>I32+L32,I32+L32,SUM(S60:AG60)) -> 0 | K32: =(SUM(S60:AG60)) -> 0 | M32: =ROUND(IF(I32*0.25-0.5<0,0,I32*0.25-0.5),0)-P32-N32 -> 0 | Q32: =I32-(SUM(S60:AG60))+L32 -> 0 | R32: =IF(Q32<0,"ATENÇÃO","OK") -> OK
B33: 30 | D33: Luminária de emergência autônoma 30 LED super Slim. Fornecimento e instalação. | E33: SEGURIMAX | F33: PEÇA | G33: 30.26 | H33: 18.68 | I33: 40 | J33: =IF(SUM(S33:AG33)>I33+L33,I33+L33,SUM(S33:AG33)) -> 0 | K33: =(SUM(S33:AG33)) -> 0 | M33: =ROUND(IF(I33*0.25-0.5<0,0,I33*0.25-0.5),0)-P33-N33 -> 10 | Q33: =I33-(SUM(S33:AG33))+L33 -> 40 | R33: =IF(Q33<0,"ATENÇÃO","OK") -> OK
B34: 31 | D34: Placa fotoluminescente em caso de incêndio não use o elevador de PVC 24 x 12cm. Fornecimento e instalação. | E34: SCALA | F34: PEÇA | G34: 30.44 | H34: 7.24 | J34: =IF(SUM(S34:AG34)>I34+L34,I34+L34,SUM(S34:AG34)) -> 0 | K34: =(SUM(S34:AG34)) -> 0 | M34: =ROUND(IF(I34*0.25-0.5<0,0,I34*0.25-0.5),0)-P34-N34 -> 0 | Q34: =I34-(SUM(S34:AG34))+L34 -> 0 | R34: =IF(Q34<0,"ATENÇÃO","OK") -> OK
B35: 32 | D35: Placa fotoluminescente rota de fuga pela escada à direita seta para baixo de PVC 30 x 15cm. Fornecimento e instalação. | E35: SCALA | F35: PEÇA | G35: 30.44 | H35: 22.58 | J35: =IF(SUM(S35:AG35)>I35+L35,I35+L35,SUM(S35:AG35)) -> 0 | K35: =(SUM(S35:AG35)) -> 0 | M35: =ROUND(IF(I35*0.25-0.5<0,0,I35*0.25-0.5),0)-P35-N35 -> 0 | Q35: =I35-(SUM(S35:AG35))+L35 -> 0 | R35: =IF(Q35<0,"ATENÇÃO","OK") -> OK
B36: 33 | D36: Placa fotoluminescente rota de fuga pela escada à esquerda seta para baixo de PVC 30 x 15cm. Fornecimento e instalação. | E36: SCALA | F36: PEÇA | G36: 30.44 | H36: 23.36 | J36: =IF(SUM(S36:AG36)>I36+L36,I36+L36,SUM(S36:AG36)) -> 0 | K36: =(SUM(S36:AG36)) -> 0 | M36: =ROUND(IF(I36*0.25-0.5<0,0,I36*0.25-0.5),0)-P36-N36 -> 0 | Q36: =I36-(SUM(S36:AG36))+L36 -> 0 | R36: =IF(Q36<0,"ATENÇÃO","OK") -> OK
B37: 34 | D37: Placa fotoluminescente saída de emergência de PVC 30x15cm. Fornecimento e instalação. | E37: SCALA | F37: PEÇA | G37: 30.44 | H37: 12.22 | J37: =IF(SUM(S37:AG37)>I37+L37,I37+L37,SUM(S37:AG37)) -> 0 | K37: =(SUM(S37:AG37)) -> 0 | M37: =ROUND(IF(I37*0.25-0.5<0,0,I37*0.25-0.5),0)-P37-N37 -> 0 | Q37: =I37-(SUM(S37:AG37))+L37 -> 0 | R37: =IF(Q37<0,"ATENÇÃO","OK") -> OK
B38: 35 | D38: Placa fotoluminescente saída duas faces de PVC 24 x 12cm. Fornecimento e instalação. | E38: SCALA | F38: PEÇA | G38: 30.44 | H38: 16.82 | J38: =IF(SUM(S38:AG38)>I38+L38,I38+L38,SUM(S38:AG38)) -> 0 | K38: =(SUM(S38:AG38)) -> 0 | M38: =ROUND(IF(I38*0.25-0.5<0,0,I38*0.25-0.5),0)-P38-N38 -> 0 | Q38: =I38-(SUM(S38:AG38))+L38 -> 0 | R38: =IF(Q38<0,"ATENÇÃO","OK") -> OK
B39: 36 | D39: Placa fotoluminescente saída seta para direita de PVC 25x16cm. Fornecimento e instalação. | E39: SCALA | F39: PEÇA | G39: 30.44 | H39: 13.82 | J39: =IF(SUM(S39:AG39)>I39+L39,I39+L39,SUM(S39:AG39)) -> 0 | K39: =(SUM(S39:AG39)) -> 0 | M39: =ROUND(IF(I39*0.25-0.5<0,0,I39*0.25-0.5),0)-P39-N39 -> 0 | Q39: =I39-(SUM(S39:AG39))+L39 -> 0 | R39: =IF(Q39<0,"ATENÇÃO","OK") -> OK
B40: 37 | D40: Placa fotoluminescente saída seta para esquerda de PVC 25x16cm. Fornecimento e instalação. | E40: SCALA | F40: PEÇA | G40: 30.44 | H40: 11.68 | J40: =IF(SUM(S40:AG40)>I40+L40,I40+L40,SUM(S40:AG40)) -> 0 | K40: =(SUM(S40:AG40)) -> 0 | M40: =ROUND(IF(I40*0.25-0.5<0,0,I40*0.25-0.5),0)-P40-N40 -> 0 | Q40: =I40-(SUM(S40:AG40))+L40 -> 0 | R40: =IF(Q40<0,"ATENÇÃO","OK") -> OK
B41: 38 | D41: Placa fotoluminescente alarme de incêndio de PVC 20x30cm. Fornecimento e instalação. | E41: SCALA | F41: PEÇA | G41: 30.44 | H41: 14.01 | J41: =IF(SUM(S41:AG41)>I41+L41,I41+L41,SUM(S41:AG41)) -> 0 | K41: =(SUM(S41:AG41)) -> 0 | M41: =ROUND(IF(I41*0.25-0.5<0,0,I41*0.25-0.5),0)-P41-N41 -> 0 | Q41: =I41-(SUM(S41:AG41))+L41 -> 0 | R41: =IF(Q41<0,"ATENÇÃO","OK") -> OK
B42: 39 | D42: Placa fotoluminescente central de alarme de detecção de PVC 24 x 12cm. Fornecimento e instalação. | E42: SCALA | F42: PEÇA | G42: 30.44 | H42: 16.08 | J42: =IF(SUM(S42:AG42)>I42+L42,I42+L42,SUM(S42:AG42)) -> 0 | K42: =(SUM(S42:AG42)) -> 0 | M42: =ROUND(IF(I42*0.25-0.5<0,0,I42*0.25-0.5),0)-P42-N42 -> 0 | Q42: =I42-(SUM(S42:AG42))+L42 -> 0 | R42: =IF(Q42<0,"ATENÇÃO","OK") -> OK
B43: 40 | D43: Placa fotoluminescente extintor CO² de PVC 30 x 30cm. Fornecimento e instalação. | E43: SCALA | F43: PEÇA | G43: 30.44 | H43: 31.14 | I43: 10 | J43: =IF(SUM(S43:AG43)>I43+L43,I43+L43,SUM(S43:AG43)) -> 0 | K43: =(SUM(S43:AG43)) -> 0 | M43: =ROUND(IF(I43*0.25-0.5<0,0,I43*0.25-0.5),0)-P43-N43 -> 2 | Q43: =I43-(SUM(S43:AG43))+L43 -> 10 | R43: =IF(Q43<0,"ATENÇÃO","OK") -> OK
B44: 41 | D44: Placa fotoluminescente extintor de PVC 20x20cm. Fornecimento e instalação. | E44: SCALA | F44: PEÇA | G44: 30.44 | H44: 16.58 | I44: 30 | J44: =IF(SUM(S44:AG44)>I44+L44,I44+L44,SUM(S44:AG44)) -> 0 | K44: =(SUM(S44:AG44)) -> 0 | M44: =ROUND(IF(I44*0.25-0.5<0,0,I44*0.25-0.5),0)-P44-N44 -> 7 | Q44: =I44-(SUM(S44:AG44))+L44 -> 30 | R44: =IF(Q44<0,"ATENÇÃO","OK") -> OK
B45: 42 | D45: Placa de sinalização saída de emergência LED autônoma 24x18cm - uma face. Fornecimento e instalação. | E45: LUXPRYME | F45: PEÇA | G45: 30.44 | H45: 61.9 | J45: =IF(SUM(S45:AG45)>I45+L45,I45+L45,SUM(S45:AG45)) -> 0 | K45: =(SUM(S45:AG45)) -> 0 | M45: =ROUND(IF(I45*0.25-0.5<0,0,I45*0.25-0.5),0)-P45-N45 -> 0 | Q45: =I45-(SUM(S45:AG45))+L45 -> 0 | R45: =IF(Q45<0,"ATENÇÃO","OK") -> OK
B46: 43 | D46: Placa extintor com seta de PVC 13 x 20cm. Fornecimento e instalação. | E46: SCALA | F46: PEÇA | G46: 30.44 | H46: 12.84 | J46: =IF(SUM(S46:AG46)>I46+L46,I46+L46,SUM(S46:AG46)) -> 0 | K46: =(SUM(S46:AG46)) -> 0 | M46: =ROUND(IF(I46*0.25-0.5<0,0,I46*0.25-0.5),0)-P46-N46 -> 0 | Q46: =I46-(SUM(S46:AG46))+L46 -> 0 | R46: =IF(Q46<0,"ATENÇÃO","OK") -> OK
B47: 44 | D47: Serviço de teste do sistema de alarme - Preço por bloco. Emissão de laudo e documento de responsabilidade técnica. | E47: APAG | F47: SERVIÇO | G47: 39.17 | H47: 1164.18 | I47: 2 | J47: =IF(SUM(S47:AG47)>I47+L47,I47+L47,SUM(S47:AG47)) -> 0 | K47: =(SUM(S47:AG47)) -> 0 | M47: =ROUND(IF(I47*0.25-0.5<0,0,I47*0.25-0.5),0)-P47-N47 -> 0 | Q47: =I47-(SUM(S47:AG47))+L47 -> 2 | R47: =IF(Q47<0,"ATENÇÃO","OK") -> OK
B48: 45 | D48: Serviço de teste do sistema de balizamento de saída - Preço por bloco. Emissão de laudo e documento de responsabilidade técnica. | E48: APAG | F48: SERVIÇO | G48: 39.17 | H48: 1456.2 | I48: 2 | J48: =IF(SUM(S48:AG48)>I48+L48,I48+L48,SUM(S48:AG48)) -> 0 | K48: =(SUM(S48:AG48)) -> 0 | M48: =ROUND(IF(I48*0.25-0.5<0,0,I48*0.25-0.5),0)-P48-N48 -> 0 | Q48: =I48-(SUM(S48:AG48))+L48 -> 2 | R48: =IF(Q48<0,"ATENÇÃO","OK") -> OK
B49: 46 | D49: Serviço de teste do sistema hidráulico preventivo de incêndio - Preço por bloco. Emissão de laudo e documento de responsabilidade técnica. | E49: APAG | F49: SERVIÇO | G49: 39.17 | H49: 1146.27 | J49: =IF(SUM(S49:AG49)>I49+L49,I49+L49,SUM(S49:AG49)) -> 0 | K49: =(SUM(S49:AG49)) -> 0 | M49: =ROUND(IF(I49*0.25-0.5<0,0,I49*0.25-0.5),0)-P49-N49 -> 0 | Q49: =I49-(SUM(S49:AG49))+L49 -> 0 | R49: =IF(Q49<0,"ATENÇÃO","OK") -> OK
B50: 47 | D50: Serviço de teste hidrostático em mangueira de incêndio. Emissão de laudo e documento de responsabilidade técnica. | E50: APAG | F50: SERVIÇO | G50: 39.17 | H50: 20.09 | I50: 16 | J50: =IF(SUM(S50:AG50)>I50+L50,I50+L50,SUM(S50:AG50)) -> 0 | K50: =(SUM(S50:AG50)) -> 0 | M50: =ROUND(IF(I50*0.25-0.5<0,0,I50*0.25-0.5),0)-P50-N50 -> 4 | Q50: =I50-(SUM(S50:AG50))+L50 -> 16 | R50: =IF(Q50<0,"ATENÇÃO","OK") -> OK
B51: 48 | D51: Serviço de teste de estanqueidade da rede de gás GLP - Restaurante Universitário/Laboratório. Emissão de laudo e documento de responsabilidade técnica. | E51: APAG | F51: SERVIÇO | G51: 39.17 | H51: 1375.99 | J51: =IF(SUM(S51:AG51)>I51+L51,I51+L51,SUM(S51:AG51)) -> 0 | K51: =(SUM(S51:AG51)) -> 0 | M51: =ROUND(IF(I51*0.25-0.5<0,0,I51*0.25-0.5),0)-P51-N51 -> 0 | Q51: =I51-(SUM(S51:AG51))+L51 -> 0 | R51: =IF(Q51<0,"ATENÇÃO","OK") -> OK
B52: 49 | D52: Serviço de teste do sistema de proteção contra descargas atmosféricas - Preço por bloco. Emissão de laudo e documento de responsabilidade técnica. | E52: APAG | F52: SERVIÇO | G52: 39.17 | H52: 599.61 | J52: =IF(SUM(S52:AG52)>I52+L52,I52+L52,SUM(S52:AG52)) -> 0 | K52: =(SUM(S52:AG52)) -> 0 | M52: =ROUND(IF(I52*0.25-0.5<0,0,I52*0.25-0.5),0)-P52-N52 -> 0 | Q52: =I52-(SUM(S52:AG52))+L52 -> 0 | R52: =IF(Q52<0,"ATENÇÃO","OK") -> OK
B53: 50 | D53: Serviço de manutenção nível III (reteste) extintor CO2 04 Kg. | E53: APAG | F53: SERVIÇO | G53: 39.17 | H53: 66.18 | J53: =IF(SUM(S53:AG53)>I53+L53,I53+L53,SUM(S53:AG53)) -> 0 | K53: =(SUM(S53:AG53)) -> 0 | M53: =ROUND(IF(I53*0.25-0.5<0,0,I53*0.25-0.5),0)-P53-N53 -> 0 | Q53: =I53-(SUM(S53:AG53))+L53 -> 0 | R53: =IF(Q53<0,"ATENÇÃO","OK") -> OK
B54: 51 | D54: Serviço de manutenção nível III (reteste) extintor CO2 06 Kg. | E54: APAG | F54: SERVIÇO | G54: 39.17 | H54: 56.06 | J54: =IF(SUM(S54:AG54)>I54+L54,I54+L54,SUM(S54:AG54)) -> 0 | K54: =(SUM(S54:AG54)) -> 0 | M54: =ROUND(IF(I54*0.25-0.5<0,0,I54*0.25-0.5),0)-P54-N54 -> 0 | Q54: =I54-(SUM(S54:AG54))+L54 -> 0 | R54: =IF(Q54<0,"ATENÇÃO","OK") -> OK
B55: 52 | D55: Serviço de manutenção nível III (reteste) extintor pó químico 4 Kg ABC | E55: APAG | F55: SERVIÇO | G55: 39.17 | H55: 10.87 | J55: =IF(SUM(S55:AG55)>I55+L55,I55+L55,SUM(S55:AG55)) -> 0 | K55: =(SUM(S55:AG55)) -> 0 | M55: =ROUND(IF(I55*0.25-0.5<0,0,I55*0.25-0.5),0)-P55-N55 -> 0 | Q55: =I55-(SUM(S55:AG55))+L55 -> 0 | R55: =IF(Q55<0,"ATENÇÃO","OK") -> OK
B56: 53 | D56: Serviço de manutenção nível III (reteste) extintor pó químico 4 Kg BC | E56: APAG | F56: SERVIÇO | G56: 39.17 | H56: 11.6 | J56: =IF(SUM(S56:AG56)>I56+L56,I56+L56,SUM(S56:AG56)) -> 0 | K56: =(SUM(S56:AG56)) -> 0 | M56: =ROUND(IF(I56*0.25-0.5<0,0,I56*0.25-0.5),0)-P56-N56 -> 0 | Q56: =I56-(SUM(S56:AG56))+L56 -> 0 | R56: =IF(Q56<0,"ATENÇÃO","OK") -> OK
B57: 54 | D57: Serviço de manutenção nível III (reteste) extintor pó químico 6 Kg BC | E57: APAG | F57: SERVIÇO | G57: 39.17 | H57: 10.86 | J57: =IF(SUM(S57:AG57)>I57+L57,I57+L57,SUM(S57:AG57)) -> 0 | K57: =(SUM(S57:AG57)) -> 0 | M57: =ROUND(IF(I57*0.25-0.5<0,0,I57*0.25-0.5),0)-P57-N57 -> 0 | Q57: =I57-(SUM(S57:AG57))+L57 -> 0 | R57: =IF(Q57<0,"ATENÇÃO","OK") -> OK
B58: 55 | D58: Serviço de manutenção nível III (reteste) extintor água 10 L. | E58: APAG | F58: SERVIÇO | G58: 39.17 | H58: 8.56 | J58: =IF(SUM(S58:AG58)>I58+L58,I58+L58,SUM(S58:AG58)) -> 0 | K58: =(SUM(S58:AG58)) -> 0 | M58: =ROUND(IF(I58*0.25-0.5<0,0,I58*0.25-0.5),0)-P58-N58 -> 0 | Q58: =I58-(SUM(S58:AG58))+L58 -> 0 | R58: =IF(Q58<0,"ATENÇÃO","OK") -> OK
B59: 56 | D59: Serviço de manutenção nível III (reteste) extintor espuma mecânica 10 L | E59: APAG | F59: SERVIÇO | G59: 39.17 | H59: 63.79 | J59: =IF(SUM(S59:AG59)>I59+L59,I59+L59,SUM(S59:AG59)) -> 0 | K59: =(SUM(S59:AG59)) -> 0 | M59: =ROUND(IF(I59*0.25-0.5<0,0,I59*0.25-0.5),0)-P59-N59 -> 0 | Q59: =I59-(SUM(S59:AG59))+L59 -> 0 | R59: =IF(Q59<0,"ATENÇÃO","OK") -> OK
I60: =SUM(I4:I59) -> 190 | J60: =SUM(J4:J59) -> 0 | K60: =SUM(K4:K59) -> 0 | L60: =SUM(L4:L59) -> 0 | M60: =SUM(M4:M59) -> 43 | N60: =SUM(N4:N59) -> 0 | O60: =SUM(O4:O59) -> 0 | P60: =SUM(P4:P59) -> 0 | Q60: =SUM(Q4:Q59) -> 190 | S60: =SUMPRODUCT($H$4:$H$59,S4:S59) -> 0 | T60: =SUMPRODUCT($H$4:$H$59,T4:T59) -> 0 | U60: =SUMPRODUCT($H$4:$H$59,U4:U59) -> 0 | V60: =SUMPRODUCT($H$4:$H$59,V4:V59) -> 0 | W60: =SUMPRODUCT($H$4:$H$59,W4:W59) -> 0 | X60: =SUMPRODUCT($H$4:$H$59,X4:X59) -> 0 | Y60: =SUMPRODUCT($H$4:$H$59,Y4:Y59) -> 0 | Z60: =SUMPRODUCT($H$4:$H$59,Z4:Z59) -> 0 | ... AG60: =SUMPRODUCT($H$4:$H$59,AG4:AG59) -> 0
I61: =SUMPRODUCT($H$4:$H$59,I4:I59) -> 12194.95 | J61: =SUMPRODUCT($H$4:$H$59,J4:J59) -> 0 | K61: =SUMPRODUCT($H$4:$H$59,K4:K59) -> 0 | L61: =SUMPRODUCT($H$4:$H$59,L4:L59) -> 0 | M61: =SUMPRODUCT($H$4:$H$59,M4:M59) -> 1599.45 | N61: =SUMPRODUCT($H$4:$H$59,N4:N59) -> 0 | O61: =SUMPRODUCT($H$4:$H$59,O4:O59) -> 0 | P61: =SUMPRODUCT($H$4:$H$59,P4:P59) -> 0

Sheet CEART
A1: SRP PE 1070/2026 SGPE 15960/2026 | D1: OBJETO: CONTRATAÇÃO DE EMPRESA PARA MANUTENÇÃO DE EXTINTORES E AQUISIÇÃO DE MATERIAIS E EQUIPAMENTOS DE SEGURANÇA E COMBATE A INCÊNDIO PARA A UDESC | I1: VIGÊNCIA DA ATA: 22/10/2026 A 22/10/2027 | S1: AF nºxxx/2026 Qtde. DT | T1: AF nºxxx/2026 Qtde. DT | U1: AF nºxxx/2026 Qtde. DT | V1: AF nºxxx/2026 Qtde. DT | W1: AF nºxxx/2026 Qtde. DT | X1: AF nºxxx/2026 Qtde. DT | Y1: AF nºxxx/2026 Qtde. DT | Z1: AF nºxxx/2026 Qtde. DT | AA1: AF nºxxx/2026 Qtde. DT | AB1: AF nºxxx/2026 Qtde. DT | AC1: AF nºxxx/2026 Qtde. DT | AD1: AF nºxxx/2026 Qtde. DT | AE1: AF nºxxx/2026 Qtde. DT | AF1: AF nºxxx/2026 Qtde. DT | AG1: AF nºxxx/2026 Qtde. DT
A2: CENTRO PARTICIPANTE: REITORIA
A3: Lote | B3: Item | C3: Empresa | D3: Descrição | E3: Marca | F3: Unidade de Compra | G3: Detalhamento | H3: Preço Unitário | I3: Quantidade Registrada | J3: Qtdade utilizada da ata | K3: Qtdade utilizada total | L3: Qtdade Receb./Cedida | M3: Qtdade disponível para aditivar | N3: Qtdade aditivada própria | O3: Qtdade aditivos recebidos | P3: Qtdade aditivos cedidos | Q3: Saldo / Automático | R3: ALERTA | S3: ...../...../2026 | T3: ...../...../2026 | U3: ...../...../2026 | V3: ...../...../2026 | W3: ...../...../2026 | X3: ...../...../2026 | Y3: ...../...../2026 | Z3: ...../...../2026 | AA3: ...../...../2026 | AB3: ...../...../2026 | AC3: ...../...../2026 | AD3: ...../...../2026 | AE3: ...../...../2026 | AF3: ...../...../2026 | AG3: ...../...../2026
A4: 1 | B4: 1 | C4: APAG PRODUTOS E SERVIÇOS LTDA 02.591.012/0001-63 | D4: Bateria para centrais de alarme de incêndio endereçável 12V/1,3AH. Fornecimento e instalação. | E4: UNIPOWER | F4: PEÇA | G4: 30.28 | H4: 100.45 | J4: =IF(SUM(S4:AG4)>I4+L4,I4+L4,SUM(S4:AG4)) -> 0 | K4: =(SUM(S4:AG4)) -> 0 | M4: =ROUND(IF(I4*0.25-0.5<0,0,I4*0.25-0.5),0)-P4-N4 -> 0 | Q4: =I4-(SUM(S4:AG4))+L4 -> 0 | R4: =IF(Q4<0,"ATENÇÃO","OK") -> OK
B5: 2 | D5: Central de alarme de incêndio endereçável 125 endereços IP20 24V com bateria. Fornecimento e instalação. | E5: INTELBRAS | F5: PEÇA | G5: 30.28 | H5: 1705.39 | J5: =IF(SUM(S5:AG5)>I5+L5,I5+L5,SUM(S5:AG5)) -> 0 | K5: =(SUM(S5:AG5)) -> 0 | M5: =ROUND(IF(I5*0.25-0.5<0,0,I5*0.25-0.5),0)-P5-N5 -> 0 | Q5: =I5-(SUM(S5:AG5))+L5 -> 0 | R5: =IF(Q5<0,"ATENÇÃO","OK") -> OK
B6: 3 | D6: Detector óptico de fumaça endereçável compact. Fornecimento e instalação. | E6: INTELBRAS | F6: PEÇA | G6: 30.28 | H6: 136.27 | J6: =IF(SUM(S6:AG6)>I6+L6,I6+L6,SUM(S6:AG6)) -> 0 | K6: =(SUM(S6:AG6)) -> 0 | M6: =ROUND(IF(I6*0.25-0.5<0,0,I6*0.25-0.5),0)-P6-N6 -> 0 | Q6: =I6-(SUM(S6:AG6))+L6 -> 0 | R6: =IF(Q6<0,"ATENÇÃO","OK") -> OK
B7: 4 | D7: Detector óptico de fumaça endereçável 24V. Fornecimento e instalação. | E7: INTELBRAS | F7: PEÇA | G7: 30.28 | H7: 154.18 | J7: =IF(SUM(S7:AG7)>I7+L7,I7+L7,SUM(S7:AG7)) -> 0 | K7: =(SUM(S7:AG7)) -> 0 | M7: =ROUND(IF(I7*0.25-0.5<0,0,I7*0.25-0.5),0)-P7-N7 -> 0 | Q7: =I7-(SUM(S7:AG7))+L7 -> 0 | R7: =IF(Q7<0,"ATENÇÃO","OK") -> OK
B8: 5 | D8: Detector termovelocimétrico 24VCC endereçável com módulo (T). Fornecimento e instalação. | E8: INTELBRAS | F8: PEÇA | G8: 30.28 | H8: 159.63 | J8: =IF(SUM(S8:AG8)>I8+L8,I8+L8,SUM(S8:AG8)) -> 0 | K8: =(SUM(S8:AG8)) -> 0 | M8: =ROUND(IF(I8*0.25-0.5<0,0,I8*0.25-0.5),0)-P8-N8 -> 0 | Q8: =I8-(SUM(S8:AG8))+L8 -> 0 | R8: =IF(Q8<0,"ATENÇÃO","OK") -> OK
B9: 6 | D9: Fonte auxiliar IP20 24V endereçável. Fornecimento e instalação. | E9: INTELBRAS | F9: PEÇA | G9: 30.28 | H9: 692.28 | J9: =IF(SUM(S9:AG9)>I9+L9,I9+L9,SUM(S9:AG9)) -> 0 | K9: =(SUM(S9:AG9)) -> 0 | M9: =ROUND(IF(I9*0.25-0.5<0,0,I9*0.25-0.5),0)-P9-N9 -> 0 | Q9: =I9-(SUM(S9:AG9))+L9 -> 0 | R9: =IF(Q9<0,"ATENÇÃO","OK") -> OK
B10: 7 | D10: Fonte de alimentação IP20 24V endereçável. Fornecimento e instalação. | E10: INTELBRAS | F10: PEÇA | G10: 30.28 | H10: 700.84 | J10: =IF(SUM(S10:AG10)>I10+L10,I10+L10,SUM(S10:AG10)) -> 0 | K10: =(SUM(S10:AG10)) -> 0 | M10: =ROUND(IF(I10*0.25-0.5<0,0,I10*0.25-0.5),0)-P10-N10 -> 0 | Q10: =I10-(SUM(S10:AG10))+L10 -> 0 | R10: =IF(Q10<0,"ATENÇÃO","OK") -> OK
B11: 8 | D11: Caixa de alumínio para extintor PQS 6 kg. Fornecimento e instalação. | E11: APAG | F11: PEÇA | G11: 30.28 | H11: 193.12 | I11: 10 | J11: =IF(SUM(S11:AG11)>I11+L11,I11+L11,SUM(S11:AG11)) -> 0 | K11: =(SUM(S11:AG11)) -> 0 | M11: =ROUND(IF(I11*0.25-0.5<0,0,I11*0.25-0.5),0)-P11-N11 -> 2 | Q11: =I11-(SUM(S11:AG11))+L11 -> 10 | R11: =IF(Q11<0,"ATENÇÃO","OK") -> OK
B12: 9 | D12: Carga em extintor CO2 04 kg. Fornecimento e instalação. | E12: APAG | F12: PEÇA | G12: 30.04 | H12: 61.51 | J12: =IF(SUM(S12:AG12)>I12+L12,I12+L12,SUM(S12:AG12)) -> 0 | K12: =(SUM(S12:AG12)) -> 0 | M12: =ROUND(IF(I12*0.25-0.5<0,0,I12*0.25-0.5),0)-P12-N12 -> 0 | Q12: =I12-(SUM(S12:AG12))+L12 -> 0 | R12: =IF(Q12<0,"ATENÇÃO","OK") -> OK
B13: 10 | D13: Carga em extintor CO2 06 kg. Fornecimento e instalação. | E13: APAG | F13: PEÇA | G13: 30.04 | H13: 93.44 | I13: 50 | J13: =IF(SUM(S13:AG13)>I13+L13,I13+L13,SUM(S13:AG13)) -> 0 | K13: =(SUM(S13:AG13)) -> 0 | M13: =ROUND(IF(I13*0.25-0.5<0,0,I13*0.25-0.5),0)-P13-N13 -> 12 | Q13: =I13-(SUM(S13:AG13))+L13 -> 50 | R13: =IF(Q13<0,"ATENÇÃO","OK") -> OK
B14: 11 | D14: Carga em extintor pó químico 04 kg ABC. Fornecimento e instalação. | E14: APAG | F14: PEÇA | G14: 30.04 | H14: 45.16 | I14: 40 | J14: =IF(SUM(S14:AG14)>I14+L14,I14+L14,SUM(S14:AG14)) -> 0 | K14: =(SUM(S14:AG14)) -> 0 | M14: =ROUND(IF(I14*0.25-0.5<0,0,I14*0.25-0.5),0)-P14-N14 -> 10 | Q14: =I14-(SUM(S14:AG14))+L14 -> 40 | R14: =IF(Q14<0,"ATENÇÃO","OK") -> OK
B15: 12 | D15: Carga em extintor pó químico 04 kg BC. Fornecimento e instalação. | E15: APAG | F15: PEÇA | G15: 30.04 | H15: 42.82 | J15: =IF(SUM(S15:AG15)>I15+L15,I15+L15,SUM(S15:AG15)) -> 0 | K15: =(SUM(S15:AG15)) -> 0 | M15: =ROUND(IF(I15*0.25-0.5<0,0,I15*0.25-0.5),0)-P15-N15 -> 0 | Q15: =I15-(SUM(S15:AG15))+L15 -> 0 | R15: =IF(Q15<0,"ATENÇÃO","OK") -> OK
B16: 13 | D16: Carga em extintor pó químico 06 kg BC. Fornecimento e instalação. | E16: APAG | F16: PEÇA | G16: 30.04 | H16: 53.73 | I16: 40 | J16: =IF(SUM(S16:AG16)>I16+L16,I16+L16,SUM(S16:AG16)) -> 0 | K16: =(SUM(S16:AG16)) -> 0 | M16: =ROUND(IF(I16*0.25-0.5<0,0,I16*0.25-0.5),0)-P16-N16 -> 10 | Q16: =I16-(SUM(S16:AG16))+L16 -> 40 | R16: =IF(Q16<0,"ATENÇÃO","OK") -> OK
B17: 14 | D17: Carga em extintor água 10 L . Fornecimento e instalação. | E17: APAG | F17: PEÇA | G17: 30.04 | H17: 28.81 | J17: =IF(SUM(S17:AG17)>I17+L17,I17+L17,SUM(S17:AG17)) -> 0 | K17: =(SUM(S17:AG17)) -> 0 | M17: =ROUND(IF(I17*0.25-0.5<0,0,I17*0.25-0.5),0)-P17-N17 -> 0 | Q17: =I17-(SUM(S17:AG17))+L17 -> 0 | R17: =IF(Q17<0,"ATENÇÃO","OK") -> OK
B18: 15 | D18: Extintor PQS 4KG ABC . Fornecimento e instalação. | E18: EXTANG | F18: PEÇA | G18: 30.28 | H18: 136.27 | J18: =IF(SUM(S18:AG18)>I18+L18,I18+L18,SUM(S18:AG18)) -> 0 | K18: =(SUM(S18:AG18)) -> 0 | M18: =ROUND(IF(I18*0.25-0.5<0,0,I18*0.25-0.5),0)-P18-N18 -> 0 | Q18: =I18-(SUM(S18:AG18))+L18 -> 0 | R18: =IF(Q18<0,"ATENÇÃO","OK") -> OK
B19: 16 | D19: Suporte de chão reforçado modelo tripé P4/P6. Fornecimento e instalação. | E19: APAG | F19: PEÇA | G19: 30.28 | H19: 35.04 | I19: 20 | J19: =IF(SUM(S19:AG19)>I19+L19,I19+L19,SUM(S19:AG19)) -> 0 | K19: =(SUM(S19:AG19)) -> 0 | M19: =ROUND(IF(I19*0.25-0.5<0,0,I19*0.25-0.5),0)-P19-N19 -> 5 | Q19: =I19-(SUM(S19:AG19))+L19 -> 20 | R19: =IF(Q19<0,"ATENÇÃO","OK") -> OK
B20: 17 | D20: Suporte de chão reforçado modelo tripé P8/P12/AP/CO2. Fornecimento e instalação. | E20: APAG | F20: PEÇA | G20: 30.28 | H20: 36.59 | I20: 5 | J20: =IF(SUM(S20:AG20)>I20+L20,I20+L20,SUM(S20:AG20)) -> 0 | K20: =(SUM(S20:AG20)) -> 0 | M20: =ROUND(IF(I20*0.25-0.5<0,0,I20*0.25-0.5),0)-P20-N20 -> 1 | Q20: =I20-(SUM(S20:AG20))+L20 -> 5 | R20: =IF(Q20<0,"ATENÇÃO","OK") -> OK
B21: 18 | D21: Suporte de parede para extintor. Fornecimento e instalação. | E21: APAG | F21: PEÇA | G21: 30.28 | H21: 15.57 | J21: =IF(SUM(S21:AG21)>I21+L21,I21+L21,SUM(S21:AG21)) -> 0 | K21: =(SUM(S21:AG21)) -> 0 | M21: =ROUND(IF(I21*0.25-0.5<0,0,I21*0.25-0.5),0)-P21-N21 -> 0 | Q21: =I21-(SUM(S21:AG21))+L21 -> 0 | R21: =IF(Q21<0,"ATENÇÃO","OK") -> OK
B22: 19 | D22: Mangueira de incêndio predial tipo 2 - 1.1/2 pol. x 15m. Fornecimento e instalação. | E22: SEGURIMAX | F22: PEÇA | G22: 30.28 | H22: 325.5 | J22: =IF(SUM(S22:AG22)>I22+L22,I22+L22,SUM(S22:AG22)) -> 0 | K22: =(SUM(S22:AG22)) -> 0 | M22: =ROUND(IF(I22*0.25-0.5<0,0,I22*0.25-0.5),0)-P22-N22 -> 0 | Q22: =I22-(SUM(S22:AG22))+L22 -> 0 | R22: =IF(Q22<0,"ATENÇÃO","OK") -> OK
B23: 20 | D23: Mangueira extintor CO2 4/6 kg. Fornecimento e instalação. | E23: SEGURIMAX | F23: PEÇA | G23: 30.28 | H23: 49.05 | J23: =IF(SUM(S23:AG23)>I23+L23,I23+L23,SUM(S23:AG23)) -> 0 | K23: =(SUM(S23:AG23)) -> 0 | M23: =ROUND(IF(I23*0.25-0.5<0,0,I23*0.25-0.5),0)-P23-N23 -> 0 | Q23: =I23-(SUM(S23:AG23))+L23 -> 0 | R23: =IF(Q23<0,"ATENÇÃO","OK") -> OK
B24: 21 | D24: Mangueira extintor pó químico 4/6 kg. Fornecimento e instalação. | E24: MARAGNA | F24: PEÇA | G24: 30.28 | H24: 21.8 | J24: =IF(SUM(S24:AG24)>I24+L24,I24+L24,SUM(S24:AG24)) -> 0 | K24: =(SUM(S24:AG24)) -> 0 | M24: =ROUND(IF(I24*0.25-0.5<0,0,I24*0.25-0.5),0)-P24-N24 -> 0 | Q24: =I24-(SUM(S24:AG24))+L24 -> 0 | R24: =IF(Q24<0,"ATENÇÃO","OK") -> OK
B25: 22 | D25: Difusor extintor CO2 4/6 kg. Fornecimento e instalação. | E25: MARAGNA | F25: PEÇA | G25: 30.28 | H25: 9.34 | J25: =IF(SUM(S25:AG25)>I25+L25,I25+L25,SUM(S25:AG25)) -> 0 | K25: =(SUM(S25:AG25)) -> 0 | M25: =ROUND(IF(I25*0.25-0.5<0,0,I25*0.25-0.5),0)-P25-N25 -> 0 | Q25: =I25-(SUM(S25:AG25))+L25 -> 0 | R25: =IF(Q25<0,"ATENÇÃO","OK") -> OK
B26: 23 | D26: Manômetro extintor pó químico. Fornecimento e instalação. | E26: MERCOSUL | F26: PEÇA | G26: 30.28 | H26: 4.67 | J26: =IF(SUM(S26:AG26)>I26+L26,I26+L26,SUM(S26:AG26)) -> 0 | K26: =(SUM(S26:AG26)) -> 0 | M26: =ROUND(IF(I26*0.25-0.5<0,0,I26*0.25-0.5),0)-P26-N26 -> 0 | Q26: =I26-(SUM(S26:AG26))+L26 -> 0 | R26: =IF(Q26<0,"ATENÇÃO","OK") -> OK
B27: 24 | D27: Válvula extintor CO2 4/6 kg. Fornecimento e instalação. | E27: MERCOSUL | F27: PEÇA | G27: 30.28 | H27: 77.87 | J27: =IF(SUM(S27:AG27)>I27+L27,I27+L27,SUM(S27:AG27)) -> 0 | K27: =(SUM(S27:AG27)) -> 0 | M27: =ROUND(IF(I27*0.25-0.5<0,0,I27*0.25-0.5),0)-P27-N27 -> 0 | Q27: =I27-(SUM(S27:AG27))+L27 -> 0 | R27: =IF(Q27<0,"ATENÇÃO","OK") -> OK
B28: 25 | D28: Válvula extintor pó químico 4/6 kg. Fornecimento e instalação. | E28: MERCOSUL | F28: PEÇA | G28: 30.28 | H28: 32.7 | J28: =IF(SUM(S28:AG28)>I28+L28,I28+L28,SUM(S28:AG28)) -> 0 | K28: =(SUM(S28:AG28)) -> 0 | M28: =ROUND(IF(I28*0.25-0.5<0,0,I28*0.25-0.5),0)-P28-N28 -> 0 | Q28: =I28-(SUM(S28:AG28))+L28 -> 0 | R28: =IF(Q28<0,"ATENÇÃO","OK") -> OK
B29: 26 | D29: Bloco de iluminação de emergência autônoma LED 2 faróis 3000 lúmens. Fornecimento e instalação. | E29: SEGURIMAX | F29: PEÇA | G29: 30.26 | H29: 203.24 | I29: 2 | J29: =IF(SUM(S29:AG29)>I29+L29,I29+L29,SUM(S29:AG29)) -> 0 | K29: =(SUM(S29:AG29)) -> 0 | M29: =ROUND(IF(I29*0.25-0.5<0,0,I29*0.25-0.5),0)-P29-N29 -> 0 | Q29: =I29-(SUM(S29:AG29))+L29 -> 2 | R29: =IF(Q29<0,"ATENÇÃO","OK") -> OK
B30: 27 | D30: Bloco de iluminação de emergência autônoma LED 2 faróis 1200 lúmens. Fornecimento e instalação. | E30: LUXPRYME | F30: PEÇA | G30: 30.26 | H30: 207.13 | J30: =IF(SUM(S30:AG30)>I30+L30,I30+L30,SUM(S30:AG30)) -> 0 | K30: =(SUM(S30:AG30)) -> 0 | M30: =ROUND(IF(I30*0.25-0.5<0,0,I30*0.25-0.5),0)-P30-N30 -> 0 | Q30: =I30-(SUM(S30:AG30))+L30 -> 0 | R30: =IF(Q30<0,"ATENÇÃO","OK") -> OK
B31: 28 | D31: Bloco de iluminação de emergência coletiva LED 2 faróis 1200 lúmens. Fornecimento e instalação. | E31: LUXPRYME | F31: PEÇA | G31: 30.26 | H31: 70.08 | J31: =IF(SUM(S31:AG31)>I31+L31,I31+L31,SUM(S31:AG31)) -> 0 | K31: =(SUM(S31:AG31)) -> 0 | M31: =ROUND(IF(I31*0.25-0.5<0,0,I31*0.25-0.5),0)-P31-N31 -> 0 | Q31: =I31-(SUM(S31:AG31))+L31 -> 0 | R31: =IF(Q31<0,"ATENÇÃO","OK") -> OK
B32: 29 | D32: Central de iluminação de emergência 24V sem bateria. Fornecimento e instalação. | E32: LUXPRYME | F32: PEÇA | G32: 30.26 | H32: 1479.56 | J32: =IF(SUM(S60:AG60)>I32+L32,I32+L32,SUM(S60:AG60)) -> 0 | K32: =(SUM(S60:AG60)) -> 0 | M32: =ROUND(IF(I32*0.25-0.5<0,0,I32*0.25-0.5),0)-P32-N32 -> 0 | Q32: =I32-(SUM(S60:AG60))+L32 -> 0 | R32: =IF(Q32<0,"ATENÇÃO","OK") -> OK
B33: 30 | D33: Luminária de emergência autônoma 30 LED super Slim. Fornecimento e instalação. | E33: SEGURIMAX | F33: PEÇA | G33: 30.26 | H33: 18.68 | I33: 10 | J33: =IF(SUM(S33:AG33)>I33+L33,I33+L33,SUM(S33:AG33)) -> 0 | K33: =(SUM(S33:AG33)) -> 0 | M33: =ROUND(IF(I33*0.25-0.5<0,0,I33*0.25-0.5),0)-P33-N33 -> 2 | Q33: =I33-(SUM(S33:AG33))+L33 -> 10 | R33: =IF(Q33<0,"ATENÇÃO","OK") -> OK
B34: 31 | D34: Placa fotoluminescente em caso de incêndio não use o elevador de PVC 24 x 12cm. Fornecimento e instalação. | E34: SCALA | F34: PEÇA | G34: 30.44 | H34: 7.24 | J34: =IF(SUM(S34:AG34)>I34+L34,I34+L34,SUM(S34:AG34)) -> 0 | K34: =(SUM(S34:AG34)) -> 0 | M34: =ROUND(IF(I34*0.25-0.5<0,0,I34*0.25-0.5),0)-P34-N34 -> 0 | Q34: =I34-(SUM(S34:AG34))+L34 -> 0 | R34: =IF(Q34<0,"ATENÇÃO","OK") -> OK
B35: 32 | D35: Placa fotoluminescente rota de fuga pela escada à direita seta para baixo de PVC 30 x 15cm. Fornecimento e instalação. | E35: SCALA | F35: PEÇA | G35: 30.44 | H35: 22.58 | J35: =IF(SUM(S35:AG35)>I35+L35,I35+L35,SUM(S35:AG35)) -> 0 | K35: =(SUM(S35:AG35)) -> 0 | M35: =ROUND(IF(I35*0.25-0.5<0,0,I35*0.25-0.5),0)-P35-N35 -> 0 | Q35: =I35-(SUM(S35:AG35))+L35 -> 0 | R35: =IF(Q35<0,"ATENÇÃO","OK") -> OK
B36: 33 | D36: Placa fotoluminescente rota de fuga pela escada à esquerda seta para baixo de PVC 30 x 15cm. Fornecimento e instalação. | E36: SCALA | F36: PEÇA | G36: 30.44 | H36: 23.36 | J36: =IF(SUM(S36:AG36)>I36+L36,I36+L36,SUM(S36:AG36)) -> 0 | K36: =(SUM(S36:AG36)) -> 0 | M36: =ROUND(IF(I36*0.25-0.5<0,0,I36*0.25-0.5),0)-P36-N36 -> 0 | Q36: =I36-(SUM(S36:AG36))+L36 -> 0 | R36: =IF(Q36<0,"ATENÇÃO","OK") -> OK
B37: 34 | D37: Placa fotoluminescente saída de emergência de PVC 30x15cm. Fornecimento e instalação. | E37: SCALA | F37: PEÇA | G37: 30.44 | H37: 12.22 | J37: =IF(SUM(S37:AG37)>I37+L37,I37+L37,SUM(S37:AG37)) -> 0 | K37: =(SUM(S37:AG37)) -> 0 | M37: =ROUND(IF(I37*0.25-0.5<0,0,I37*0.25-0.5),0)-P37-N37 -> 0 | Q37: =I37-(SUM(S37:AG37))+L37 -> 0 | R37: =IF(Q37<0,"ATENÇÃO","OK") -> OK
B38: 35 | D38: Placa fotoluminescente saída duas faces de PVC 24 x 12cm. Fornecimento e instalação. | E38: SCALA | F38: PEÇA | G38: 30.44 | H38: 16.82 | J38: =IF(SUM(S38:AG38)>I38+L38,I38+L38,SUM(S38:AG38)) -> 0 | K38: =(SUM(S38:AG38)) -> 0 | M38: =ROUND(IF(I38*0.25-0.5<0,0,I38*0.25-0.5),0)-P38-N38 -> 0 | Q38: =I38-(SUM(S38:AG38))+L38 -> 0 | R38: =IF(Q38<0,"ATENÇÃO","OK") -> OK
B39: 36 | D39: Placa fotoluminescente saída seta para direita de PVC 25x16cm. Fornecimento e instalação. | E39: SCALA | F39: PEÇA | G39: 30.44 | H39: 13.82 | J39: =IF(SUM(S39:AG39)>I39+L39,I39+L39,SUM(S39:AG39)) -> 0 | K39: =(SUM(S39:AG39)) -> 0 | M39: =ROUND(IF(I39*0.25-0.5<0,0,I39*0.25-0.5),0)-P39-N39 -> 0 | Q39: =I39-(SUM(S39:AG39))+L39 -> 0 | R39: =IF(Q39<0,"ATENÇÃO","OK") -> OK
B40: 37 | D40: Placa fotoluminescente saída seta para esquerda de PVC 25x16cm. Fornecimento e instalação. | E40: SCALA | F40: PEÇA | G40: 30.44 | H40: 11.68 | J40: =IF(SUM(S40:AG40)>I40+L40,I40+L40,SUM(S40:AG40)) -> 0 | K40: =(SUM(S40:AG40)) -> 0 | M40: =ROUND(IF(I40*0.25-0.5<0,0,I40*0.25-0.5),0)-P40-N40 -> 0 | Q40: =I40-(SUM(S40:AG40))+L40 -> 0 | R40: =IF(Q40<0,"ATENÇÃO","OK") -> OK
B41: 38 | D41: Placa fotoluminescente alarme de incêndio de PVC 20x30cm. Fornecimento e instalação. | E41: SCALA | F41: PEÇA | G41: 30.44 | H41: 14.01 | J41: =IF(SUM(S41:AG41)>I41+L41,I41+L41,SUM(S41:AG41)) -> 0 | K41: =(SUM(S41:AG41)) -> 0 | M41: =ROUND(IF(I41*0.25-0.5<0,0,I41*0.25-0.5),0)-P41-N41 -> 0 | Q41: =I41-(SUM(S41:AG41))+L41 -> 0 | R41: =IF(Q41<0,"ATENÇÃO","OK") -> OK
B42: 39 | D42: Placa fotoluminescente central de alarme de detecção de PVC 24 x 12cm. Fornecimento e instalação. | E42: SCALA | F42: PEÇA | G42: 30.44 | H42: 16.08 | J42: =IF(SUM(S42:AG42)>I42+L42,I42+L42,SUM(S42:AG42)) -> 0 | K42: =(SUM(S42:AG42)) -> 0 | M42: =ROUND(IF(I42*0.25-0.5<0,0,I42*0.25-0.5),0)-P42-N42 -> 0 | Q42: =I42-(SUM(S42:AG42))+L42 -> 0 | R42: =IF(Q42<0,"ATENÇÃO","OK") -> OK
B43: 40 | D43: Placa fotoluminescente extintor CO² de PVC 30 x 30cm. Fornecimento e instalação. | E43: SCALA | F43: PEÇA | G43: 30.44 | H43: 31.14 | J43: =IF(SUM(S43:AG43)>I43+L43,I43+L43,SUM(S43:AG43)) -> 0 | K43: =(SUM(S43:AG43)) -> 0 | M43: =ROUND(IF(I43*0.25-0.5<0,0,I43*0.25-0.5),0)-P43-N43 -> 0 | Q43: =I43-(SUM(S43:AG43))+L43 -> 0 | R43: =IF(Q43<0,"ATENÇÃO","OK") -> OK
B44: 41 | D44: Placa fotoluminescente extintor de PVC 20x20cm. Fornecimento e instalação. | E44: SCALA | F44: PEÇA | G44: 30.44 | H44: 16.58 | J44: =IF(SUM(S44:AG44)>I44+L44,I44+L44,SUM(S44:AG44)) -> 0 | K44: =(SUM(S44:AG44)) -> 0 | M44: =ROUND(IF(I44*0.25-0.5<0,0,I44*0.25-0.5),0)-P44-N44 -> 0 | Q44: =I44-(SUM(S44:AG44))+L44 -> 0 | R44: =IF(Q44<0,"ATENÇÃO","OK") -> OK
B45: 42 | D45: Placa de sinalização saída de emergência LED autônoma 24x18cm - uma face. Fornecimento e instalação. | E45: LUXPRYME | F45: PEÇA | G45: 30.44 | H45: 61.9 | J45: =IF(SUM(S45:AG45)>I45+L45,I45+L45,SUM(S45:AG45)) -> 0 | K45: =(SUM(S45:AG45)) -> 0 | M45: =ROUND(IF(I45*0.25-0.5<0,0,I45*0.25-0.5),0)-P45-N45 -> 0 | Q45: =I45-(SUM(S45:AG45))+L45 -> 0 | R45: =IF(Q45<0,"ATENÇÃO","OK") -> OK
B46: 43 | D46: Placa extintor com seta de PVC 13 x 20cm. Fornecimento e instalação. | E46: SCALA | F46: PEÇA | G46: 30.44 | H46: 12.84 | J46: =IF(SUM(S46:AG46)>I46+L46,I46+L46,SUM(S46:AG46)) -> 0 | K46: =(SUM(S46:AG46)) -> 0 | M46: =ROUND(IF(I46*0.25-0.5<0,0,I46*0.25-0.5),0)-P46-N46 -> 0 | Q46: =I46-(SUM(S46:AG46))+L46 -> 0 | R46: =IF(Q46<0,"ATENÇÃO","OK") -> OK
B47: 44 | D47: Serviço de teste do sistema de alarme - Preço por bloco. Emissão de laudo e documento de responsabilidade técnica. | E47: APAG | F47: SERVIÇO | G47: 39.17 | H47: 1164.18 | I47: 5 | J47: =IF(SUM(S47:AG47)>I47+L47,I47+L47,SUM(S47:AG47)) -> 0 | K47: =(SUM(S47:AG47)) -> 0 | M47: =ROUND(IF(I47*0.25-0.5<0,0,I47*0.25-0.5),0)-P47-N47 -> 1 | Q47: =I47-(SUM(S47:AG47))+L47 -> 5 | R47: =IF(Q47<0,"ATENÇÃO","OK") -> OK
B48: 45 | D48: Serviço de teste do sistema de balizamento de saída - Preço por bloco. Emissão de laudo e documento de responsabilidade técnica. | E48: APAG | F48: SERVIÇO | G48: 39.17 | H48: 1456.2 | I48: 3 | J48: =IF(SUM(S48:AG48)>I48+L48,I48+L48,SUM(S48:AG48)) -> 0 | K48: =(SUM(S48:AG48)) -> 0 | M48: =ROUND(IF(I48*0.25-0.5<0,0,I48*0.25-0.5),0)-P48-N48 -> 0 | Q48: =I48-(SUM(S48:AG48))+L48 -> 3 | R48: =IF(Q48<0,"ATENÇÃO","OK") -> OK
B49: 46 | D49: Serviço de teste do sistema hidráulico preventivo de incêndio - Preço por bloco. Emissão de laudo e documento de responsabilidade técnica. | E49: APAG | F49: SERVIÇO | G49: 39.17 | H49: 1146.27 | I49: 5 | J49: =IF(SUM(S49:AG49)>I49+L49,I49+L49,SUM(S49:AG49)) -> 0 | K49: =(SUM(S49:AG49)) -> 0 | M49: =ROUND(IF(I49*0.25-0.5<0,0,I49*0.25-0.5),0)-P49-N49 -> 1 | Q49: =I49-(SUM(S49:AG49))+L49 -> 5 | R49: =IF(Q49<0,"ATENÇÃO","OK") -> OK
B50: 47 | D50: Serviço de teste hidrostático em mangueira de incêndio. Emissão de laudo e documento de responsabilidade técnica. | E50: APAG | F50: SERVIÇO | G50: 39.17 | H50: 20.09 | I50: 10 | J50: =IF(SUM(S50:AG50)>I50+L50,I50+L50,SUM(S50:AG50)) -> 0 | K50: =(SUM(S50:AG50)) -> 0 | M50: =ROUND(IF(I50*0.25-0.5<0,0,I50*0.25-0.5),0)-P50-N50 -> 2 | Q50: =I50-(SUM(S50:AG50))+L50 -> 10 | R50: =IF(Q50<0,"ATENÇÃO","OK") -> OK
B51: 48 | D51: Serviço de teste de estanqueidade da rede de gás GLP - Restaurante Universitário/Laboratório. Emissão de laudo e documento de responsabilidade técnica. | E51: APAG | F51: SERVIÇO | G51: 39.17 | H51: 1375.99 | J51: =IF(SUM(S51:AG51)>I51+L51,I51+L51,SUM(S51:AG51)) -> 0 | K51: =(SUM(S51:AG51)) -> 0 | M51: =ROUND(IF(I51*0.25-0.5<0,0,I51*0.25-0.5),0)-P51-N51 -> 0 | Q51: =I51-(SUM(S51:AG51))+L51 -> 0 | R51: =IF(Q51<0,"ATENÇÃO","OK") -> OK
B52: 49 | D52: Serviço de teste do sistema de proteção contra descargas atmosféricas - Preço por bloco. Emissão de laudo e documento de responsabilidade técnica. | E52: APAG | F52: SERVIÇO | G52: 39.17 | H52: 599.61 | J52: =IF(SUM(S52:AG52)>I52+L52,I52+L52,SUM(S52:AG52)) -> 0 | K52: =(SUM(S52:AG52)) -> 0 | M52: =ROUND(IF(I52*0.25-0.5<0,0,I52*0.25-0.5),0)-P52-N52 -> 0 | Q52: =I52-(SUM(S52:AG52))+L52 -> 0 | R52: =IF(Q52<0,"ATENÇÃO","OK") -> OK
B53: 50 | D53: Serviço de manutenção nível III (reteste) extintor CO2 04 Kg. | E53: APAG | F53: SERVIÇO | G53: 39.17 | H53: 66.18 | J53: =IF(SUM(S53:AG53)>I53+L53,I53+L53,SUM(S53:AG53)) -> 0 | K53: =(SUM(S53:AG53)) -> 0 | M53: =ROUND(IF(I53*0.25-0.5<0,0,I53*0.25-0.5),0)-P53-N53 -> 0 | Q53: =I53-(SUM(S53:AG53))+L53 -> 0 | R53: =IF(Q53<0,"ATENÇÃO","OK") -> OK
B54: 51 | D54: Serviço de manutenção nível III (reteste) extintor CO2 06 Kg. | E54: APAG | F54: SERVIÇO | G54: 39.17 | H54: 56.06 | J54: =IF(SUM(S54:AG54)>I54+L54,I54+L54,SUM(S54:AG54)) -> 0 | K54: =(SUM(S54:AG54)) -> 0 | M54: =ROUND(IF(I54*0.25-0.5<0,0,I54*0.25-0.5),0)-P54-N54 -> 0 | Q54: =I54-(SUM(S54:AG54))+L54 -> 0 | R54: =IF(Q54<0,"ATENÇÃO","OK") -> OK
B55: 52 | D55: Serviço de manutenção nível III (reteste) extintor pó químico 4 Kg ABC | E55: APAG | F55: SERVIÇO | G55: 39.17 | H55: 10.87 | J55: =IF(SUM(S55:AG55)>I55+L55,I55+L55,SUM(S55:AG55)) -> 0 | K55: =(SUM(S55:AG55)) -> 0 | M55: =ROUND(IF(I55*0.25-0.5<0,0,I55*0.25-0.5),0)-P55-N55 -> 0 | Q55: =I55-(SUM(S55:AG55))+L55 -> 0 | R55: =IF(Q55<0,"ATENÇÃO","OK") -> OK
B56: 53 | D56: Serviço de manutenção nível III (reteste) extintor pó químico 4 Kg BC | E56: APAG | F56: SERVIÇO | G56: 39.17 | H56: 11.6 | J56: =IF(SUM(S56:AG56)>I56+L56,I56+L56,SUM(S56:AG56)) -> 0 | K56: =(SUM(S56:AG56)) -> 0 | M56: =ROUND(IF(I56*0.25-0.5<0,0,I56*0.25-0.5),0)-P56-N56 -> 0 | Q56: =I56-(SUM(S56:AG56))+L56 -> 0 | R56: =IF(Q56<0,"ATENÇÃO","OK") -> OK
B57: 54 | D57: Serviço de manutenção nível III (reteste) extintor pó químico 6 Kg BC | E57: APAG | F57: SERVIÇO | G57: 39.17 | H57: 10.86 | J57: =IF(SUM(S57:AG57)>I57+L57,I57+L57,SUM(S57:AG57)) -> 0 | K57: =(SUM(S57:AG57)) -> 0 | M57: =ROUND(IF(I57*0.25-0.5<0,0,I57*0.25-0.5),0)-P57-N57 -> 0 | Q57: =I57-(SUM(S57:AG57))+L57 -> 0 | R57: =IF(Q57<0,"ATENÇÃO","OK") -> OK
B58: 55 | D58: Serviço de manutenção nível III (reteste) extintor água 10 L. | E58: APAG | F58: SERVIÇO | G58: 39.17 | H58: 8.56 | J58: =IF(SUM(S58:AG58)>I58+L58,I58+L58,SUM(S58:AG58)) -> 0 | K58: =(SUM(S58:AG58)) -> 0 | M58: =ROUND(IF(I58*0.25-0.5<0,0,I58*0.25-0.5),0)-P58-N58 -> 0 | Q58: =I58-(SUM(S58:AG58))+L58 -> 0 | R58: =IF(Q58<0,"ATENÇÃO","OK") -> OK
B59: 56 | D59: Serviço de manutenção nível III (reteste) extintor espuma mecânica 10 L | E59: APAG | F59: SERVIÇO | G59: 39.17 | H59: 63.79 | J59: =IF(SUM(S59:AG59)>I59+L59,I59+L59,SUM(S59:AG59)) -> 0 | K59: =(SUM(S59:AG59)) -> 0 | M59: =ROUND(IF(I59*0.25-0.5<0,0,I59*0.25-0.5),0)-P59-N59 -> 0 | Q59: =I59-(SUM(S59:AG59))+L59 -> 0 | R59: =IF(Q59<0,"ATENÇÃO","OK") -> OK
I60: =SUM(I4:I59) -> 200 | J60: =SUM(J4:J59) -> 0 | K60: =SUM(K4:K59) -> 0 | L60: =SUM(L4:L59) -> 0 | M60: =SUM(M4:M59) -> 46 | N60: =SUM(N4:N59) -> 0 | O60: =SUM(O4:O59) -> 0 | P60: =SUM(P4:P59) -> 0 | Q60: =SUM(Q4:Q59) -> 200 | S60: =SUMPRODUCT($H$4:$H$59,S4:S59) -> 0 | T60: =SUMPRODUCT($H$4:$H$59,T4:T59) -> 0 | U60: =SUMPRODUCT($H$4:$H$59,U4:U59) -> 0 | V60: =SUMPRODUCT($H$4:$H$59,V4:V59) -> 0 | W60: =SUMPRODUCT($H$4:$H$59,W4:W59) -> 0 | X60: =SUMPRODUCT($H$4:$H$59,X4:X59) -> 0 | Y60: =SUMPRODUCT($H$4:$H$59,Y4:Y59) -> 0 | Z60: =SUMPRODUCT($H$4:$H$59,Z4:Z59) -> 0 | ... AG60: =SUMPRODUCT($H$4:$H$59,AG4:AG59) -> 0
I61: =SUMPRODUCT($H$4:$H$59,I4:I59) -> 28157.58 | J61: =SUMPRODUCT($H$4:$H$59,J4:J59) -> 0 | K61: =SUMPRODUCT($H$4:$H$59,K4:K59) -> 0 | L61: =SUMPRODUCT($H$4:$H$59,L4:L59) -> 0 | M61: =SUMPRODUCT($H$4:$H$59,M4:M59) -> 5096.2 | N61: =SUMPRODUCT($H$4:$H$59,N4:N59) -> 0 | O61: =SUMPRODUCT($H$4:$H$59,O4:O59) -> 0 | P61: =SUMPRODUCT($H$4:$H$59,P4:P59) -> 0

Sheet CERES
A1: SRP PE 1070/2026 SGPE 15960/2026 | D1: OBJETO: CONTRATAÇÃO DE EMPRESA PARA MANUTENÇÃO DE EXTINTORES E AQUISIÇÃO DE MATERIAIS E EQUIPAMENTOS DE SEGURANÇA E COMBATE A INCÊNDIO PARA A UDESC | I1: VIGÊNCIA DA ATA: 22/10/2026 A 22/10/2027 | S1: AF nºxxx/2026 Qtde. DT | T1: AF nºxxx/2026 Qtde. DT | U1: AF nºxxx/2026 Qtde. DT | V1: AF nºxxx/2026 Qtde. DT | W1: AF nºxxx/2026 Qtde. DT | X1: AF nºxxx/2026 Qtde. DT | Y1: AF nºxxx/2026 Qtde. DT | Z1: AF nºxxx/2026 Qtde. DT | AA1: AF nºxxx/2026 Qtde. DT | AB1: AF nºxxx/2026 Qtde. DT | AC1: AF nºxxx/2026 Qtde. DT | AD1: AF nºxxx/2026 Qtde. DT | AE1: AF nºxxx/2026 Qtde. DT | AF1: AF nºxxx/2026 Qtde. DT | AG1: AF nºxxx/2026 Qtde. DT
A2: CENTRO PARTICIPANTE: REITORIA
A3: Lote | B3: Item | C3: Empresa | D3: Descrição | E3: Marca | F3: Unidade de Compra | G3: Detalhamento | H3: Preço Unitário | I3: Quantidade Registrada | J3: Qtdade utilizada da ata | K3: Qtdade utilizada total | L3: Qtdade Receb./Cedida | M3: Qtdade disponível para aditivar | N3: Qtdade aditivada própria | O3: Qtdade aditivos recebidos | P3: Qtdade aditivos cedidos | Q3: Saldo / Automático | R3: ALERTA | S3: ...../...../2026 | T3: ...../...../2026 | U3: ...../...../2026 | V3: ...../...../2026 | W3: ...../...../2026 | X3: ...../...../2026 | Y3: ...../...../2026 | Z3: ...../...../2026 | AA3: ...../...../2026 | AB3: ...../...../2026 | AC3: ...../...../2026 | AD3: ...../...../2026 | AE3: ...../...../2026 | AF3: ...../...../2026 | AG3: ...../...../2026
A4: 1 | B4: 1 | C4: APAG PRODUTOS E SERVIÇOS LTDA 02.591.012/0001-63 | D4: Bateria para centrais de alarme de incêndio endereçável 12V/1,3AH. Fornecimento e instalação. | E4: UNIPOWER | F4: PEÇA | G4: 30.28 | H4: 100.45 | I4: 4 | J4: =IF(SUM(S4:AG4)>I4+L4,I4+L4,SUM(S4:AG4)) -> 0 | K4: =(SUM(S4:AG4)) -> 0 | M4: =ROUND(IF(I4*0.25-0.5<0,0,I4*0.25-0.5),0)-P4-N4 -> 1 | Q4: =I4-(SUM(S4:AG4))+L4 -> 4 | R4: =IF(Q4<0,"ATENÇÃO","OK") -> OK
B5: 2 | D5: Central de alarme de incêndio endereçável 125 endereços IP20 24V com bateria. Fornecimento e instalação. | E5: INTELBRAS | F5: PEÇA | G5: 30.28 | H5: 1705.39 | I5: 1 | J5: =IF(SUM(S5:AG5)>I5+L5,I5+L5,SUM(S5:AG5)) -> 0 | K5: =(SUM(S5:AG5)) -> 0 | M5: =ROUND(IF(I5*0.25-0.5<0,0,I5*0.25-0.5),0)-P5-N5 -> 0 | Q5: =I5-(SUM(S5:AG5))+L5 -> 1 | R5: =IF(Q5<0,"ATENÇÃO","OK") -> OK
B6: 3 | D6: Detector óptico de fumaça endereçável compact. Fornecimento e instalação. | E6: INTELBRAS | F6: PEÇA | G6: 30.28 | H6: 136.27 | J6: =IF(SUM(S6:AG6)>I6+L6,I6+L6,SUM(S6:AG6)) -> 0 | K6: =(SUM(S6:AG6)) -> 0 | M6: =ROUND(IF(I6*0.25-0.5<0,0,I6*0.25-0.5),0)-P6-N6 -> 0 | Q6: =I6-(SUM(S6:AG6))+L6 -> 0 | R6: =IF(Q6<0,"ATENÇÃO","OK") -> OK
B7: 4 | D7: Detector óptico de fumaça endereçável 24V. Fornecimento e instalação. | E7: INTELBRAS | F7: PEÇA | G7: 30.28 | H7: 154.18 | I7: 10 | J7: =IF(SUM(S7:AG7)>I7+L7,I7+L7,SUM(S7:AG7)) -> 0 | K7: =(SUM(S7:AG7)) -> 0 | M7: =ROUND(IF(I7*0.25-0.5<0,0,I7*0.25-0.5),0)-P7-N7 -> 2 | Q7: =I7-(SUM(S7:AG7))+L7 -> 10 | R7: =IF(Q7<0,"ATENÇÃO","OK") -> OK
B8: 5 | D8: Detector termovelocimétrico 24VCC endereçável com módulo (T). Fornecimento e instalação. | E8: INTELBRAS | F8: PEÇA | G8: 30.28 | H8: 159.63 | I8: 10 | J8: =IF(SUM(S8:AG8)>I8+L8,I8+L8,SUM(S8:AG8)) -> 0 | K8: =(SUM(S8:AG8)) -> 0 | M8: =ROUND(IF(I8*0.25-0.5<0,0,I8*0.25-0.5),0)-P8-N8 -> 2 | Q8: =I8-(SUM(S8:AG8))+L8 -> 10 | R8: =IF(Q8<0,"ATENÇÃO","OK") -> OK
B9: 6 | D9: Fonte auxiliar IP20 24V endereçável. Fornecimento e instalação. | E9: INTELBRAS | F9: PEÇA | G9: 30.28 | H9: 692.28 | I9: 1 | J9: =IF(SUM(S9:AG9)>I9+L9,I9+L9,SUM(S9:AG9)) -> 0 | K9: =(SUM(S9:AG9)) -> 0 | M9: =ROUND(IF(I9*0.25-0.5<0,0,I9*0.25-0.5),0)-P9-N9 -> 0 | Q9: =I9-(SUM(S9:AG9))+L9 -> 1 | R9: =IF(Q9<0,"ATENÇÃO","OK") -> OK
B10: 7 | D10: Fonte de alimentação IP20 24V endereçável. Fornecimento e instalação. | E10: INTELBRAS | F10: PEÇA | G10: 30.28 | H10: 700.84 | I10: 1 | J10: =IF(SUM(S10:AG10)>I10+L10,I10+L10,SUM(S10:AG10)) -> 0 | K10: =(SUM(S10:AG10)) -> 0 | M10: =ROUND(IF(I10*0.25-0.5<0,0,I10*0.25-0.5),0)-P10-N10 -> 0 | Q10: =I10-(SUM(S10:AG10))+L10 -> 1 | R10: =IF(Q10<0,"ATENÇÃO","OK") -> OK
B11: 8 | D11: Caixa de alumínio para extintor PQS 6 kg. Fornecimento e instalação. | E11: APAG | F11: PEÇA | G11: 30.28 | H11: 193.12 | I11: 10 | J11: =IF(SUM(S11:AG11)>I11+L11,I11+L11,SUM(S11:AG11)) -> 0 | K11: =(SUM(S11:AG11)) -> 0 | M11: =ROUND(IF(I11*0.25-0.5<0,0,I11*0.25-0.5),0)-P11-N11 -> 2 | Q11: =I11-(SUM(S11:AG11))+L11 -> 10 | R11: =IF(Q11<0,"ATENÇÃO","OK") -> OK
B12: 9 | D12: Carga em extintor CO2 04 kg. Fornecimento e instalação. | E12: APAG | F12: PEÇA | G12: 30.04 | H12: 61.51 | J12: =IF(SUM(S12:AG12)>I12+L12,I12+L12,SUM(S12:AG12)) -> 0 | K12: =(SUM(S12:AG12)) -> 0 | M12: =ROUND(IF(I12*0.25-0.5<0,0,I12*0.25-0.5),0)-P12-N12 -> 0 | Q12: =I12-(SUM(S12:AG12))+L12 -> 0 | R12: =IF(Q12<0,"ATENÇÃO","OK") -> OK
B13: 10 | D13: Carga em extintor CO2 06 kg. Fornecimento e instalação. | E13: APAG | F13: PEÇA | G13: 30.04 | H13: 93.44 | I13: 10 | J13: =IF(SUM(S13:AG13)>I13+L13,I13+L13,SUM(S13:AG13)) -> 0 | K13: =(SUM(S13:AG13)) -> 0 | M13: =ROUND(IF(I13*0.25-0.5<0,0,I13*0.25-0.5),0)-P13-N13 -> 2 | Q13: =I13-(SUM(S13:AG13))+L13 -> 10 | R13: =IF(Q13<0,"ATENÇÃO","OK") -> OK
B14: 11 | D14: Carga em extintor pó químico 04 kg ABC. Fornecimento e instalação. | E14: APAG | F14: PEÇA | G14: 30.04 | H14: 45.16 | I14: 65 | J14: =IF(SUM(S14:AG14)>I14+L14,I14+L14,SUM(S14:AG14)) -> 0 | K14: =(SUM(S14:AG14)) -> 0 | M14: =ROUND(IF(I14*0.25-0.5<0,0,I14*0.25-0.5),0)-P14-N14 -> 16 | Q14: =I14-(SUM(S14:AG14))+L14 -> 65 | R14: =IF(Q14<0,"ATENÇÃO","OK") -> OK
B15: 12 | D15: Carga em extintor pó químico 04 kg BC. Fornecimento e instalação. | E15: APAG | F15: PEÇA | G15: 30.04 | H15: 42.82 | J15: =IF(SUM(S15:AG15)>I15+L15,I15+L15,SUM(S15:AG15)) -> 0 | K15: =(SUM(S15:AG15)) -> 0 | M15: =ROUND(IF(I15*0.25-0.5<0,0,I15*0.25-0.5),0)-P15-N15 -> 0 | Q15: =I15-(SUM(S15:AG15))+L15 -> 0 | R15: =IF(Q15<0,"ATENÇÃO","OK") -> OK
B16: 13 | D16: Carga em extintor pó químico 06 kg BC. Fornecimento e instalação. | E16: APAG | F16: PEÇA | G16: 30.04 | H16: 53.73 | I16: 15 | J16: =IF(SUM(S16:AG16)>I16+L16,I16+L16,SUM(S16:AG16)) -> 0 | K16: =(SUM(S16:AG16)) -> 0 | M16: =ROUND(IF(I16*0.25-0.5<0,0,I16*0.25-0.5),0)-P16-N16 -> 3 | Q16: =I16-(SUM(S16:AG16))+L16 -> 15 | R16: =IF(Q16<0,"ATENÇÃO","OK") -> OK
B17: 14 | D17: Carga em extintor água 10 L . Fornecimento e instalação. | E17: APAG | F17: PEÇA | G17: 30.04 | H17: 28.81 | J17: =IF(SUM(S17:AG17)>I17+L17,I17+L17,SUM(S17:AG17)) -> 0 | K17: =(SUM(S17:AG17)) -> 0 | M17: =ROUND(IF(I17*0.25-0.5<0,0,I17*0.25-0.5),0)-P17-N17 -> 0 | Q17: =I17-(SUM(S17:AG17))+L17 -> 0 | R17: =IF(Q17<0,"ATENÇÃO","OK") -> OK
B18: 15 | D18: Extintor PQS 4KG ABC . Fornecimento e instalação. | E18: EXTANG | F18: PEÇA | G18: 30.28 | H18: 136.27 | J18: =IF(SUM(S18:AG18)>I18+L18,I18+L18,SUM(S18:AG18)) -> 0 | K18: =(SUM(S18:AG18)) -> 0 | M18: =ROUND(IF(I18*0.25-0.5<0,0,I18*0.25-0.5),0)-P18-N18 -> 0 | Q18: =I18-(SUM(S18:AG18))+L18 -> 0 | R18: =IF(Q18<0,"ATENÇÃO","OK") -> OK
B19: 16 | D19: Suporte de chão reforçado modelo tripé P4/P6. Fornecimento e instalação. | E19: APAG | F19: PEÇA | G19: 30.28 | H19: 35.04 | I19: 10 | J19: =IF(SUM(S19:AG19)>I19+L19,I19+L19,SUM(S19:AG19)) -> 0 | K19: =(SUM(S19:AG19)) -> 0 | M19: =ROUND(IF(I19*0.25-0.5<0,0,I19*0.25-0.5),0)-P19-N19 -> 2 | Q19: =I19-(SUM(S19:AG19))+L19 -> 10 | R19: =IF(Q19<0,"ATENÇÃO","OK") -> OK
B20: 17 | D20: Suporte de chão reforçado modelo tripé P8/P12/AP/CO2. Fornecimento e instalação. | E20: APAG | F20: PEÇA | G20: 30.28 | H20: 36.59 | I20: 10 | J20: =IF(SUM(S20:AG20)>I20+L20,I20+L20,SUM(S20:AG20)) -> 0 | K20: =(SUM(S20:AG20)) -> 0 | M20: =ROUND(IF(I20*0.25-0.5<0,0,I20*0.25-0.5),0)-P20-N20 -> 2 | Q20: =I20-(SUM(S20:AG20))+L20 -> 10 | R20: =IF(Q20<0,"ATENÇÃO","OK") -> OK
B21: 18 | D21: Suporte de parede para extintor. Fornecimento e instalação. | E21: APAG | F21: PEÇA | G21: 30.28 | H21: 15.57 | J21: =IF(SUM(S21:AG21)>I21+L21,I21+L21,SUM(S21:AG21)) -> 0 | K21: =(SUM(S21:AG21)) -> 0 | M21: =ROUND(IF(I21*0.25-0.5<0,0,I21*0.25-0.5),0)-P21-N21 -> 0 | Q21: =I21-(SUM(S21:AG21))+L21 -> 0 | R21: =IF(Q21<0,"ATENÇÃO","OK") -> OK
B22: 19 | D22: Mangueira de incêndio predial tipo 2 - 1.1/2 pol. x 15m. Fornecimento e instalação. | E22: SEGURIMAX | F22: PEÇA | G22: 30.28 | H22: 325.5 | J22: =IF(SUM(S22:AG22)>I22+L22,I22+L22,SUM(S22:AG22)) -> 0 | K22: =(SUM(S22:AG22)) -> 0 | M22: =ROUND(IF(I22*0.25-0.5<0,0,I22*0.25-0.5),0)-P22-N22 -> 0 | Q22: =I22-(SUM(S22:AG22))+L22 -> 0 | R22: =IF(Q22<0,"ATENÇÃO","OK") -> OK
B23: 20 | D23: Mangueira extintor CO2 4/6 kg. Fornecimento e instalação. | E23: SEGURIMAX | F23: PEÇA | G23: 30.28 | H23: 49.05 | J23: =IF(SUM(S23:AG23)>I23+L23,I23+L23,SUM(S23:AG23)) -> 0 | K23: =(SUM(S23:AG23)) -> 0 | M23: =ROUND(IF(I23*0.25-0.5<0,0,I23*0.25-0.5),0)-P23-N23 -> 0 | Q23: =I23-(SUM(S23:AG23))+L23 -> 0 | R23: =IF(Q23<0,"ATENÇÃO","OK") -> OK
B24: 21 | D24: Mangueira extintor pó químico 4/6 kg. Fornecimento e instalação. | E24: MARAGNA | F24: PEÇA | G24: 30.28 | H24: 21.8 | J24: =IF(SUM(S24:AG24)>I24+L24,I24+L24,SUM(S24:AG24)) -> 0 | K24: =(SUM(S24:AG24)) -> 0 | M24: =ROUND(IF(I24*0.25-0.5<0,0,I24*0.25-0.5),0)-P24-N24 -> 0 | Q24: =I24-(SUM(S24:AG24))+L24 -> 0 | R24: =IF(Q24<0,"ATENÇÃO","OK") -> OK
B25: 22 | D25: Difusor extintor CO2 4/6 kg. Fornecimento e instalação. | E25: MARAGNA | F25: PEÇA | G25: 30.28 | H25: 9.34 | J25: =IF(SUM(S25:AG25)>I25+L25,I25+L25,SUM(S25:AG25)) -> 0 | K25: =(SUM(S25:AG25)) -> 0 | M25: =ROUND(IF(I25*0.25-0.5<0,0,I25*0.25-0.5),0)-P25-N25 -> 0 | Q25: =I25-(SUM(S25:AG25))+L25 -> 0 | R25: =IF(Q25<0,"ATENÇÃO","OK") -> OK
B26: 23 | D26: Manômetro extintor pó químico. Fornecimento e instalação. | E26: MERCOSUL | F26: PEÇA | G26: 30.28 | H26: 4.67 | J26: =IF(SUM(S26:AG26)>I26+L26,I26+L26,SUM(S26:AG26)) -> 0 | K26: =(SUM(S26:AG26)) -> 0 | M26: =ROUND(IF(I26*0.25-0.5<0,0,I26*0.25-0.5),0)-P26-N26 -> 0 | Q26: =I26-(SUM(S26:AG26))+L26 -> 0 | R26: =IF(Q26<0,"ATENÇÃO","OK") -> OK
B27: 24 | D27: Válvula extintor CO2 4/6 kg. Fornecimento e instalação. | E27: MERCOSUL | F27: PEÇA | G27: 30.28 | H27: 77.87 | J27: =IF(SUM(S27:AG27)>I27+L27,I27+L27,SUM(S27:AG27)) -> 0 | K27: =(SUM(S27:AG27)) -> 0 | M27: =ROUND(IF(I27*0.25-0.5<0,0,I27*0.25-0.5),0)-P27-N27 -> 0 | Q27: =I27-(SUM(S27:AG27))+L27 -> 0 | R27: =IF(Q27<0,"ATENÇÃO","OK") -> OK
B28: 25 | D28: Válvula extintor pó químico 4/6 kg. Fornecimento e instalação. | E28: MERCOSUL | F28: PEÇA | G28: 30.28 | H28: 32.7 | J28: =IF(SUM(S28:AG28)>I28+L28,I28+L28,SUM(S28:AG28)) -> 0 | K28: =(SUM(S28:AG28)) -> 0 | M28: =ROUND(IF(I28*0.25-0.5<0,0,I28*0.25-0.5),0)-P28-N28 -> 0 | Q28: =I28-(SUM(S28:AG28))+L28 -> 0 | R28: =IF(Q28<0,"ATENÇÃO","OK") -> OK
B29: 26 | D29: Bloco de iluminação de emergência autônoma LED 2 faróis 3000 lúmens. Fornecimento e instalação. | E29: SEGURIMAX | F29: PEÇA | G29: 30.26 | H29: 203.24 | I29: 20 | J29: =IF(SUM(S29:AG29)>I29+L29,I29+L29,SUM(S29:AG29)) -> 0 | K29: =(SUM(S29:AG29)) -> 0 | M29: =ROUND(IF(I29*0.25-0.5<0,0,I29*0.25-0.5),0)-P29-N29 -> 5 | Q29: =I29-(SUM(S29:AG29))+L29 -> 20 | R29: =IF(Q29<0,"ATENÇÃO","OK") -> OK
B30: 27 | D30: Bloco de iluminação de emergência autônoma LED 2 faróis 1200 lúmens. Fornecimento e instalação. | E30: LUXPRYME | F30: PEÇA | G30: 30.26 | H30: 207.13 | J30: =IF(SUM(S30:AG30)>I30+L30,I30+L30,SUM(S30:AG30)) -> 0 | K30: =(SUM(S30:AG30)) -> 0 | M30: =ROUND(IF(I30*0.25-0.5<0,0,I30*0.25-0.5),0)-P30-N30 -> 0 | Q30: =I30-(SUM(S30:AG30))+L30 -> 0 | R30: =IF(Q30<0,"ATENÇÃO","OK") -> OK
B31: 28 | D31: Bloco de iluminação de emergência coletiva LED 2 faróis 1200 lúmens. Fornecimento e instalação. | E31: LUXPRYME | F31: PEÇA | G31: 30.26 | H31: 70.08 | J31: =IF(SUM(S31:AG31)>I31+L31,I31+L31,SUM(S31:AG31)) -> 0 | K31: =(SUM(S31:AG31)) -> 0 | M31: =ROUND(IF(I31*0.25-0.5<0,0,I31*0.25-0.5),0)-P31-N31 -> 0 | Q31: =I31-(SUM(S31:AG31))+L31 -> 0 | R31: =IF(Q31<0,"ATENÇÃO","OK") -> OK
B32: 29 | D32: Central de iluminação de emergência 24V sem bateria. Fornecimento e instalação. | E32: LUXPRYME | F32: PEÇA | G32: 30.26 | H32: 1479.56 | I32: 1 | J32: =IF(SUM(S60:AG60)>I32+L32,I32+L32,SUM(S60:AG60)) -> 0 | K32: =(SUM(S60:AG60)) -> 0 | M32: =ROUND(IF(I32*0.25-0.5<0,0,I32*0.25-0.5),0)-P32-N32 -> 0 | Q32: =I32-(SUM(S60:AG60))+L32 -> 1 | R32: =IF(Q32<0,"ATENÇÃO","OK") -> OK
B33: 30 | D33: Luminária de emergência autônoma 30 LED super Slim. Fornecimento e instalação. | E33: SEGURIMAX | F33: PEÇA | G33: 30.26 | H33: 18.68 | I33: 50 | J33: =IF(SUM(S33:AG33)>I33+L33,I33+L33,SUM(S33:AG33)) -> 0 | K33: =(SUM(S33:AG33)) -> 0 | M33: =ROUND(IF(I33*0.25-0.5<0,0,I33*0.25-0.5),0)-P33-N33 -> 12 | Q33: =I33-(SUM(S33:AG33))+L33 -> 50 | R33: =IF(Q33<0,"ATENÇÃO","OK") -> OK
B34: 31 | D34: Placa fotoluminescente em caso de incêndio não use o elevador de PVC 24 x 12cm. Fornecimento e instalação. | E34: SCALA | F34: PEÇA | G34: 30.44 | H34: 7.24 | J34: =IF(SUM(S34:AG34)>I34+L34,I34+L34,SUM(S34:AG34)) -> 0 | K34: =(SUM(S34:AG34)) -> 0 | M34: =ROUND(IF(I34*0.25-0.5<0,0,I34*0.25-0.5),0)-P34-N34 -> 0 | Q34: =I34-(SUM(S34:AG34))+L34 -> 0 | R34: =IF(Q34<0,"ATENÇÃO","OK") -> OK
B35: 32 | D35: Placa fotoluminescente rota de fuga pela escada à direita seta para baixo de PVC 30 x 15cm. Fornecimento e instalação. | E35: SCALA | F35: PEÇA | G35: 30.44 | H35: 22.58 | J35: =IF(SUM(S35:AG35)>I35+L35,I35+L35,SUM(S35:AG35)) -> 0 | K35: =(SUM(S35:AG35)) -> 0 | M35: =ROUND(IF(I35*0.25-0.5<0,0,I35*0.25-0.5),0)-P35-N35 -> 0 | Q35: =I35-(SUM(S35:AG35))+L35 -> 0 | R35: =IF(Q35<0,"ATENÇÃO","OK") -> OK
B36: 33 | D36: Placa fotoluminescente rota de fuga pela escada à esquerda seta para baixo de PVC 30 x 15cm. Fornecimento e instalação. | E36: SCALA | F36: PEÇA | G36: 30.44 | H36: 23.36 | J36: =IF(SUM(S36:AG36)>I36+L36,I36+L36,SUM(S36:AG36)) -> 0 | K36: =(SUM(S36:AG36)) -> 0 | M36: =ROUND(IF(I36*0.25-0.5<0,0,I36*0.25-0.5),0)-P36-N36 -> 0 | Q36: =I36-(SUM(S36:AG36))+L36 -> 0 | R36: =IF(Q36<0,"ATENÇÃO","OK") -> OK
B37: 34 | D37: Placa fotoluminescente saída de emergência de PVC 30x15cm. Fornecimento e instalação. | E37: SCALA | F37: PEÇA | G37: 30.44 | H37: 12.22 | J37: =IF(SUM(S37:AG37)>I37+L37,I37+L37,SUM(S37:AG37)) -> 0 | K37: =(SUM(S37:AG37)) -> 0 | M37: =ROUND(IF(I37*0.25-0.5<0,0,I37*0.25-0.5),0)-P37-N37 -> 0 | Q37: =I37-(SUM(S37:AG37))+L37 -> 0 | R37: =IF(Q37<0,"ATENÇÃO","OK") -> OK
B38: 35 | D38: Placa fotoluminescente saída duas faces de PVC 24 x 12cm. Fornecimento e instalação. | E38: SCALA | F38: PEÇA | G38: 30.44 | H38: 16.82 | J38: =IF(SUM(S38:AG38)>I38+L38,I38+L38,SUM(S38:AG38)) -> 0 | K38: =(SUM(S38:AG38)) -> 0 | M38: =ROUND(IF(I38*0.25-0.5<0,0,I38*0.25-0.5),0)-P38-N38 -> 0 | Q38: =I38-(SUM(S38:AG38))+L38 -> 0 | R38: =IF(Q38<0,"ATENÇÃO","OK") -> OK
B39: 36 | D39: Placa fotoluminescente saída seta para direita de PVC 25x16cm. Fornecimento e instalação. | E39: SCALA | F39: PEÇA | G39: 30.44 | H39: 13.82 | J39: =IF(SUM(S39:AG39)>I39+L39,I39+L39,SUM(S39:AG39)) -> 0 | K39: =(SUM(S39:AG39)) -> 0 | M39: =ROUND(IF(I39*0.25-0.5<0,0,I39*0.25-0.5),0)-P39-N39 -> 0 | Q39: =I39-(SUM(S39:AG39))+L39 -> 0 | R39: =IF(Q39<0,"ATENÇÃO","OK") -> OK
B40: 37 | D40: Placa fotoluminescente saída seta para esquerda de PVC 25x16cm. Fornecimento e instalação. | E40: SCALA | F40: PEÇA | G40: 30.44 | H40: 11.68 | J40: =IF(SUM(S40:AG40)>I40+L40,I40+L40,SUM(S40:AG40)) -> 0 | K40: =(SUM(S40:AG40)) -> 0 | M40: =ROUND(IF(I40*0.25-0.5<0,0,I40*0.25-0.5),0)-P40-N40 -> 0 | Q40: =I40-(SUM(S40:AG40))+L40 -> 0 | R40: =IF(Q40<0,"ATENÇÃO","OK") -> OK
B41: 38 | D41: Placa fotoluminescente alarme de incêndio de PVC 20x30cm. Fornecimento e instalação. | E41: SCALA | F41: PEÇA | G41: 30.44 | H41: 14.01 | J41: =IF(SUM(S41:AG41)>I41+L41,I41+L41,SUM(S41:AG41)) -> 0 | K41: =(SUM(S41:AG41)) -> 0 | M41: =ROUND(IF(I41*0.25-0.5<0,0,I41*0.25-0.5),0)-P41-N41 -> 0 | Q41: =I41-(SUM(S41:AG41))+L41 -> 0 | R41: =IF(Q41<0,"ATENÇÃO","OK") -> OK
B42: 39 | D42: Placa fotoluminescente central de alarme de detecção de PVC 24 x 12cm. Fornecimento e instalação. | E42: SCALA | F42: PEÇA | G42: 30.44 | H42: 16.08 | I42: 20 | J42: =IF(SUM(S42:AG42)>I42+L42,I42+L42,SUM(S42:AG42)) -> 0 | K42: =(SUM(S42:AG42)) -> 0 | M42: =ROUND(IF(I42*0.25-0.5<0,0,I42*0.25-0.5),0)-P42-N42 -> 5 | Q42: =I42-(SUM(S42:AG42))+L42 -> 20 | R42: =IF(Q42<0,"ATENÇÃO","OK") -> OK
B43: 40 | D43: Placa fotoluminescente extintor CO² de PVC 30 x 30cm. Fornecimento e instalação. | E43: SCALA | F43: PEÇA | G43: 30.44 | H43: 31.14 | I43: 10 | J43: =IF(SUM(S43:AG43)>I43+L43,I43+L43,SUM(S43:AG43)) -> 0 | K43: =(SUM(S43:AG43)) -> 0 | M43: =ROUND(IF(I43*0.25-0.5<0,0,I43*0.25-0.5),0)-P43-N43 -> 2 | Q43: =I43-(SUM(S43:AG43))+L43 -> 10 | R43: =IF(Q43<0,"ATENÇÃO","OK") -> OK
B44: 41 | D44: Placa fotoluminescente extintor de PVC 20x20cm. Fornecimento e instalação. | E44: SCALA | F44: PEÇA | G44: 30.44 | H44: 16.58 | I44: 80 | J44: =IF(SUM(S44:AG44)>I44+L44,I44+L44,SUM(S44:AG44)) -> 0 | K44: =(SUM(S44:AG44)) -> 0 | M44: =ROUND(IF(I44*0.25-0.5<0,0,I44*0.25-0.5),0)-P44-N44 -> 20 | Q44: =I44-(SUM(S44:AG44))+L44 -> 80 | R44: =IF(Q44<0,"ATENÇÃO","OK") -> OK
B45: 42 | D45: Placa de sinalização saída de emergência LED autônoma 24x18cm - uma face. Fornecimento e instalação. | E45: LUXPRYME | F45: PEÇA | G45: 30.44 | H45: 61.9 | J45: =IF(SUM(S45:AG45)>I45+L45,I45+L45,SUM(S45:AG45)) -> 0 | K45: =(SUM(S45:AG45)) -> 0 | M45: =ROUND(IF(I45*0.25-0.5<0,0,I45*0.25-0.5),0)-P45-N45 -> 0 | Q45: =I45-(SUM(S45:AG45))+L45 -> 0 | R45: =IF(Q45<0,"ATENÇÃO","OK") -> OK
B46: 43 | D46: Placa extintor com seta de PVC 13 x 20cm. Fornecimento e instalação. | E46: SCALA | F46: PEÇA | G46: 30.44 | H46: 12.84 | J46: =IF(SUM(S46:AG46)>I46+L46,I46+L46,SUM(S46:AG46)) -> 0 | K46: =(SUM(S46:AG46)) -> 0 | M46: =ROUND(IF(I46*0.25-0.5<0,0,I46*0.25-0.5),0)-P46-N46 -> 0 | Q46: =I46-(SUM(S46:AG46))+L46 -> 0 | R46: =IF(Q46<0,"ATENÇÃO","OK") -> OK
B47: 44 | D47: Serviço de teste do sistema de alarme - Preço por bloco. Emissão de laudo e documento de responsabilidade técnica. | E47: APAG | F47: SERVIÇO | G47: 39.17 | H47: 1164.18 | I47: 2 | J47: =IF(SUM(S47:AG47)>I47+L47,I47+L47,SUM(S47:AG47)) -> 0 | K47: =(SUM(S47:AG47)) -> 0 | M47: =ROUND(IF(I47*0.25-0.5<0,0,I47*0.25-0.5),0)-P47-N47 -> 0 | Q47: =I47-(SUM(S47:AG47))+L47 -> 2 | R47: =IF(Q47<0,"ATENÇÃO","OK") -> OK
B48: 45 | D48: Serviço de teste do sistema de balizamento de saída - Preço por bloco. Emissão de laudo e documento de responsabilidade técnica. | E48: APAG | F48: SERVIÇO | G48: 39.17 | H48: 1456.2 | I48: 4 | J48: =IF(SUM(S48:AG48)>I48+L48,I48+L48,SUM(S48:AG48)) -> 0 | K48: =(SUM(S48:AG48)) -> 0 | M48: =ROUND(IF(I48*0.25-0.5<0,0,I48*0.25-0.5),0)-P48-N48 -> 1 | Q48: =I48-(SUM(S48:AG48))+L48 -> 4 | R48: =IF(Q48<0,"ATENÇÃO","OK") -> OK
B49: 46 | D49: Serviço de teste do sistema hidráulico preventivo de incêndio - Preço por bloco. Emissão de laudo e documento de responsabilidade técnica. | E49: APAG | F49: SERVIÇO | G49: 39.17 | H49: 1146.27 | I49: 4 | J49: =IF(SUM(S49:AG49)>I49+L49,I49+L49,SUM(S49:AG49)) -> 0 | K49: =(SUM(S49:AG49)) -> 0 | M49: =ROUND(IF(I49*0.25-0.5<0,0,I49*0.25-0.5),0)-P49-N49 -> 1 | Q49: =I49-(SUM(S49:AG49))+L49 -> 4 | R49: =IF(Q49<0,"ATENÇÃO","OK") -> OK
B50: 47 | D50: Serviço de teste hidrostático em mangueira de incêndio. Emissão de laudo e documento de responsabilidade técnica. | E50: APAG | F50: SERVIÇO | G50: 39.17 | H50: 20.09 | I50: 30 | J50: =IF(SUM(S50:AG50)>I50+L50,I50+L50,SUM(S50:AG50)) -> 0 | K50: =(SUM(S50:AG50)) -> 0 | M50: =ROUND(IF(I50*0.25-0.5<0,0,I50*0.25-0.5),0)-P50-N50 -> 7 | Q50: =I50-(SUM(S50:AG50))+L50 -> 30 | R50: =IF(Q50<0,"ATENÇÃO","OK") -> OK
B51: 48 | D51: Serviço de teste de estanqueidade da rede de gás GLP - Restaurante Universitário/Laboratório. Emissão de laudo e documento de responsabilidade técnica. | E51: APAG | F51: SERVIÇO | G51: 39.17 | H51: 1375.99 | J51: =IF(SUM(S51:AG51)>I51+L51,I51+L51,SUM(S51:AG51)) -> 0 | K51: =(SUM(S51:AG51)) -> 0 | M51: =ROUND(IF(I51*0.25-0.5<0,0,I51*0.25-0.5),0)-P51-N51 -> 0 | Q51: =I51-(SUM(S51:AG51))+L51 -> 0 | R51: =IF(Q51<0,"ATENÇÃO","OK") -> OK
B52: 49 | D52: Serviço de teste do sistema de proteção contra descargas atmosféricas - Preço por bloco. Emissão de laudo e documento de responsabilidade técnica. | E52: APAG | F52: SERVIÇO | G52: 39.17 | H52: 599.61 | J52: =IF(SUM(S52:AG52)>I52+L52,I52+L52,SUM(S52:AG52)) -> 0 | K52: =(SUM(S52:AG52)) -> 0 | M52: =ROUND(IF(I52*0.25-0.5<0,0,I52*0.25-0.5),0)-P52-N52 -> 0 | Q52: =I52-(SUM(S52:AG52))+L52 -> 0 | R52: =IF(Q52<0,"ATENÇÃO","OK") -> OK
B53: 50 | D53: Serviço de manutenção nível III (reteste) extintor CO2 04 Kg. | E53: APAG | F53: SERVIÇO | G53: 39.17 | H53: 66.18 | J53: =IF(SUM(S53:AG53)>I53+L53,I53+L53,SUM(S53:AG53)) -> 0 | K53: =(SUM(S53:AG53)) -> 0 | M53: =ROUND(IF(I53*0.25-0.5<0,0,I53*0.25-0.5),0)-P53-N53 -> 0 | Q53: =I53-(SUM(S53:AG53))+L53 -> 0 | R53: =IF(Q53<0,"ATENÇÃO","OK") -> OK
B54: 51 | D54: Serviço de manutenção nível III (reteste) extintor CO2 06 Kg. | E54: APAG | F54: SERVIÇO | G54: 39.17 | H54: 56.06 | J54: =IF(SUM(S54:AG54)>I54+L54,I54+L54,SUM(S54:AG54)) -> 0 | K54: =(SUM(S54:AG54)) -> 0 | M54: =ROUND(IF(I54*0.25-0.5<0,0,I54*0.25-0.5),0)-P54-N54 -> 0 | Q54: =I54-(SUM(S54:AG54))+L54 -> 0 | R54: =IF(Q54<0,"ATENÇÃO","OK") -> OK
B55: 52 | D55: Serviço de manutenção nível III (reteste) extintor pó químico 4 Kg ABC | E55: APAG | F55: SERVIÇO | G55: 39.17 | H55: 10.87 | J55: =IF(SUM(S55:AG55)>I55+L55,I55+L55,SUM(S55:AG55)) -> 0 | K55: =(SUM(S55:AG55)) -> 0 | M55: =ROUND(IF(I55*0.25-0.5<0,0,I55*0.25-0.5),0)-P55-N55 -> 0 | Q55: =I55-(SUM(S55:AG55))+L55 -> 0 | R55: =IF(Q55<0,"ATENÇÃO","OK") -> OK
B56: 53 | D56: Serviço de manutenção nível III (reteste) extintor pó químico 4 Kg BC | E56: APAG | F56: SERVIÇO | G56: 39.17 | H56: 11.6 | J56: =IF(SUM(S56:AG56)>I56+L56,I56+L56,SUM(S56:AG56)) -> 0 | K56: =(SUM(S56:AG56)) -> 0 | M56: =ROUND(IF(I56*0.25-0.5<0,0,I56*0.25-0.5),0)-P56-N56 -> 0 | Q56: =I56-(SUM(S56:AG56))+L56 -> 0 | R56: =IF(Q56<0,"ATENÇÃO","OK") -> OK
B57: 54 | D57: Serviço de manutenção nível III (reteste) extintor pó químico 6 Kg BC | E57: APAG | F57: SERVIÇO | G57: 39.17 | H57: 10.86 | J57: =IF(SUM(S57:AG57)>I57+L57,I57+L57,SUM(S57:AG57)) -> 0 | K57: =(SUM(S57:AG57)) -> 0 | M57: =ROUND(IF(I57*0.25-0.5<0,0,I57*0.25-0.5),0)-P57-N57 -> 0 | Q57: =I57-(SUM(S57:AG57))+L57 -> 0 | R57: =IF(Q57<0,"ATENÇÃO","OK") -> OK
B58: 55 | D58: Serviço de manutenção nível III (reteste) extintor água 10 L. | E58: APAG | F58: SERVIÇO | G58: 39.17 | H58: 8.56 | J58: =IF(SUM(S58:AG58)>I58+L58,I58+L58,SUM(S58:AG58)) -> 0 | K58: =(SUM(S58:AG58)) -> 0 | M58: =ROUND(IF(I58*0.25-0.5<0,0,I58*0.25-0.5),0)-P58-N58 -> 0 | Q58: =I58-(SUM(S58:AG58))+L58 -> 0 | R58: =IF(Q58<0,"ATENÇÃO","OK") -> OK
B59: 56 | D59: Serviço de manutenção nível III (reteste) extintor espuma mecânica 10 L | E59: APAG | F59: SERVIÇO | G59: 39.17 | H59: 63.79 | J59: =IF(SUM(S59:AG59)>I59+L59,I59+L59,SUM(S59:AG59)) -> 0 | K59: =(SUM(S59:AG59)) -> 0 | M59: =ROUND(IF(I59*0.25-0.5<0,0,I59*0.25-0.5),0)-P59-N59 -> 0 | Q59: =I59-(SUM(S59:AG59))+L59 -> 0 | R59: =IF(Q59<0,"ATENÇÃO","OK") -> OK
I60: =SUM(I4:I59) -> 368 | J60: =SUM(J4:J59) -> 0 | K60: =SUM(K4:K59) -> 0 | L60: =SUM(L4:L59) -> 0 | M60: =SUM(M4:M59) -> 85 | N60: =SUM(N4:N59) -> 0 | O60: =SUM(O4:O59) -> 0 | P60: =SUM(P4:P59) -> 0 | Q60: =SUM(Q4:Q59) -> 368 | S60: =SUMPRODUCT($H$4:$H$59,S4:S59) -> 0 | T60: =SUMPRODUCT($H$4:$H$59,T4:T59) -> 0 | U60: =SUMPRODUCT($H$4:$H$59,U4:U59) -> 0 | V60: =SUMPRODUCT($H$4:$H$59,V4:V59) -> 0 | W60: =SUMPRODUCT($H$4:$H$59,W4:W59) -> 0 | X60: =SUMPRODUCT($H$4:$H$59,X4:X59) -> 0 | Y60: =SUMPRODUCT($H$4:$H$59,Y4:Y59) -> 0 | Z60: =SUMPRODUCT($H$4:$H$59,Z4:Z59) -> 0 | ... AG60: =SUMPRODUCT($H$4:$H$59,AG4:AG59) -> 0
I61: =SUMPRODUCT($H$4:$H$59,I4:I59) -> 35740.36 | J61: =SUMPRODUCT($H$4:$H$59,J4:J59) -> 0 | K61: =SUMPRODUCT($H$4:$H$59,K4:K59) -> 0 | L61: =SUMPRODUCT($H$4:$H$59,L4:L59) -> 0 | M61: =SUMPRODUCT($H$4:$H$59,M4:M59) -> 6785.94 | N61: =SUMPRODUCT($H$4:$H$59,N4:N59) -> 0 | O61: =SUMPRODUCT($H$4:$H$59,O4:O59) -> 0 | P61: =SUMPRODUCT($H$4:$H$59,P4:P59) -> 0

Sheet CEAD
A1: SRP PE 1070/2026 SGPE 15960/2026 | D1: OBJETO: CONTRATAÇÃO DE EMPRESA PARA MANUTENÇÃO DE EXTINTORES E AQUISIÇÃO DE MATERIAIS E EQUIPAMENTOS DE SEGURANÇA E COMBATE A INCÊNDIO PARA A UDESC | I1: VIGÊNCIA DA ATA: 22/10/2026 A 22/10/2027 | S1: AF nºxxx/2026 Qtde. DT | T1: AF nºxxx/2026 Qtde. DT | U1: AF nºxxx/2026 Qtde. DT | V1: AF nºxxx/2026 Qtde. DT | W1: AF nºxxx/2026 Qtde. DT | X1: AF nºxxx/2026 Qtde. DT | Y1: AF nºxxx/2026 Qtde. DT | Z1: AF nºxxx/2026 Qtde. DT | AA1: AF nºxxx/2026 Qtde. DT | AB1: AF nºxxx/2026 Qtde. DT | AC1: AF nºxxx/2026 Qtde. DT | AD1: AF nºxxx/2026 Qtde. DT | AE1: AF nºxxx/2026 Qtde. DT | AF1: AF nºxxx/2026 Qtde. DT | AG1: AF nºxxx/2026 Qtde. DT
A2: CENTRO PARTICIPANTE: REITORIA
A3: Lote | B3: Item | C3: Empresa | D3: Descrição | E3: Marca | F3: Unidade de Compra | G3: Detalhamento | H3: Preço Unitário | I3: Quantidade Registrada | J3: Qtdade utilizada da ata | K3: Qtdade utilizada total | L3: Qtdade Receb./Cedida | M3: Qtdade disponível para aditivar | N3: Qtdade aditivada própria | O3: Qtdade aditivos recebidos | P3: Qtdade aditivos cedidos | Q3: Saldo / Automático | R3: ALERTA | S3: ...../...../2026 | T3: ...../...../2026 | U3: ...../...../2026 | V3: ...../...../2026 | W3: ...../...../2026 | X3: ...../...../2026 | Y3: ...../...../2026 | Z3: ...../...../2026 | AA3: ...../...../2026 | AB3: ...../...../2026 | AC3: ...../...../2026 | AD3: ...../...../2026 | AE3: ...../...../2026 | AF3: ...../...../2026 | AG3: ...../...../2026
A4: 1 | B4: 1 | C4: APAG PRODUTOS E SERVIÇOS LTDA 02.591.012/0001-63 | D4: Bateria para centrais de alarme de incêndio endereçável 12V/1,3AH. Fornecimento e instalação. | E4: UNIPOWER | F4: PEÇA | G4: 30.28 | H4: 100.45 | J4: =IF(SUM(S4:AG4)>I4+L4,I4+L4,SUM(S4:AG4)) -> 0 | K4: =(SUM(S4:AG4)) -> 0 | M4: =ROUND(IF(I4*0.25-0.5<0,0,I4*0.25-0.5),0)-P4-N4 -> 0 | Q4: =I4-(SUM(S4:AG4))+L4 -> 0 | R4: =IF(Q4<0,"ATENÇÃO","OK") -> OK
B5: 2 | D5: Central de alarme de incêndio endereçável 125 endereços IP20 24V com bateria. Fornecimento e instalação. | E5: INTELBRAS | F5: PEÇA | G5: 30.28 | H5: 1705.39 | J5: =IF(SUM(S5:AG5)>I5+L5,I5+L5,SUM(S5:AG5)) -> 0 | K5: =(SUM(S5:AG5)) -> 0 | M5: =ROUND(IF(I5*0.25-0.5<0,0,I5*0.25-0.5),0)-P5-N5 -> 0 | Q5: =I5-(SUM(S5:AG5))+L5 -> 0 | R5: =IF(Q5<0,"ATENÇÃO","OK") -> OK
B6: 3 | D6: Detector óptico de fumaça endereçável compact. Fornecimento e instalação. | E6: INTELBRAS | F6: PEÇA | G6: 30.28 | H6: 136.27 | J6: =IF(SUM(S6:AG6)>I6+L6,I6+L6,SUM(S6:AG6)) -> 0 | K6: =(SUM(S6:AG6)) -> 0 | M6: =ROUND(IF(I6*0.25-0.5<0,0,I6*0.25-0.5),0)-P6-N6 -> 0 | Q6: =I6-(SUM(S6:AG6))+L6 -> 0 | R6: =IF(Q6<0,"ATENÇÃO","OK") -> OK
B7: 4 | D7: Detector óptico de fumaça endereçável 24V. Fornecimento e instalação. | E7: INTELBRAS | F7: PEÇA | G7: 30.28 | H7: 154.18 | J7: =IF(SUM(S7:AG7)>I7+L7,I7+L7,SUM(S7:AG7)) -> 0 | K7: =(SUM(S7:AG7)) -> 0 | M7: =ROUND(IF(I7*0.25-0.5<0,0,I7*0.25-0.5),0)-P7-N7 -> 0 | Q7: =I7-(SUM(S7:AG7))+L7 -> 0 | R7: =IF(Q7<0,"ATENÇÃO","OK") -> OK
B8: 5 | D8: Detector termovelocimétrico 24VCC endereçável com módulo (T). Fornecimento e instalação. | E8: INTELBRAS | F8: PEÇA | G8: 30.28 | H8: 159.63 | J8: =IF(SUM(S8:AG8)>I8+L8,I8+L8,SUM(S8:AG8)) -> 0 | K8: =(SUM(S8:AG8)) -> 0 | M8: =ROUND(IF(I8*0.25-0.5<0,0,I8*0.25-0.5),0)-P8-N8 -> 0 | Q8: =I8-(SUM(S8:AG8))+L8 -> 0 | R8: =IF(Q8<0,"ATENÇÃO","OK") -> OK
B9: 6 | D9: Fonte auxiliar IP20 24V endereçável. Fornecimento e instalação. | E9: INTELBRAS | F9: PEÇA | G9: 30.28 | H9: 692.28 | J9: =IF(SUM(S9:AG9)>I9+L9,I9+L9,SUM(S9:AG9)) -> 0 | K9: =(SUM(S9:AG9)) -> 0 | M9: =ROUND(IF(I9*0.25-0.5<0,0,I9*0.25-0.5),0)-P9-N9 -> 0 | Q9: =I9-(SUM(S9:AG9))+L9 -> 0 | R9: =IF(Q9<0,"ATENÇÃO","OK") -> OK
B10: 7 | D10: Fonte de alimentação IP20 24V endereçável. Fornecimento e instalação. | E10: INTELBRAS | F10: PEÇA | G10: 30.28 | H10: 700.84 | J10: =IF(SUM(S10:AG10)>I10+L10,I10+L10,SUM(S10:AG10)) -> 0 | K10: =(SUM(S10:AG10)) -> 0 | M10: =ROUND(IF(I10*0.25-0.5<0,0,I10*0.25-0.5),0)-P10-N10 -> 0 | Q10: =I10-(SUM(S10:AG10))+L10 -> 0 | R10: =IF(Q10<0,"ATENÇÃO","OK") -> OK
B11: 8 | D11: Caixa de alumínio para extintor PQS 6 kg. Fornecimento e instalação. | E11: APAG | F11: PEÇA | G11: 30.28 | H11: 193.12 | I11: 2 | J11: =IF(SUM(S11:AG11)>I11+L11,I11+L11,SUM(S11:AG11)) -> 0 | K11: =(SUM(S11:AG11)) -> 0 | M11: =ROUND(IF(I11*0.25-0.5<0,0,I11*0.25-0.5),0)-P11-N11 -> 0 | Q11: =I11-(SUM(S11:AG11))+L11 -> 2 | R11: =IF(Q11<0,"ATENÇÃO","OK") -> OK
B12: 9 | D12: Carga em extintor CO2 04 kg. Fornecimento e instalação. | E12: APAG | F12: PEÇA | G12: 30.04 | H12: 61.51 | J12: =IF(SUM(S12:AG12)>I12+L12,I12+L12,SUM(S12:AG12)) -> 0 | K12: =(SUM(S12:AG12)) -> 0 | M12: =ROUND(IF(I12*0.25-0.5<0,0,I12*0.25-0.5),0)-P12-N12 -> 0 | Q12: =I12-(SUM(S12:AG12))+L12 -> 0 | R12: =IF(Q12<0,"ATENÇÃO","OK") -> OK
B13: 10 | D13: Carga em extintor CO2 06 kg. Fornecimento e instalação. | E13: APAG | F13: PEÇA | G13: 30.04 | H13: 93.44 | I13: 2 | J13: =IF(SUM(S13:AG13)>I13+L13,I13+L13,SUM(S13:AG13)) -> 0 | K13: =(SUM(S13:AG13)) -> 0 | M13: =ROUND(IF(I13*0.25-0.5<0,0,I13*0.25-0.5),0)-P13-N13 -> 0 | Q13: =I13-(SUM(S13:AG13))+L13 -> 2 | R13: =IF(Q13<0,"ATENÇÃO","OK") -> OK
B14: 11 | D14: Carga em extintor pó químico 04 kg ABC. Fornecimento e instalação. | E14: APAG | F14: PEÇA | G14: 30.04 | H14: 45.16 | I14: 3 | J14: =IF(SUM(S14:AG14)>I14+L14,I14+L14,SUM(S14:AG14)) -> 0 | K14: =(SUM(S14:AG14)) -> 0 | M14: =ROUND(IF(I14*0.25-0.5<0,0,I14*0.25-0.5),0)-P14-N14 -> 0 | Q14: =I14-(SUM(S14:AG14))+L14 -> 3 | R14: =IF(Q14<0,"ATENÇÃO","OK") -> OK
B15: 12 | D15: Carga em extintor pó químico 04 kg BC. Fornecimento e instalação. | E15: APAG | F15: PEÇA | G15: 30.04 | H15: 42.82 | J15: =IF(SUM(S15:AG15)>I15+L15,I15+L15,SUM(S15:AG15)) -> 0 | K15: =(SUM(S15:AG15)) -> 0 | M15: =ROUND(IF(I15*0.25-0.5<0,0,I15*0.25-0.5),0)-P15-N15 -> 0 | Q15: =I15-(SUM(S15:AG15))+L15 -> 0 | R15: =IF(Q15<0,"ATENÇÃO","OK") -> OK
B16: 13 | D16: Carga em extintor pó químico 06 kg BC. Fornecimento e instalação. | E16: APAG | F16: PEÇA | G16: 30.04 | H16: 53.73 | I16: 3 | J16: =IF(SUM(S16:AG16)>I16+L16,I16+L16,SUM(S16:AG16)) -> 0 | K16: =(SUM(S16:AG16)) -> 0 | M16: =ROUND(IF(I16*0.25-0.5<0,0,I16*0.25-0.5),0)-P16-N16 -> 0 | Q16: =I16-(SUM(S16:AG16))+L16 -> 3 | R16: =IF(Q16<0,"ATENÇÃO","OK") -> OK
B17: 14 | D17: Carga em extintor água 10 L . Fornecimento e instalação. | E17: APAG | F17: PEÇA | G17: 30.04 | H17: 28.81 | J17: =IF(SUM(S17:AG17)>I17+L17,I17+L17,SUM(S17:AG17)) -> 0 | K17: =(SUM(S17:AG17)) -> 0 | M17: =ROUND(IF(I17*0.25-0.5<0,0,I17*0.25-0.5),0)-P17-N17 -> 0 | Q17: =I17-(SUM(S17:AG17))+L17 -> 0 | R17: =IF(Q17<0,"ATENÇÃO","OK") -> OK
B18: 15 | D18: Extintor PQS 4KG ABC . Fornecimento e instalação. | E18: EXTANG | F18: PEÇA | G18: 30.28 | H18: 136.27 | J18: =IF(SUM(S18:AG18)>I18+L18,I18+L18,SUM(S18:AG18)) -> 0 | K18: =(SUM(S18:AG18)) -> 0 | M18: =ROUND(IF(I18*0.25-0.5<0,0,I18*0.25-0.5),0)-P18-N18 -> 0 | Q18: =I18-(SUM(S18:AG18))+L18 -> 0 | R18: =IF(Q18<0,"ATENÇÃO","OK") -> OK
B19: 16 | D19: Suporte de chão reforçado modelo tripé P4/P6. Fornecimento e instalação. | E19: APAG | F19: PEÇA | G19: 30.28 | H19: 35.04 | I19: 8 | J19: =IF(SUM(S19:AG19)>I19+L19,I19+L19,SUM(S19:AG19)) -> 0 | K19: =(SUM(S19:AG19)) -> 0 | M19: =ROUND(IF(I19*0.25-0.5<0,0,I19*0.25-0.5),0)-P19-N19 -> 2 | Q19: =I19-(SUM(S19:AG19))+L19 -> 8 | R19: =IF(Q19<0,"ATENÇÃO","OK") -> OK
B20: 17 | D20: Suporte de chão reforçado modelo tripé P8/P12/AP/CO2. Fornecimento e instalação. | E20: APAG | F20: PEÇA | G20: 30.28 | H20: 36.59 | I20: 1 | J20: =IF(SUM(S20:AG20)>I20+L20,I20+L20,SUM(S20:AG20)) -> 0 | K20: =(SUM(S20:AG20)) -> 0 | M20: =ROUND(IF(I20*0.25-0.5<0,0,I20*0.25-0.5),0)-P20-N20 -> 0 | Q20: =I20-(SUM(S20:AG20))+L20 -> 1 | R20: =IF(Q20<0,"ATENÇÃO","OK") -> OK
B21: 18 | D21: Suporte de parede para extintor. Fornecimento e instalação. | E21: APAG | F21: PEÇA | G21: 30.28 | H21: 15.57 | J21: =IF(SUM(S21:AG21)>I21+L21,I21+L21,SUM(S21:AG21)) -> 0 | K21: =(SUM(S21:AG21)) -> 0 | M21: =ROUND(IF(I21*0.25-0.5<0,0,I21*0.25-0.5),0)-P21-N21 -> 0 | Q21: =I21-(SUM(S21:AG21))+L21 -> 0 | R21: =IF(Q21<0,"ATENÇÃO","OK") -> OK
B22: 19 | D22: Mangueira de incêndio predial tipo 2 - 1.1/2 pol. x 15m. Fornecimento e instalação. | E22: SEGURIMAX | F22: PEÇA | G22: 30.28 | H22: 325.5 | J22: =IF(SUM(S22:AG22)>I22+L22,I22+L22,SUM(S22:AG22)) -> 0 | K22: =(SUM(S22:AG22)) -> 0 | M22: =ROUND(IF(I22*0.25-0.5<0,0,I22*0.25-0.5),0)-P22-N22 -> 0 | Q22: =I22-(SUM(S22:AG22))+L22 -> 0 | R22: =IF(Q22<0,"ATENÇÃO","OK") -> OK
B23: 20 | D23: Mangueira extintor CO2 4/6 kg. Fornecimento e instalação. | E23: SEGURIMAX | F23: PEÇA | G23: 30.28 | H23: 49.05 | J23: =IF(SUM(S23:AG23)>I23+L23,I23+L23,SUM(S23:AG23)) -> 0 | K23: =(SUM(S23:AG23)) -> 0 | M23: =ROUND(IF(I23*0.25-0.5<0,0,I23*0.25-0.5),0)-P23-N23 -> 0 | Q23: =I23-(SUM(S23:AG23))+L23 -> 0 | R23: =IF(Q23<0,"ATENÇÃO","OK") -> OK
B24: 21 | D24: Mangueira extintor pó químico 4/6 kg. Fornecimento e instalação. | E24: MARAGNA | F24: PEÇA | G24: 30.28 | H24: 21.8 | J24: =IF(SUM(S24:AG24)>I24+L24,I24+L24,SUM(S24:AG24)) -> 0 | K24: =(SUM(S24:AG24)) -> 0 | M24: =ROUND(IF(I24*0.25-0.5<0,0,I24*0.25-0.5),0)-P24-N24 -> 0 | Q24: =I24-(SUM(S24:AG24))+L24 -> 0 | R24: =IF(Q24<0,"ATENÇÃO","OK") -> OK
B25: 22 | D25: Difusor extintor CO2 4/6 kg. Fornecimento e instalação. | E25: MARAGNA | F25: PEÇA | G25: 30.28 | H25: 9.34 | J25: =IF(SUM(S25:AG25)>I25+L25,I25+L25,SUM(S25:AG25)) -> 0 | K25: =(SUM(S25:AG25)) -> 0 | M25: =ROUND(IF(I25*0.25-0.5<0,0,I25*0.25-0.5),0)-P25-N25 -> 0 | Q25: =I25-(SUM(S25:AG25))+L25 -> 0 | R25: =IF(Q25<0,"ATENÇÃO","OK") -> OK
B26: 23 | D26: Manômetro extintor pó químico. Fornecimento e instalação. | E26: MERCOSUL | F26: PEÇA | G26: 30.28 | H26: 4.67 | J26: =IF(SUM(S26:AG26)>I26+L26,I26+L26,SUM(S26:AG26)) -> 0 | K26: =(SUM(S26:AG26)) -> 0 | M26: =ROUND(IF(I26*0.25-0.5<0,0,I26*0.25-0.5),0)-P26-N26 -> 0 | Q26: =I26-(SUM(S26:AG26))+L26 -> 0 | R26: =IF(Q26<0,"ATENÇÃO","OK") -> OK
B27: 24 | D27: Válvula extintor CO2 4/6 kg. Fornecimento e instalação. | E27: MERCOSUL | F27: PEÇA | G27: 30.28 | H27: 77.87 | J27: =IF(SUM(S27:AG27)>I27+L27,I27+L27,SUM(S27:AG27)) -> 0 | K27: =(SUM(S27:AG27)) -> 0 | M27: =ROUND(IF(I27*0.25-0.5<0,0,I27*0.25-0.5),0)-P27-N27 -> 0 | Q27: =I27-(SUM(S27:AG27))+L27 -> 0 | R27: =IF(Q27<0,"ATENÇÃO","OK") -> OK
B28: 25 | D28: Válvula extintor pó químico 4/6 kg. Fornecimento e instalação. | E28: MERCOSUL | F28: PEÇA | G28: 30.28 | H28: 32.7 | J28: =IF(SUM(S28:AG28)>I28+L28,I28+L28,SUM(S28:AG28)) -> 0 | K28: =(SUM(S28:AG28)) -> 0 | M28: =ROUND(IF(I28*0.25-0.5<0,0,I28*0.25-0.5),0)-P28-N28 -> 0 | Q28: =I28-(SUM(S28:AG28))+L28 -> 0 | R28: =IF(Q28<0,"ATENÇÃO","OK") -> OK
B29: 26 | D29: Bloco de iluminação de emergência autônoma LED 2 faróis 3000 lúmens. Fornecimento e instalação. | E29: SEGURIMAX | F29: PEÇA | G29: 30.26 | H29: 203.24 | J29: =IF(SUM(S29:AG29)>I29+L29,I29+L29,SUM(S29:AG29)) -> 0 | K29: =(SUM(S29:AG29)) -> 0 | M29: =ROUND(IF(I29*0.25-0.5<0,0,I29*0.25-0.5),0)-P29-N29 -> 0 | Q29: =I29-(SUM(S29:AG29))+L29 -> 0 | R29: =IF(Q29<0,"ATENÇÃO","OK") -> OK
B30: 27 | D30: Bloco de iluminação de emergência autônoma LED 2 faróis 1200 lúmens. Fornecimento e instalação. | E30: LUXPRYME | F30: PEÇA | G30: 30.26 | H30: 207.13 | J30: =IF(SUM(S30:AG30)>I30+L30,I30+L30,SUM(S30:AG30)) -> 0 | K30: =(SUM(S30:AG30)) -> 0 | M30: =ROUND(IF(I30*0.25-0.5<0,0,I30*0.25-0.5),0)-P30-N30 -> 0 | Q30: =I30-(SUM(S30:AG30))+L30 -> 0 | R30: =IF(Q30<0,"ATENÇÃO","OK") -> OK
B31: 28 | D31: Bloco de iluminação de emergência coletiva LED 2 faróis 1200 lúmens. Fornecimento e instalação. | E31: LUXPRYME | F31: PEÇA | G31: 30.26 | H31: 70.08 | J31: =IF(SUM(S31:AG31)>I31+L31,I31+L31,SUM(S31:AG31)) -> 0 | K31: =(SUM(S31:AG31)) -> 0 | M31: =ROUND(IF(I31*0.25-0.5<0,0,I31*0.25-0.5),0)-P31-N31 -> 0 | Q31: =I31-(SUM(S31:AG31))+L31 -> 0 | R31: =IF(Q31<0,"ATENÇÃO","OK") -> OK
B32: 29 | D32: Central de iluminação de emergência 24V sem bateria. Fornecimento e instalação. | E32: LUXPRYME | F32: PEÇA | G32: 30.26 | H32: 1479.56 | J32: =IF(SUM(S60:AG60)>I32+L32,I32+L32,SUM(S60:AG60)) -> 0 | K32: =(SUM(S60:AG60)) -> 0 | M32: =ROUND(IF(I32*0.25-0.5<0,0,I32*0.25-0.5),0)-P32-N32 -> 0 | Q32: =I32-(SUM(S60:AG60))+L32 -> 0 | R32: =IF(Q32<0,"ATENÇÃO","OK") -> OK
B33: 30 | D33: Luminária de emergência autônoma 30 LED super Slim. Fornecimento e instalação. | E33: SEGURIMAX | F33: PEÇA | G33: 30.26 | H33: 18.68 | I33: 11 | J33: =IF(SUM(S33:AG33)>I33+L33,I33+L33,SUM(S33:AG33)) -> 0 | K33: =(SUM(S33:AG33)) -> 0 | M33: =ROUND(IF(I33*0.25-0.5<0,0,I33*0.25-0.5),0)-P33-N33 -> 2 | Q33: =I33-(SUM(S33:AG33))+L33 -> 11 | R33: =IF(Q33<0,"ATENÇÃO","OK") -> OK
B34: 31 | D34: Placa fotoluminescente em caso de incêndio não use o elevador de PVC 24 x 12cm. Fornecimento e instalação. | E34: SCALA | F34: PEÇA | G34: 30.44 | H34: 7.24 | J34: =IF(SUM(S34:AG34)>I34+L34,I34+L34,SUM(S34:AG34)) -> 0 | K34: =(SUM(S34:AG34)) -> 0 | M34: =ROUND(IF(I34*0.25-0.5<0,0,I34*0.25-0.5),0)-P34-N34 -> 0 | Q34: =I34-(SUM(S34:AG34))+L34 -> 0 | R34: =IF(Q34<0,"ATENÇÃO","OK") -> OK
B35: 32 | D35: Placa fotoluminescente rota de fuga pela escada à direita seta para baixo de PVC 30 x 15cm. Fornecimento e instalação. | E35: SCALA | F35: PEÇA | G35: 30.44 | H35: 22.58 | J35: =IF(SUM(S35:AG35)>I35+L35,I35+L35,SUM(S35:AG35)) -> 0 | K35: =(SUM(S35:AG35)) -> 0 | M35: =ROUND(IF(I35*0.25-0.5<0,0,I35*0.25-0.5),0)-P35-N35 -> 0 | Q35: =I35-(SUM(S35:AG35))+L35 -> 0 | R35: =IF(Q35<0,"ATENÇÃO","OK") -> OK
B36: 33 | D36: Placa fotoluminescente rota de fuga pela escada à esquerda seta para baixo de PVC 30 x 15cm. Fornecimento e instalação. | E36: SCALA | F36: PEÇA | G36: 30.44 | H36: 23.36 | J36: =IF(SUM(S36:AG36)>I36+L36,I36+L36,SUM(S36:AG36)) -> 0 | K36: =(SUM(S36:AG36)) -> 0 | M36: =ROUND(IF(I36*0.25-0.5<0,0,I36*0.25-0.5),0)-P36-N36 -> 0 | Q36: =I36-(SUM(S36:AG36))+L36 -> 0 | R36: =IF(Q36<0,"ATENÇÃO","OK") -> OK
B37: 34 | D37: Placa fotoluminescente saída de emergência de PVC 30x15cm. Fornecimento e instalação. | E37: SCALA | F37: PEÇA | G37: 30.44 | H37: 12.22 | J37: =IF(SUM(S37:AG37)>I37+L37,I37+L37,SUM(S37:AG37)) -> 0 | K37: =(SUM(S37:AG37)) -> 0 | M37: =ROUND(IF(I37*0.25-0.5<0,0,I37*0.25-0.5),0)-P37-N37 -> 0 | Q37: =I37-(SUM(S37:AG37))+L37 -> 0 | R37: =IF(Q37<0,"ATENÇÃO","OK") -> OK
B38: 35 | D38: Placa fotoluminescente saída duas faces de PVC 24 x 12cm. Fornecimento e instalação. | E38: SCALA | F38: PEÇA | G38: 30.44 | H38: 16.82 | J38: =IF(SUM(S38:AG38)>I38+L38,I38+L38,SUM(S38:AG38)) -> 0 | K38: =(SUM(S38:AG38)) -> 0 | M38: =ROUND(IF(I38*0.25-0.5<0,0,I38*0.25-0.5),0)-P38-N38 -> 0 | Q38: =I38-(SUM(S38:AG38))+L38 -> 0 | R38: =IF(Q38<0,"ATENÇÃO","OK") -> OK
B39: 36 | D39: Placa fotoluminescente saída seta para direita de PVC 25x16cm. Fornecimento e instalação. | E39: SCALA | F39: PEÇA | G39: 30.44 | H39: 13.82 | J39: =IF(SUM(S39:AG39)>I39+L39,I39+L39,SUM(S39:AG39)) -> 0 | K39: =(SUM(S39:AG39)) -> 0 | M39: =ROUND(IF(I39*0.25-0.5<0,0,I39*0.25-0.5),0)-P39-N39 -> 0 | Q39: =I39-(SUM(S39:AG39))+L39 -> 0 | R39: =IF(Q39<0,"ATENÇÃO","OK") -> OK
B40: 37 | D40: Placa fotoluminescente saída seta para esquerda de PVC 25x16cm. Fornecimento e instalação. | E40: SCALA | F40: PEÇA | G40: 30.44 | H40: 11.68 | J40: =IF(SUM(S40:AG40)>I40+L40,I40+L40,SUM(S40:AG40)) -> 0 | K40: =(SUM(S40:AG40)) -> 0 | M40: =ROUND(IF(I40*0.25-0.5<0,0,I40*0.25-0.5),0)-P40-N40 -> 0 | Q40: =I40-(SUM(S40:AG40))+L40 -> 0 | R40: =IF(Q40<0,"ATENÇÃO","OK") -> OK
B41: 38 | D41: Placa fotoluminescente alarme de incêndio de PVC 20x30cm. Fornecimento e instalação. | E41: SCALA | F41: PEÇA | G41: 30.44 | H41: 14.01 | J41: =IF(SUM(S41:AG41)>I41+L41,I41+L41,SUM(S41:AG41)) -> 0 | K41: =(SUM(S41:AG41)) -> 0 | M41: =ROUND(IF(I41*0.25-0.5<0,0,I41*0.25-0.5),0)-P41-N41 -> 0 | Q41: =I41-(SUM(S41:AG41))+L41 -> 0 | R41: =IF(Q41<0,"ATENÇÃO","OK") -> OK
B42: 39 | D42: Placa fotoluminescente central de alarme de detecção de PVC 24 x 12cm. Fornecimento e instalação. | E42: SCALA | F42: PEÇA | G42: 30.44 | H42: 16.08 | J42: =IF(SUM(S42:AG42)>I42+L42,I42+L42,SUM(S42:AG42)) -> 0 | K42: =(SUM(S42:AG42)) -> 0 | M42: =ROUND(IF(I42*0.25-0.5<0,0,I42*0.25-0.5),0)-P42-N42 -> 0 | Q42: =I42-(SUM(S42:AG42))+L42 -> 0 | R42: =IF(Q42<0,"ATENÇÃO","OK") -> OK
B43: 40 | D43: Placa fotoluminescente extintor CO² de PVC 30 x 30cm. Fornecimento e instalação. | E43: SCALA | F43: PEÇA | G43: 30.44 | H43: 31.14 | I43: 3 | J43: =IF(SUM(S43:AG43)>I43+L43,I43+L43,SUM(S43:AG43)) -> 0 | K43: =(SUM(S43:AG43)) -> 0 | M43: =ROUND(IF(I43*0.25-0.5<0,0,I43*0.25-0.5),0)-P43-N43 -> 0 | Q43: =I43-(SUM(S43:AG43))+L43 -> 3 | R43: =IF(Q43<0,"ATENÇÃO","OK") -> OK
B44: 41 | D44: Placa fotoluminescente extintor de PVC 20x20cm. Fornecimento e instalação. | E44: SCALA | F44: PEÇA | G44: 30.44 | H44: 16.58 | I44: 8 | J44: =IF(SUM(S44:AG44)>I44+L44,I44+L44,SUM(S44:AG44)) -> 0 | K44: =(SUM(S44:AG44)) -> 0 | M44: =ROUND(IF(I44*0.25-0.5<0,0,I44*0.25-0.5),0)-P44-N44 -> 2 | Q44: =I44-(SUM(S44:AG44))+L44 -> 8 | R44: =IF(Q44<0,"ATENÇÃO","OK") -> OK
B45: 42 | D45: Placa de sinalização saída de emergência LED autônoma 24x18cm - uma face. Fornecimento e instalação. | E45: LUXPRYME | F45: PEÇA | G45: 30.44 | H45: 61.9 | J45: =IF(SUM(S45:AG45)>I45+L45,I45+L45,SUM(S45:AG45)) -> 0 | K45: =(SUM(S45:AG45)) -> 0 | M45: =ROUND(IF(I45*0.25-0.5<0,0,I45*0.25-0.5),0)-P45-N45 -> 0 | Q45: =I45-(SUM(S45:AG45))+L45 -> 0 | R45: =IF(Q45<0,"ATENÇÃO","OK") -> OK
B46: 43 | D46: Placa extintor com seta de PVC 13 x 20cm. Fornecimento e instalação. | E46: SCALA | F46: PEÇA | G46: 30.44 | H46: 12.84 | J46: =IF(SUM(S46:AG46)>I46+L46,I46+L46,SUM(S46:AG46)) -> 0 | K46: =(SUM(S46:AG46)) -> 0 | M46: =ROUND(IF(I46*0.25-0.5<0,0,I46*0.25-0.5),0)-P46-N46 -> 0 | Q46: =I46-(SUM(S46:AG46))+L46 -> 0 | R46: =IF(Q46<0,"ATENÇÃO","OK") -> OK
B47: 44 | D47: Serviço de teste do sistema de alarme - Preço por bloco. Emissão de laudo e documento de responsabilidade técnica. | E47: APAG | F47: SERVIÇO | G47: 39.17 | H47: 1164.18 | J47: =IF(SUM(S47:AG47)>I47+L47,I47+L47,SUM(S47:AG47)) -> 0 | K47: =(SUM(S47:AG47)) -> 0 | M47: =ROUND(IF(I47*0.25-0.5<0,0,I47*0.25-0.5),0)-P47-N47 -> 0 | Q47: =I47-(SUM(S47:AG47))+L47 -> 0 | R47: =IF(Q47<0,"ATENÇÃO","OK") -> OK
B48: 45 | D48: Serviço de teste do sistema de balizamento de saída - Preço por bloco. Emissão de laudo e documento de responsabilidade técnica. | E48: APAG | F48: SERVIÇO | G48: 39.17 | H48: 1456.2 | I48: 1 | J48: =IF(SUM(S48:AG48)>I48+L48,I48+L48,SUM(S48:AG48)) -> 0 | K48: =(SUM(S48:AG48)) -> 0 | M48: =ROUND(IF(I48*0.25-0.5<0,0,I48*0.25-0.5),0)-P48-N48 -> 0 | Q48: =I48-(SUM(S48:AG48))+L48 -> 1 | R48: =IF(Q48<0,"ATENÇÃO","OK") -> OK
B49: 46 | D49: Serviço de teste do sistema hidráulico preventivo de incêndio - Preço por bloco. Emissão de laudo e documento de responsabilidade técnica. | E49: APAG | F49: SERVIÇO | G49: 39.17 | H49: 1146.27 | J49: =IF(SUM(S49:AG49)>I49+L49,I49+L49,SUM(S49:AG49)) -> 0 | K49: =(SUM(S49:AG49)) -> 0 | M49: =ROUND(IF(I49*0.25-0.5<0,0,I49*0.25-0.5),0)-P49-N49 -> 0 | Q49: =I49-(SUM(S49:AG49))+L49 -> 0 | R49: =IF(Q49<0,"ATENÇÃO","OK") -> OK
B50: 47 | D50: Serviço de teste hidrostático em mangueira de incêndio. Emissão de laudo e documento de responsabilidade técnica. | E50: APAG | F50: SERVIÇO | G50: 39.17 | H50: 20.09 | I50: 1 | J50: =IF(SUM(S50:AG50)>I50+L50,I50+L50,SUM(S50:AG50)) -> 0 | K50: =(SUM(S50:AG50)) -> 0 | M50: =ROUND(IF(I50*0.25-0.5<0,0,I50*0.25-0.5),0)-P50-N50 -> 0 | Q50: =I50-(SUM(S50:AG50))+L50 -> 1 | R50: =IF(Q50<0,"ATENÇÃO","OK") -> OK
B51: 48 | D51: Serviço de teste de estanqueidade da rede de gás GLP - Restaurante Universitário/Laboratório. Emissão de laudo e documento de responsabilidade técnica. | E51: APAG | F51: SERVIÇO | G51: 39.17 | H51: 1375.99 | J51: =IF(SUM(S51:AG51)>I51+L51,I51+L51,SUM(S51:AG51)) -> 0 | K51: =(SUM(S51:AG51)) -> 0 | M51: =ROUND(IF(I51*0.25-0.5<0,0,I51*0.25-0.5),0)-P51-N51 -> 0 | Q51: =I51-(SUM(S51:AG51))+L51 -> 0 | R51: =IF(Q51<0,"ATENÇÃO","OK") -> OK
B52: 49 | D52: Serviço de teste do sistema de proteção contra descargas atmosféricas - Preço por bloco. Emissão de laudo e documento de responsabilidade técnica. | E52: APAG | F52: SERVIÇO | G52: 39.17 | H52: 599.61 | J52: =IF(SUM(S52:AG52)>I52+L52,I52+L52,SUM(S52:AG52)) -> 0 | K52: =(SUM(S52:AG52)) -> 0 | M52: =ROUND(IF(I52*0.25-0.5<0,0,I52*0.25-0.5),0)-P52-N52 -> 0 | Q52: =I52-(SUM(S52:AG52))+L52 -> 0 | R52: =IF(Q52<0,"ATENÇÃO","OK") -> OK
B53: 50 | D53: Serviço de manutenção nível III (reteste) extintor CO2 04 Kg. | E53: APAG | F53: SERVIÇO | G53: 39.17 | H53: 66.18 | J53: =IF(SUM(S53:AG53)>I53+L53,I53+L53,SUM(S53:AG53)) -> 0 | K53: =(SUM(S53:AG53)) -> 0 | M53: =ROUND(IF(I53*0.25-0.5<0,0,I53*0.25-0.5),0)-P53-N53 -> 0 | Q53: =I53-(SUM(S53:AG53))+L53 -> 0 | R53: =IF(Q53<0,"ATENÇÃO","OK") -> OK
B54: 51 | D54: Serviço de manutenção nível III (reteste) extintor CO2 06 Kg. | E54: APAG | F54: SERVIÇO | G54: 39.17 | H54: 56.06 | J54: =IF(SUM(S54:AG54)>I54+L54,I54+L54,SUM(S54:AG54)) -> 0 | K54: =(SUM(S54:AG54)) -> 0 | M54: =ROUND(IF(I54*0.25-0.5<0,0,I54*0.25-0.5),0)-P54-N54 -> 0 | Q54: =I54-(SUM(S54:AG54))+L54 -> 0 | R54: =IF(Q54<0,"ATENÇÃO","OK") -> OK
B55: 52 | D55: Serviço de manutenção nível III (reteste) extintor pó químico 4 Kg ABC | E55: APAG | F55: SERVIÇO | G55: 39.17 | H55: 10.87 | J55: =IF(SUM(S55:AG55)>I55+L55,I55+L55,SUM(S55:AG55)) -> 0 | K55: =(SUM(S55:AG55)) -> 0 | M55: =ROUND(IF(I55*0.25-0.5<0,0,I55*0.25-0.5),0)-P55-N55 -> 0 | Q55: =I55-(SUM(S55:AG55))+L55 -> 0 | R55: =IF(Q55<0,"ATENÇÃO","OK") -> OK
B56: 53 | D56: Serviço de manutenção nível III (reteste) extintor pó químico 4 Kg BC | E56: APAG | F56: SERVIÇO | G56: 39.17 | H56: 11.6 | J56: =IF(SUM(S56:AG56)>I56+L56,I56+L56,SUM(S56:AG56)) -> 0 | K56: =(SUM(S56:AG56)) -> 0 | M56: =ROUND(IF(I56*0.25-0.5<0,0,I56*0.25-0.5),0)-P56-N56 -> 0 | Q56: =I56-(SUM(S56:AG56))+L56 -> 0 | R56: =IF(Q56<0,"ATENÇÃO","OK") -> OK
B57: 54 | D57: Serviço de manutenção nível III (reteste) extintor pó químico 6 Kg BC | E57: APAG | F57: SERVIÇO | G57: 39.17 | H57: 10.86 | J57: =IF(SUM(S57:AG57)>I57+L57,I57+L57,SUM(S57:AG57)) -> 0 | K57: =(SUM(S57:AG57)) -> 0 | M57: =ROUND(IF(I57*0.25-0.5<0,0,I57*0.25-0.5),0)-P57-N57 -> 0 | Q57: =I57-(SUM(S57:AG57))+L57 -> 0 | R57: =IF(Q57<0,"ATENÇÃO","OK") -> OK
B58: 55 | D58: Serviço de manutenção nível III (reteste) extintor água 10 L. | E58: APAG | F58: SERVIÇO | G58: 39.17 | H58: 8.56 | J58: =IF(SUM(S58:AG58)>I58+L58,I58+L58,SUM(S58:AG58)) -> 0 | K58: =(SUM(S58:AG58)) -> 0 | M58: =ROUND(IF(I58*0.25-0.5<0,0,I58*0.25-0.5),0)-P58-N58 -> 0 | Q58: =I58-(SUM(S58:AG58))+L58 -> 0 | R58: =IF(Q58<0,"ATENÇÃO","OK") -> OK
B59: 56 | D59: Serviço de manutenção nível III (reteste) extintor espuma mecânica 10 L | E59: APAG | F59: SERVIÇO | G59: 39.17 | H59: 63.79 | J59: =IF(SUM(S59:AG59)>I59+L59,I59+L59,SUM(S59:AG59)) -> 0 | K59: =(SUM(S59:AG59)) -> 0 | M59: =ROUND(IF(I59*0.25-0.5<0,0,I59*0.25-0.5),0)-P59-N59 -> 0 | Q59: =I59-(SUM(S59:AG59))+L59 -> 0 | R59: =IF(Q59<0,"ATENÇÃO","OK") -> OK
I60: =SUM(I4:I59) -> 43 | J60: =SUM(J4:J59) -> 0 | K60: =SUM(K4:K59) -> 0 | L60: =SUM(L4:L59) -> 0 | M60: =SUM(M4:M59) -> 6 | N60: =SUM(N4:N59) -> 0 | O60: =SUM(O4:O59) -> 0 | P60: =SUM(P4:P59) -> 0 | Q60: =SUM(Q4:Q59) -> 43 | S60: =SUMPRODUCT($H$4:$H$59,S4:S59) -> 0 | T60: =SUMPRODUCT($H$4:$H$59,T4:T59) -> 0 | U60: =SUMPRODUCT($H$4:$H$59,U4:U59) -> 0 | V60: =SUMPRODUCT($H$4:$H$59,V4:V59) -> 0 | W60: =SUMPRODUCT($H$4:$H$59,W4:W59) -> 0 | X60: =SUMPRODUCT($H$4:$H$59,X4:X59) -> 0 | Y60: =SUMPRODUCT($H$4:$H$59,Y4:Y59) -> 0 | Z60: =SUMPRODUCT($H$4:$H$59,Z4:Z59) -> 0 | ... AG60: =SUMPRODUCT($H$4:$H$59,AG4:AG59) -> 0
I61: =SUMPRODUCT($H$4:$H$59,I4:I59) -> 3094.53 | J61: =SUMPRODUCT($H$4:$H$59,J4:J59) -> 0 | K61: =SUMPRODUCT($H$4:$H$59,K4:K59) -> 0 | L61: =SUMPRODUCT($H$4:$H$59,L4:L59) -> 0 | M61: =SUMPRODUCT($H$4:$H$59,M4:M59) -> 140.6 | N61: =SUMPRODUCT($H$4:$H$59,N4:N59) -> 0 | O61: =SUMPRODUCT($H$4:$H$59,O4:O59) -> 0 | P61: =SUMPRODUCT($H$4:$H$59,P4:P59) -> 0

Sheet CESFI
A1: SRP PE 1070/2026 SGPE 15960/2026 | D1: OBJETO: CONTRATAÇÃO DE EMPRESA PARA MANUTENÇÃO DE EXTINTORES E AQUISIÇÃO DE MATERIAIS E EQUIPAMENTOS DE SEGURANÇA E COMBATE A INCÊNDIO PARA A UDESC | I1: VIGÊNCIA DA ATA: 22/10/2026 A 22/10/2027 | S1: AF nºxxx/2026 Qtde. DT | T1: AF nºxxx/2026 Qtde. DT | U1: AF nºxxx/2026 Qtde. DT | V1: AF nºxxx/2026 Qtde. DT | W1: AF nºxxx/2026 Qtde. DT | X1: AF nºxxx/2026 Qtde. DT | Y1: AF nºxxx/2026 Qtde. DT | Z1: AF nºxxx/2026 Qtde. DT | AA1: AF nºxxx/2026 Qtde. DT | AB1: AF nºxxx/2026 Qtde. DT | AC1: AF nºxxx/2026 Qtde. DT | AD1: AF nºxxx/2026 Qtde. DT | AE1: AF nºxxx/2026 Qtde. DT | AF1: AF nºxxx/2026 Qtde. DT | AG1: AF nºxxx/2026 Qtde. DT
A2: CENTRO PARTICIPANTE: REITORIA
A3: Lote | B3: Item | C3: Empresa | D3: Descrição | E3: Marca | F3: Unidade de Compra | G3: Detalhamento | H3: Preço Unitário | I3: Quantidade Registrada | J3: Qtdade utilizada da ata | K3: Qtdade utilizada total | L3: Qtdade Receb./Cedida | M3: Qtdade disponível para aditivar | N3: Qtdade aditivada própria | O3: Qtdade aditivos recebidos | P3: Qtdade aditivos cedidos | Q3: Saldo / Automático | R3: ALERTA | S3: ...../...../2026 | T3: ...../...../2026 | U3: ...../...../2026 | V3: ...../...../2026 | W3: ...../...../2026 | X3: ...../...../2026 | Y3: ...../...../2026 | Z3: ...../...../2026 | AA3: ...../...../2026 | AB3: ...../...../2026 | AC3: ...../...../2026 | AD3: ...../...../2026 | AE3: ...../...../2026 | AF3: ...../...../2026 | AG3: ...../...../2026
A4: 1 | B4: 1 | C4: APAG PRODUTOS E SERVIÇOS LTDA 02.591.012/0001-63 | D4: Bateria para centrais de alarme de incêndio endereçável 12V/1,3AH. Fornecimento e instalação. | E4: UNIPOWER | F4: PEÇA | G4: 30.28 | H4: 100.45 | I4: 1 | J4: =IF(SUM(S4:AG4)>I4+L4,I4+L4,SUM(S4:AG4)) -> 0 | K4: =(SUM(S4:AG4)) -> 0 | M4: =ROUND(IF(I4*0.25-0.5<0,0,I4*0.25-0.5),0)-P4-N4 -> 0 | Q4: =I4-(SUM(S4:AG4))+L4 -> 1 | R4: =IF(Q4<0,"ATENÇÃO","OK") -> OK
B5: 2 | D5: Central de alarme de incêndio endereçável 125 endereços IP20 24V com bateria. Fornecimento e instalação. | E5: INTELBRAS | F5: PEÇA | G5: 30.28 | H5: 1705.39 | I5: 2 | J5: =IF(SUM(S5:AG5)>I5+L5,I5+L5,SUM(S5:AG5)) -> 0 | K5: =(SUM(S5:AG5)) -> 0 | M5: =ROUND(IF(I5*0.25-0.5<0,0,I5*0.25-0.5),0)-P5-N5 -> 0 | Q5: =I5-(SUM(S5:AG5))+L5 -> 2 | R5: =IF(Q5<0,"ATENÇÃO","OK") -> OK
B6: 3 | D6: Detector óptico de fumaça endereçável compact. Fornecimento e instalação. | E6: INTELBRAS | F6: PEÇA | G6: 30.28 | H6: 136.27 | J6: =IF(SUM(S6:AG6)>I6+L6,I6+L6,SUM(S6:AG6)) -> 0 | K6: =(SUM(S6:AG6)) -> 0 | M6: =ROUND(IF(I6*0.25-0.5<0,0,I6*0.25-0.5),0)-P6-N6 -> 0 | Q6: =I6-(SUM(S6:AG6))+L6 -> 0 | R6: =IF(Q6<0,"ATENÇÃO","OK") -> OK
B7: 4 | D7: Detector óptico de fumaça endereçável 24V. Fornecimento e instalação. | E7: INTELBRAS | F7: PEÇA | G7: 30.28 | H7: 154.18 | I7: 4 | J7: =IF(SUM(S7:AG7)>I7+L7,I7+L7,SUM(S7:AG7)) -> 0 | K7: =(SUM(S7:AG7)) -> 0 | M7: =ROUND(IF(I7*0.25-0.5<0,0,I7*0.25-0.5),0)-P7-N7 -> 1 | Q7: =I7-(SUM(S7:AG7))+L7 -> 4 | R7: =IF(Q7<0,"ATENÇÃO","OK") -> OK
B8: 5 | D8: Detector termovelocimétrico 24VCC endereçável com módulo (T). Fornecimento e instalação. | E8: INTELBRAS | F8: PEÇA | G8: 30.28 | H8: 159.63 | J8: =IF(SUM(S8:AG8)>I8+L8,I8+L8,SUM(S8:AG8)) -> 0 | K8: =(SUM(S8:AG8)) -> 0 | M8: =ROUND(IF(I8*0.25-0.5<0,0,I8*0.25-0.5),0)-P8-N8 -> 0 | Q8: =I8-(SUM(S8:AG8))+L8 -> 0 | R8: =IF(Q8<0,"ATENÇÃO","OK") -> OK
B9: 6 | D9: Fonte auxiliar IP20 24V endereçável. Fornecimento e instalação. | E9: INTELBRAS | F9: PEÇA | G9: 30.28 | H9: 692.28 | J9: =IF(SUM(S9:AG9)>I9+L9,I9+L9,SUM(S9:AG9)) -> 0 | K9: =(SUM(S9:AG9)) -> 0 | M9: =ROUND(IF(I9*0.25-0.5<0,0,I9*0.25-0.5),0)-P9-N9 -> 0 | Q9: =I9-(SUM(S9:AG9))+L9 -> 0 | R9: =IF(Q9<0,"ATENÇÃO","OK") -> OK
B10: 7 | D10: Fonte de alimentação IP20 24V endereçável. Fornecimento e instalação. | E10: INTELBRAS | F10: PEÇA | G10: 30.28 | H10: 700.84 | J10: =IF(SUM(S10:AG10)>I10+L10,I10+L10,SUM(S10:AG10)) -> 0 | K10: =(SUM(S10:AG10)) -> 0 | M10: =ROUND(IF(I10*0.25-0.5<0,0,I10*0.25-0.5),0)-P10-N10 -> 0 | Q10: =I10-(SUM(S10:AG10))+L10 -> 0 | R10: =IF(Q10<0,"ATENÇÃO","OK") -> OK
B11: 8 | D11: Caixa de alumínio para extintor PQS 6 kg. Fornecimento e instalação. | E11: APAG | F11: PEÇA | G11: 30.28 | H11: 193.12 | J11: =IF(SUM(S11:AG11)>I11+L11,I11+L11,SUM(S11:AG11)) -> 0 | K11: =(SUM(S11:AG11)) -> 0 | M11: =ROUND(IF(I11*0.25-0.5<0,0,I11*0.25-0.5),0)-P11-N11 -> 0 | Q11: =I11-(SUM(S11:AG11))+L11 -> 0 | R11: =IF(Q11<0,"ATENÇÃO","OK") -> OK
B12: 9 | D12: Carga em extintor CO2 04 kg. Fornecimento e instalação. | E12: APAG | F12: PEÇA | G12: 30.04 | H12: 61.51 | J12: =IF(SUM(S12:AG12)>I12+L12,I12+L12,SUM(S12:AG12)) -> 0 | K12: =(SUM(S12:AG12)) -> 0 | M12: =ROUND(IF(I12*0.25-0.5<0,0,I12*0.25-0.5),0)-P12-N12 -> 0 | Q12: =I12-(SUM(S12:AG12))+L12 -> 0 | R12: =IF(Q12<0,"ATENÇÃO","OK") -> OK
B13: 10 | D13: Carga em extintor CO2 06 kg. Fornecimento e instalação. | E13: APAG | F13: PEÇA | G13: 30.04 | H13: 93.44 | I13: 3 | J13: =IF(SUM(S13:AG13)>I13+L13,I13+L13,SUM(S13:AG13)) -> 0 | K13: =(SUM(S13:AG13)) -> 0 | M13: =ROUND(IF(I13*0.25-0.5<0,0,I13*0.25-0.5),0)-P13-N13 -> 0 | Q13: =I13-(SUM(S13:AG13))+L13 -> 3 | R13: =IF(Q13<0,"ATENÇÃO","OK") -> OK
B14: 11 | D14: Carga em extintor pó químico 04 kg ABC. Fornecimento e instalação. | E14: APAG | F14: PEÇA | G14: 30.04 | H14: 45.16 | I14: 45 | J14: =IF(SUM(S14:AG14)>I14+L14,I14+L14,SUM(S14:AG14)) -> 0 | K14: =(SUM(S14:AG14)) -> 0 | M14: =ROUND(IF(I14*0.25-0.5<0,0,I14*0.25-0.5),0)-P14-N14 -> 11 | Q14: =I14-(SUM(S14:AG14))+L14 -> 45 | R14: =IF(Q14<0,"ATENÇÃO","OK") -> OK
B15: 12 | D15: Carga em extintor pó químico 04 kg BC. Fornecimento e instalação. | E15: APAG | F15: PEÇA | G15: 30.04 | H15: 42.82 | J15: =IF(SUM(S15:AG15)>I15+L15,I15+L15,SUM(S15:AG15)) -> 0 | K15: =(SUM(S15:AG15)) -> 0 | M15: =ROUND(IF(I15*0.25-0.5<0,0,I15*0.25-0.5),0)-P15-N15 -> 0 | Q15: =I15-(SUM(S15:AG15))+L15 -> 0 | R15: =IF(Q15<0,"ATENÇÃO","OK") -> OK
B16: 13 | D16: Carga em extintor pó químico 06 kg BC. Fornecimento e instalação. | E16: APAG | F16: PEÇA | G16: 30.04 | H16: 53.73 | I16: 8 | J16: =IF(SUM(S16:AG16)>I16+L16,I16+L16,SUM(S16:AG16)) -> 0 | K16: =(SUM(S16:AG16)) -> 0 | M16: =ROUND(IF(I16*0.25-0.5<0,0,I16*0.25-0.5),0)-P16-N16 -> 2 | Q16: =I16-(SUM(S16:AG16))+L16 -> 8 | R16: =IF(Q16<0,"ATENÇÃO","OK") -> OK
B17: 14 | D17: Carga em extintor água 10 L . Fornecimento e instalação. | E17: APAG | F17: PEÇA | G17: 30.04 | H17: 28.81 | J17: =IF(SUM(S17:AG17)>I17+L17,I17+L17,SUM(S17:AG17)) -> 0 | K17: =(SUM(S17:AG17)) -> 0 | M17: =ROUND(IF(I17*0.25-0.5<0,0,I17*0.25-0.5),0)-P17-N17 -> 0 | Q17: =I17-(SUM(S17:AG17))+L17 -> 0 | R17: =IF(Q17<0,"ATENÇÃO","OK") -> OK
B18: 15 | D18: Extintor PQS 4KG ABC . Fornecimento e instalação. | E18: EXTANG | F18: PEÇA | G18: 30.28 | H18: 136.27 | I18: 6 | J18: =IF(SUM(S18:AG18)>I18+L18,I18+L18,SUM(S18:AG18)) -> 0 | K18: =(SUM(S18:AG18)) -> 0 | M18: =ROUND(IF(I18*0.25-0.5<0,0,I18*0.25-0.5),0)-P18-N18 -> 1 | Q18: =I18-(SUM(S18:AG18))+L18 -> 6 | R18: =IF(Q18<0,"ATENÇÃO","OK") -> OK
B19: 16 | D19: Suporte de chão reforçado modelo tripé P4/P6. Fornecimento e instalação. | E19: APAG | F19: PEÇA | G19: 30.28 | H19: 35.04 | I19: 6 | J19: =IF(SUM(S19:AG19)>I19+L19,I19+L19,SUM(S19:AG19)) -> 0 | K19: =(SUM(S19:AG19)) -> 0 | M19: =ROUND(IF(I19*0.25-0.5<0,0,I19*0.25-0.5),0)-P19-N19 -> 1 | Q19: =I19-(SUM(S19:AG19))+L19 -> 6 | R19: =IF(Q19<0,"ATENÇÃO","OK") -> OK
B20: 17 | D20: Suporte de chão reforçado modelo tripé P8/P12/AP/CO2. Fornecimento e instalação. | E20: APAG | F20: PEÇA | G20: 30.28 | H20: 36.59 | I20: 1 | J20: =IF(SUM(S20:AG20)>I20+L20,I20+L20,SUM(S20:AG20)) -> 0 | K20: =(SUM(S20:AG20)) -> 0 | M20: =ROUND(IF(I20*0.25-0.5<0,0,I20*0.25-0.5),0)-P20-N20 -> 0 | Q20: =I20-(SUM(S20:AG20))+L20 -> 1 | R20: =IF(Q20<0,"ATENÇÃO","OK") -> OK
B21: 18 | D21: Suporte de parede para extintor. Fornecimento e instalação. | E21: APAG | F21: PEÇA | G21: 30.28 | H21: 15.57 | J21: =IF(SUM(S21:AG21)>I21+L21,I21+L21,SUM(S21:AG21)) -> 0 | K21: =(SUM(S21:AG21)) -> 0 | M21: =ROUND(IF(I21*0.25-0.5<0,0,I21*0.25-0.5),0)-P21-N21 -> 0 | Q21: =I21-(SUM(S21:AG21))+L21 -> 0 | R21: =IF(Q21<0,"ATENÇÃO","OK") -> OK
B22: 19 | D22: Mangueira de incêndio predial tipo 2 - 1.1/2 pol. x 15m. Fornecimento e instalação. | E22: SEGURIMAX | F22: PEÇA | G22: 30.28 | H22: 325.5 | J22: =IF(SUM(S22:AG22)>I22+L22,I22+L22,SUM(S22:AG22)) -> 0 | K22: =(SUM(S22:AG22)) -> 0 | M22: =ROUND(IF(I22*0.25-0.5<0,0,I22*0.25-0.5),0)-P22-N22 -> 0 | Q22: =I22-(SUM(S22:AG22))+L22 -> 0 | R22: =IF(Q22<0,"ATENÇÃO","OK") -> OK
B23: 20 | D23: Mangueira extintor CO2 4/6 kg. Fornecimento e instalação. | E23: SEGURIMAX | F23: PEÇA | G23: 30.28 | H23: 49.05 | J23: =IF(SUM(S23:AG23)>I23+L23,I23+L23,SUM(S23:AG23)) -> 0 | K23: =(SUM(S23:AG23)) -> 0 | M23: =ROUND(IF(I23*0.25-0.5<0,0,I23*0.25-0.5),0)-P23-N23 -> 0 | Q23: =I23-(SUM(S23:AG23))+L23 -> 0 | R23: =IF(Q23<0,"ATENÇÃO","OK") -> OK
B24: 21 | D24: Mangueira extintor pó químico 4/6 kg. Fornecimento e instalação. | E24: MARAGNA | F24: PEÇA | G24: 30.28 | H24: 21.8 | J24: =IF(SUM(S24:AG24)>I24+L24,I24+L24,SUM(S24:AG24)) -> 0 | K24: =(SUM(S24:AG24)) -> 0 | M24: =ROUND(IF(I24*0.25-0.5<0,0,I24*0.25-0.5),0)-P24-N24 -> 0 | Q24: =I24-(SUM(S24:AG24))+L24 -> 0 | R24: =IF(Q24<0,"ATENÇÃO","OK") -> OK
B25: 22 | D25: Difusor extintor CO2 4/6 kg. Fornecimento e instalação. | E25: MARAGNA | F25: PEÇA | G25: 30.28 | H25: 9.34 | J25: =IF(SUM(S25:AG25)>I25+L25,I25+L25,SUM(S25:AG25)) -> 0 | K25: =(SUM(S25:AG25)) -> 0 | M25: =ROUND(IF(I25*0.25-0.5<0,0,I25*0.25-0.5),0)-P25-N25 -> 0 | Q25: =I25-(SUM(S25:AG25))+L25 -> 0 | R25: =IF(Q25<0,"ATENÇÃO","OK") -> OK
B26: 23 | D26: Manômetro extintor pó químico. Fornecimento e instalação. | E26: MERCOSUL | F26: PEÇA | G26: 30.28 | H26: 4.67 | J26: =IF(SUM(S26:AG26)>I26+L26,I26+L26,SUM(S26:AG26)) -> 0 | K26: =(SUM(S26:AG26)) -> 0 | M26: =ROUND(IF(I26*0.25-0.5<0,0,I26*0.25-0.5),0)-P26-N26 -> 0 | Q26: =I26-(SUM(S26:AG26))+L26 -> 0 | R26: =IF(Q26<0,"ATENÇÃO","OK") -> OK
B27: 24 | D27: Válvula extintor CO2 4/6 kg. Fornecimento e instalação. | E27: MERCOSUL | F27: PEÇA | G27: 30.28 | H27: 77.87 | J27: =IF(SUM(S27:AG27)>I27+L27,I27+L27,SUM(S27:AG27)) -> 0 | K27: =(SUM(S27:AG27)) -> 0 | M27: =ROUND(IF(I27*0.25-0.5<0,0,I27*0.25-0.5),0)-P27-N27 -> 0 | Q27: =I27-(SUM(S27:AG27))+L27 -> 0 | R27: =IF(Q27<0,"ATENÇÃO","OK") -> OK
B28: 25 | D28: Válvula extintor pó químico 4/6 kg. Fornecimento e instalação. | E28: MERCOSUL | F28: PEÇA | G28: 30.28 | H28: 32.7 | J28: =IF(SUM(S28:AG28)>I28+L28,I28+L28,SUM(S28:AG28)) -> 0 | K28: =(SUM(S28:AG28)) -> 0 | M28: =ROUND(IF(I28*0.25-0.5<0,0,I28*0.25-0.5),0)-P28-N28 -> 0 | Q28: =I28-(SUM(S28:AG28))+L28 -> 0 | R28: =IF(Q28<0,"ATENÇÃO","OK") -> OK
B29: 26 | D29: Bloco de iluminação de emergência autônoma LED 2 faróis 3000 lúmens. Fornecimento e instalação. | E29: SEGURIMAX | F29: PEÇA | G29: 30.26 | H29: 203.24 | I29: 25 | J29: =IF(SUM(S29:AG29)>I29+L29,I29+L29,SUM(S29:AG29)) -> 0 | K29: =(SUM(S29:AG29)) -> 0 | M29: =ROUND(IF(I29*0.25-0.5<0,0,I29*0.25-0.5),0)-P29-N29 -> 6 | Q29: =I29-(SUM(S29:AG29))+L29 -> 25 | R29: =IF(Q29<0,"ATENÇÃO","OK") -> OK
B30: 27 | D30: Bloco de iluminação de emergência autônoma LED 2 faróis 1200 lúmens. Fornecimento e instalação. | E30: LUXPRYME | F30: PEÇA | G30: 30.26 | H30: 207.13 | J30: =IF(SUM(S30:AG30)>I30+L30,I30+L30,SUM(S30:AG30)) -> 0 | K30: =(SUM(S30:AG30)) -> 0 | M30: =ROUND(IF(I30*0.25-0.5<0,0,I30*0.25-0.5),0)-P30-N30 -> 0 | Q30: =I30-(SUM(S30:AG30))+L30 -> 0 | R30: =IF(Q30<0,"ATENÇÃO","OK") -> OK
B31: 28 | D31: Bloco de iluminação de emergência coletiva LED 2 faróis 1200 lúmens. Fornecimento e instalação. | E31: LUXPRYME | F31: PEÇA | G31: 30.26 | H31: 70.08 | J31: =IF(SUM(S31:AG31)>I31+L31,I31+L31,SUM(S31:AG31)) -> 0 | K31: =(SUM(S31:AG31)) -> 0 | M31: =ROUND(IF(I31*0.25-0.5<0,0,I31*0.25-0.5),0)-P31-N31 -> 0 | Q31: =I31-(SUM(S31:AG31))+L31 -> 0 | R31: =IF(Q31<0,"ATENÇÃO","OK") -> OK
B32: 29 | D32: Central de iluminação de emergência 24V sem bateria. Fornecimento e instalação. | E32: LUXPRYME | F32: PEÇA | G32: 30.26 | H32: 1479.56 | I32: 2 | J32: =IF(SUM(S60:AG60)>I32+L32,I32+L32,SUM(S60:AG60)) -> 0 | K32: =(SUM(S60:AG60)) -> 0 | M32: =ROUND(IF(I32*0.25-0.5<0,0,I32*0.25-0.5),0)-P32-N32 -> 0 | Q32: =I32-(SUM(S60:AG60))+L32 -> 2 | R32: =IF(Q32<0,"ATENÇÃO","OK") -> OK
B33: 30 | D33: Luminária de emergência autônoma 30 LED super Slim. Fornecimento e instalação. | E33: SEGURIMAX | F33: PEÇA | G33: 30.26 | H33: 18.68 | I33: 50 | J33: =IF(SUM(S33:AG33)>I33+L33,I33+L33,SUM(S33:AG33)) -> 0 | K33: =(SUM(S33:AG33)) -> 0 | M33: =ROUND(IF(I33*0.25-0.5<0,0,I33*0.25-0.5),0)-P33-N33 -> 12 | Q33: =I33-(SUM(S33:AG33))+L33 -> 50 | R33: =IF(Q33<0,"ATENÇÃO","OK") -> OK
B34: 31 | D34: Placa fotoluminescente em caso de incêndio não use o elevador de PVC 24 x 12cm. Fornecimento e instalação. | E34: SCALA | F34: PEÇA | G34: 30.44 | H34: 7.24 | J34: =IF(SUM(S34:AG34)>I34+L34,I34+L34,SUM(S34:AG34)) -> 0 | K34: =(SUM(S34:AG34)) -> 0 | M34: =ROUND(IF(I34*0.25-0.5<0,0,I34*0.25-0.5),0)-P34-N34 -> 0 | Q34: =I34-(SUM(S34:AG34))+L34 -> 0 | R34: =IF(Q34<0,"ATENÇÃO","OK") -> OK
B35: 32 | D35: Placa fotoluminescente rota de fuga pela escada à direita seta para baixo de PVC 30 x 15cm. Fornecimento e instalação. | E35: SCALA | F35: PEÇA | G35: 30.44 | H35: 22.58 | J35: =IF(SUM(S35:AG35)>I35+L35,I35+L35,SUM(S35:AG35)) -> 0 | K35: =(SUM(S35:AG35)) -> 0 | M35: =ROUND(IF(I35*0.25-0.5<0,0,I35*0.25-0.5),0)-P35-N35 -> 0 | Q35: =I35-(SUM(S35:AG35))+L35 -> 0 | R35: =IF(Q35<0,"ATENÇÃO","OK") -> OK
B36: 33 | D36: Placa fotoluminescente rota de fuga pela escada à esquerda seta para baixo de PVC 30 x 15cm. Fornecimento e instalação. | E36: SCALA | F36: PEÇA | G36: 30.44 | H36: 23.36 | J36: =IF(SUM(S36:AG36)>I36+L36,I36+L36,SUM(S36:AG36)) -> 0 | K36: =(SUM(S36:AG36)) -> 0 | M36: =ROUND(IF(I36*0.25-0.5<0,0,I36*0.25-0.5),0)-P36-N36 -> 0 | Q36: =I36-(SUM(S36:AG36))+L36 -> 0 | R36: =IF(Q36<0,"ATENÇÃO","OK") -> OK
B37: 34 | D37: Placa fotoluminescente saída de emergência de PVC 30x15cm. Fornecimento e instalação. | E37: SCALA | F37: PEÇA | G37: 30.44 | H37: 12.22 | J37: =IF(SUM(S37:AG37)>I37+L37,I37+L37,SUM(S37:AG37)) -> 0 | K37: =(SUM(S37:AG37)) -> 0 | M37: =ROUND(IF(I37*0.25-0.5<0,0,I37*0.25-0.5),0)-P37-N37 -> 0 | Q37: =I37-(SUM(S37:AG37))+L37 -> 0 | R37: =IF(Q37<0,"ATENÇÃO","OK") -> OK
B38: 35 | D38: Placa fotoluminescente saída duas faces de PVC 24 x 12cm. Fornecimento e instalação. | E38: SCALA | F38: PEÇA | G38: 30.44 | H38: 16.82 | J38: =IF(SUM(S38:AG38)>I38+L38,I38+L38,SUM(S38:AG38)) -> 0 | K38: =(SUM(S38:AG38)) -> 0 | M38: =ROUND(IF(I38*0.25-0.5<0,0,I38*0.25-0.5),0)-P38-N38 -> 0 | Q38: =I38-(SUM(S38:AG38))+L38 -> 0 | R38: =IF(Q38<0,"ATENÇÃO","OK") -> OK
B39: 36 | D39: Placa fotoluminescente saída seta para direita de PVC 25x16cm. Fornecimento e instalação. | E39: SCALA | F39: PEÇA | G39: 30.44 | H39: 13.82 | J39: =IF(SUM(S39:AG39)>I39+L39,I39+L39,SUM(S39:AG39)) -> 0 | K39: =(SUM(S39:AG39)) -> 0 | M39: =ROUND(IF(I39*0.25-0.5<0,0,I39*0.25-0.5),0)-P39-N39 -> 0 | Q39: =I39-(SUM(S39:AG39))+L39 -> 0 | R39: =IF(Q39<0,"ATENÇÃO","OK") -> OK
B40: 37 | D40: Placa fotoluminescente saída seta para esquerda de PVC 25x16cm. Fornecimento e instalação. | E40: SCALA | F40: PEÇA | G40: 30.44 | H40: 11.68 | J40: =IF(SUM(S40:AG40)>I40+L40,I40+L40,SUM(S40:AG40)) -> 0 | K40: =(SUM(S40:AG40)) -> 0 | M40: =ROUND(IF(I40*0.25-0.5<0,0,I40*0.25-0.5),0)-P40-N40 -> 0 | Q40: =I40-(SUM(S40:AG40))+L40 -> 0 | R40: =IF(Q40<0,"ATENÇÃO","OK") -> OK
B41: 38 | D41: Placa fotoluminescente alarme de incêndio de PVC 20x30cm. Fornecimento e instalação. | E41: SCALA | F41: PEÇA | G41: 30.44 | H41: 14.01 | I41: 5 | J41: =IF(SUM(S41:AG41)>I41+L41,I41+L41,SUM(S41:AG41)) -> 0 | K41: =(SUM(S41:AG41)) -> 0 | M41: =ROUND(IF(I41*0.25-0.5<0,0,I41*0.25-0.5),0)-P41-N41 -> 1 | Q41: =I41-(SUM(S41:AG41))+L41 -> 5 | R41: =IF(Q41<0,"ATENÇÃO","OK") -> OK
B42: 39 | D42: Placa fotoluminescente central de alarme de detecção de PVC 24 x 12cm. Fornecimento e instalação. | E42: SCALA | F42: PEÇA | G42: 30.44 | H42: 16.08 | I42: 5 | J42: =IF(SUM(S42:AG42)>I42+L42,I42+L42,SUM(S42:AG42)) -> 0 | K42: =(SUM(S42:AG42)) -> 0 | M42: =ROUND(IF(I42*0.25-0.5<0,0,I42*0.25-0.5),0)-P42-N42 -> 1 | Q42: =I42-(SUM(S42:AG42))+L42 -> 5 | R42: =IF(Q42<0,"ATENÇÃO","OK") -> OK
B43: 40 | D43: Placa fotoluminescente extintor CO² de PVC 30 x 30cm. Fornecimento e instalação. | E43: SCALA | F43: PEÇA | G43: 30.44 | H43: 31.14 | I43: 5 | J43: =IF(SUM(S43:AG43)>I43+L43,I43+L43,SUM(S43:AG43)) -> 0 | K43: =(SUM(S43:AG43)) -> 0 | M43: =ROUND(IF(I43*0.25-0.5<0,0,I43*0.25-0.5),0)-P43-N43 -> 1 | Q43: =I43-(SUM(S43:AG43))+L43 -> 5 | R43: =IF(Q43<0,"ATENÇÃO","OK") -> OK
B44: 41 | D44: Placa fotoluminescente extintor de PVC 20x20cm. Fornecimento e instalação. | E44: SCALA | F44: PEÇA | G44: 30.44 | H44: 16.58 | I44: 5 | J44: =IF(SUM(S44:AG44)>I44+L44,I44+L44,SUM(S44:AG44)) -> 0 | K44: =(SUM(S44:AG44)) -> 0 | M44: =ROUND(IF(I44*0.25-0.5<0,0,I44*0.25-0.5),0)-P44-N44 -> 1 | Q44: =I44-(SUM(S44:AG44))+L44 -> 5 | R44: =IF(Q44<0,"ATENÇÃO","OK") -> OK
B45: 42 | D45: Placa de sinalização saída de emergência LED autônoma 24x18cm - uma face. Fornecimento e instalação. | E45: LUXPRYME | F45: PEÇA | G45: 30.44 | H45: 61.9 | J45: =IF(SUM(S45:AG45)>I45+L45,I45+L45,SUM(S45:AG45)) -> 0 | K45: =(SUM(S45:AG45)) -> 0 | M45: =ROUND(IF(I45*0.25-0.5<0,0,I45*0.25-0.5),0)-P45-N45 -> 0 | Q45: =I45-(SUM(S45:AG45))+L45 -> 0 | R45: =IF(Q45<0,"ATENÇÃO","OK") -> OK
B46: 43 | D46: Placa extintor com seta de PVC 13 x 20cm. Fornecimento e instalação. | E46: SCALA | F46: PEÇA | G46: 30.44 | H46: 12.84 | J46: =IF(SUM(S46:AG46)>I46+L46,I46+L46,SUM(S46:AG46)) -> 0 | K46: =(SUM(S46:AG46)) -> 0 | M46: =ROUND(IF(I46*0.25-0.5<0,0,I46*0.25-0.5),0)-P46-N46 -> 0 | Q46: =I46-(SUM(S46:AG46))+L46 -> 0 | R46: =IF(Q46<0,"ATENÇÃO","OK") -> OK
B47: 44 | D47: Serviço de teste do sistema de alarme - Preço por bloco. Emissão de laudo e documento de responsabilidade técnica. | E47: APAG | F47: SERVIÇO | G47: 39.17 | H47: 1164.18 | I47: 1 | J47: =IF(SUM(S47:AG47)>I47+L47,I47+L47,SUM(S47:AG47)) -> 0 | K47: =(SUM(S47:AG47)) -> 0 | M47: =ROUND(IF(I47*0.25-0.5<0,0,I47*0.25-0.5),0)-P47-N47 -> 0 | Q47: =I47-(SUM(S47:AG47))+L47 -> 1 | R47: =IF(Q47<0,"ATENÇÃO","OK") -> OK
B48: 45 | D48: Serviço de teste do sistema de balizamento de saída - Preço por bloco. Emissão de laudo e documento de responsabilidade técnica. | E48: APAG | F48: SERVIÇO | G48: 39.17 | H48: 1456.2 | I48: 1 | J48: =IF(SUM(S48:AG48)>I48+L48,I48+L48,SUM(S48:AG48)) -> 0 | K48: =(SUM(S48:AG48)) -> 0 | M48: =ROUND(IF(I48*0.25-0.5<0,0,I48*0.25-0.5),0)-P48-N48 -> 0 | Q48: =I48-(SUM(S48:AG48))+L48 -> 1 | R48: =IF(Q48<0,"ATENÇÃO","OK") -> OK
B49: 46 | D49: Serviço de teste do sistema hidráulico preventivo de incêndio - Preço por bloco. Emissão de laudo e documento de responsabilidade técnica. | E49: APAG | F49: SERVIÇO | G49: 39.17 | H49: 1146.27 | I49: 1 | J49: =IF(SUM(S49:AG49)>I49+L49,I49+L49,SUM(S49:AG49)) -> 0 | K49: =(SUM(S49:AG49)) -> 0 | M49: =ROUND(IF(I49*0.25-0.5<0,0,I49*0.25-0.5),0)-P49-N49 -> 0 | Q49: =I49-(SUM(S49:AG49))+L49 -> 1 | R49: =IF(Q49<0,"ATENÇÃO","OK") -> OK
B50: 47 | D50: Serviço de teste hidrostático em mangueira de incêndio. Emissão de laudo e documento de responsabilidade técnica. | E50: APAG | F50: SERVIÇO | G50: 39.17 | H50: 20.09 | I50: 16 | J50: =IF(SUM(S50:AG50)>I50+L50,I50+L50,SUM(S50:AG50)) -> 0 | K50: =(SUM(S50:AG50)) -> 0 | M50: =ROUND(IF(I50*0.25-0.5<0,0,I50*0.25-0.5),0)-P50-N50 -> 4 | Q50: =I50-(SUM(S50:AG50))+L50 -> 16 | R50: =IF(Q50<0,"ATENÇÃO","OK") -> OK
B51: 48 | D51: Serviço de teste de estanqueidade da rede de gás GLP - Restaurante Universitário/Laboratório. Emissão de laudo e documento de responsabilidade técnica. | E51: APAG | F51: SERVIÇO | G51: 39.17 | H51: 1375.99 | J51: =IF(SUM(S51:AG51)>I51+L51,I51+L51,SUM(S51:AG51)) -> 0 | K51: =(SUM(S51:AG51)) -> 0 | M51: =ROUND(IF(I51*0.25-0.5<0,0,I51*0.25-0.5),0)-P51-N51 -> 0 | Q51: =I51-(SUM(S51:AG51))+L51 -> 0 | R51: =IF(Q51<0,"ATENÇÃO","OK") -> OK
B52: 49 | D52: Serviço de teste do sistema de proteção contra descargas atmosféricas - Preço por bloco. Emissão de laudo e documento de responsabilidade técnica. | E52: APAG | F52: SERVIÇO | G52: 39.17 | H52: 599.61 | J52: =IF(SUM(S52:AG52)>I52+L52,I52+L52,SUM(S52:AG52)) -> 0 | K52: =(SUM(S52:AG52)) -> 0 | M52: =ROUND(IF(I52*0.25-0.5<0,0,I52*0.25-0.5),0)-P52-N52 -> 0 | Q52: =I52-(SUM(S52:AG52))+L52 -> 0 | R52: =IF(Q52<0,"ATENÇÃO","OK") -> OK
B53: 50 | D53: Serviço de manutenção nível III (reteste) extintor CO2 04 Kg. | E53: APAG | F53: SERVIÇO | G53: 39.17 | H53: 66.18 | J53: =IF(SUM(S53:AG53)>I53+L53,I53+L53,SUM(S53:AG53)) -> 0 | K53: =(SUM(S53:AG53)) -> 0 | M53: =ROUND(IF(I53*0.25-0.5<0,0,I53*0.25-0.5),0)-P53-N53 -> 0 | Q53: =I53-(SUM(S53:AG53))+L53 -> 0 | R53: =IF(Q53<0,"ATENÇÃO","OK") -> OK
B54: 51 | D54: Serviço de manutenção nível III (reteste) extintor CO2 06 Kg. | E54: APAG | F54: SERVIÇO | G54: 39.17 | H54: 56.06 | J54: =IF(SUM(S54:AG54)>I54+L54,I54+L54,SUM(S54:AG54)) -> 0 | K54: =(SUM(S54:AG54)) -> 0 | M54: =ROUND(IF(I54*0.25-0.5<0,0,I54*0.25-0.5),0)-P54-N54 -> 0 | Q54: =I54-(SUM(S54:AG54))+L54 -> 0 | R54: =IF(Q54<0,"ATENÇÃO","OK") -> OK
B55: 52 | D55: Serviço de manutenção nível III (reteste) extintor pó químico 4 Kg ABC | E55: APAG | F55: SERVIÇO | G55: 39.17 | H55: 10.87 | J55: =IF(SUM(S55:AG55)>I55+L55,I55+L55,SUM(S55:AG55)) -> 0 | K55: =(SUM(S55:AG55)) -> 0 | M55: =ROUND(IF(I55*0.25-0.5<0,0,I55*0.25-0.5),0)-P55-N55 -> 0 | Q55: =I55-(SUM(S55:AG55))+L55 -> 0 | R55: =IF(Q55<0,"ATENÇÃO","OK") -> OK
B56: 53 | D56: Serviço de manutenção nível III (reteste) extintor pó químico 4 Kg BC | E56: APAG | F56: SERVIÇO | G56: 39.17 | H56: 11.6 | J56: =IF(SUM(S56:AG56)>I56+L56,I56+L56,SUM(S56:AG56)) -> 0 | K56: =(SUM(S56:AG56)) -> 0 | M56: =ROUND(IF(I56*0.25-0.5<0,0,I56*0.25-0.5),0)-P56-N56 -> 0 | Q56: =I56-(SUM(S56:AG56))+L56 -> 0 | R56: =IF(Q56<0,"ATENÇÃO","OK") -> OK
B57: 54 | D57: Serviço de manutenção nível III (reteste) extintor pó químico 6 Kg BC | E57: APAG | F57: SERVIÇO | G57: 39.17 | H57: 10.86 | J57: =IF(SUM(S57:AG57)>I57+L57,I57+L57,SUM(S57:AG57)) -> 0 | K57: =(SUM(S57:AG57)) -> 0 | M57: =ROUND(IF(I57*0.25-0.5<0,0,I57*0.25-0.5),0)-P57-N57 -> 0 | Q57: =I57-(SUM(S57:AG57))+L57 -> 0 | R57: =IF(Q57<0,"ATENÇÃO","OK") -> OK
B58: 55 | D58: Serviço de manutenção nível III (reteste) extintor água 10 L. | E58: APAG | F58: SERVIÇO | G58: 39.17 | H58: 8.56 | J58: =IF(SUM(S58:AG58)>I58+L58,I58+L58,SUM(S58:AG58)) -> 0 | K58: =(SUM(S58:AG58)) -> 0 | M58: =ROUND(IF(I58*0.25-0.5<0,0,I58*0.25-0.5),0)-P58-N58 -> 0 | Q58: =I58-(SUM(S58:AG58))+L58 -> 0 | R58: =IF(Q58<0,"ATENÇÃO","OK") -> OK
B59: 56 | D59: Serviço de manutenção nível III (reteste) extintor espuma mecânica 10 L | E59: APAG | F59: SERVIÇO | G59: 39.17 | H59: 63.79 | J59: =IF(SUM(S59:AG59)>I59+L59,I59+L59,SUM(S59:AG59)) -> 0 | K59: =(SUM(S59:AG59)) -> 0 | M59: =ROUND(IF(I59*0.25-0.5<0,0,I59*0.25-0.5),0)-P59-N59 -> 0 | Q59: =I59-(SUM(S59:AG59))+L59 -> 0 | R59: =IF(Q59<0,"ATENÇÃO","OK") -> OK
I60: =SUM(I4:I59) -> 192 | J60: =SUM(J4:J59) -> 0 | K60: =SUM(K4:K59) -> 0 | L60: =SUM(L4:L59) -> 0 | M60: =SUM(M4:M59) -> 42 | N60: =SUM(N4:N59) -> 0 | O60: =SUM(O4:O59) -> 0 | P60: =SUM(P4:P59) -> 0 | Q60: =SUM(Q4:Q59) -> 192 | S60: =SUMPRODUCT($H$4:$H$59,S4:S59) -> 0 | T60: =SUMPRODUCT($H$4:$H$59,T4:T59) -> 0 | U60: =SUMPRODUCT($H$4:$H$59,U4:U59) -> 0 | V60: =SUMPRODUCT($H$4:$H$59,V4:V59) -> 0 | W60: =SUMPRODUCT($H$4:$H$59,W4:W59) -> 0 | X60: =SUMPRODUCT($H$4:$H$59,X4:X59) -> 0 | Y60: =SUMPRODUCT($H$4:$H$59,Y4:Y59) -> 0 | Z60: =SUMPRODUCT($H$4:$H$59,Z4:Z59) -> 0 | ... AG60: =SUMPRODUCT($H$4:$H$59,AG4:AG59) -> 0
I61: =SUMPRODUCT($H$4:$H$59,I4:I59) -> 21386.02 | J61: =SUMPRODUCT($H$4:$H$59,J4:J59) -> 0 | K61: =SUMPRODUCT($H$4:$H$59,K4:K59) -> 0 | L61: =SUMPRODUCT($H$4:$H$59,L4:L59) -> 0 | M61: =SUMPRODUCT($H$4:$H$59,M4:M59) -> 2531.48 | N61: =SUMPRODUCT($H$4:$H$59,N4:N59) -> 0 | O61: =SUMPRODUCT($H$4:$H$59,O4:O59) -> 0 | P61: =SUMPRODUCT($H$4:$H$59,P4:P59) -> 0

Sheet CEFID
A1: SRP PE 1070/2026 SGPE 15960/2026 | D1: OBJETO: CONTRATAÇÃO DE EMPRESA PARA MANUTENÇÃO DE EXTINTORES E AQUISIÇÃO DE MATERIAIS E EQUIPAMENTOS DE SEGURANÇA E COMBATE A INCÊNDIO PARA A UDESC | I1: VIGÊNCIA DA ATA: 22/10/2026 A 22/10/2027 | S1: AF nºxxx/2026 Qtde. DT | T1: AF nºxxx/2026 Qtde. DT | U1: AF nºxxx/2026 Qtde. DT | V1: AF nºxxx/2026 Qtde. DT | W1: AF nºxxx/2026 Qtde. DT | X1: AF nºxxx/2026 Qtde. DT | Y1: AF nºxxx/2026 Qtde. DT | Z1: AF nºxxx/2026 Qtde. DT | AA1: AF nºxxx/2026 Qtde. DT | AB1: AF nºxxx/2026 Qtde. DT | AC1: AF nºxxx/2026 Qtde. DT | AD1: AF nºxxx/2026 Qtde. DT | AE1: AF nºxxx/2026 Qtde. DT | AF1: AF nºxxx/2026 Qtde. DT | AG1: AF nºxxx/2026 Qtde. DT
A2: CENTRO PARTICIPANTE: REITORIA
A3: Lote | B3: Item | C3: Empresa | D3: Descrição | E3: Marca | F3: Unidade de Compra | G3: Detalhamento | H3: Preço Unitário | I3: Quantidade Registrada | J3: Qtdade utilizada da ata | K3: Qtdade utilizada total | L3: Qtdade Receb./Cedida | M3: Qtdade disponível para aditivar | N3: Qtdade aditivada própria | O3: Qtdade aditivos recebidos | P3: Qtdade aditivos cedidos | Q3: Saldo / Automático | R3: ALERTA | S3: ...../...../2026 | T3: ...../...../2026 | U3: ...../...../2026 | V3: ...../...../2026 | W3: ...../...../2026 | X3: ...../...../2026 | Y3: ...../...../2026 | Z3: ...../...../2026 | AA3: ...../...../2026 | AB3: ...../...../2026 | AC3: ...../...../2026 | AD3: ...../...../2026 | AE3: ...../...../2026 | AF3: ...../...../2026 | AG3: ...../...../2026
A4: 1 | B4: 1 | C4: APAG PRODUTOS E SERVIÇOS LTDA 02.591.012/0001-63 | D4: Bateria para centrais de alarme de incêndio endereçável 12V/1,3AH. Fornecimento e instalação. | E4: UNIPOWER | F4: PEÇA | G4: 30.28 | H4: 100.45 | I4: 5 | J4: =IF(SUM(S4:AG4)>I4+L4,I4+L4,SUM(S4:AG4)) -> 0 | K4: =(SUM(S4:AG4)) -> 0 | M4: =ROUND(IF(I4*0.25-0.5<0,0,I4*0.25-0.5),0)-P4-N4 -> 1 | Q4: =I4-(SUM(S4:AG4))+L4 -> 5 | R4: =IF(Q4<0,"ATENÇÃO","OK") -> OK
B5: 2 | D5: Central de alarme de incêndio endereçável 125 endereços IP20 24V com bateria. Fornecimento e instalação. | E5: INTELBRAS | F5: PEÇA | G5: 30.28 | H5: 1705.39 | I5: 1 | J5: =IF(SUM(S5:AG5)>I5+L5,I5+L5,SUM(S5:AG5)) -> 0 | K5: =(SUM(S5:AG5)) -> 0 | M5: =ROUND(IF(I5*0.25-0.5<0,0,I5*0.25-0.5),0)-P5-N5 -> 0 | Q5: =I5-(SUM(S5:AG5))+L5 -> 1 | R5: =IF(Q5<0,"ATENÇÃO","OK") -> OK
B6: 3 | D6: Detector óptico de fumaça endereçável compact. Fornecimento e instalação. | E6: INTELBRAS | F6: PEÇA | G6: 30.28 | H6: 136.27 | J6: =IF(SUM(S6:AG6)>I6+L6,I6+L6,SUM(S6:AG6)) -> 0 | K6: =(SUM(S6:AG6)) -> 0 | M6: =ROUND(IF(I6*0.25-0.5<0,0,I6*0.25-0.5),0)-P6-N6 -> 0 | Q6: =I6-(SUM(S6:AG6))+L6 -> 0 | R6: =IF(Q6<0,"ATENÇÃO","OK") -> OK
B7: 4 | D7: Detector óptico de fumaça endereçável 24V. Fornecimento e instalação. | E7: INTELBRAS | F7: PEÇA | G7: 30.28 | H7: 154.18 | I7: 3 | J7: =IF(SUM(S7:AG7)>I7+L7,I7+L7,SUM(S7:AG7)) -> 0 | K7: =(SUM(S7:AG7)) -> 0 | M7: =ROUND(IF(I7*0.25-0.5<0,0,I7*0.25-0.5),0)-P7-N7 -> 0 | Q7: =I7-(SUM(S7:AG7))+L7 -> 3 | R7: =IF(Q7<0,"ATENÇÃO","OK") -> OK
B8: 5 | D8: Detector termovelocimétrico 24VCC endereçável com módulo (T). Fornecimento e instalação. | E8: INTELBRAS | F8: PEÇA | G8: 30.28 | H8: 159.63 | I8: 2 | J8: =IF(SUM(S8:AG8)>I8+L8,I8+L8,SUM(S8:AG8)) -> 0 | K8: =(SUM(S8:AG8)) -> 0 | M8: =ROUND(IF(I8*0.25-0.5<0,0,I8*0.25-0.5),0)-P8-N8 -> 0 | Q8: =I8-(SUM(S8:AG8))+L8 -> 2 | R8: =IF(Q8<0,"ATENÇÃO","OK") -> OK
B9: 6 | D9: Fonte auxiliar IP20 24V endereçável. Fornecimento e instalação. | E9: INTELBRAS | F9: PEÇA | G9: 30.28 | H9: 692.28 | I9: 2 | J9: =IF(SUM(S9:AG9)>I9+L9,I9+L9,SUM(S9:AG9)) -> 0 | K9: =(SUM(S9:AG9)) -> 0 | M9: =ROUND(IF(I9*0.25-0.5<0,0,I9*0.25-0.5),0)-P9-N9 -> 0 | Q9: =I9-(SUM(S9:AG9))+L9 -> 2 | R9: =IF(Q9<0,"ATENÇÃO","OK") -> OK
B10: 7 | D10: Fonte de alimentação IP20 24V endereçável. Fornecimento e instalação. | E10: INTELBRAS | F10: PEÇA | G10: 30.28 | H10: 700.84 | I10: 3 | J10: =IF(SUM(S10:AG10)>I10+L10,I10+L10,SUM(S10:AG10)) -> 0 | K10: =(SUM(S10:AG10)) -> 0 | M10: =ROUND(IF(I10*0.25-0.5<0,0,I10*0.25-0.5),0)-P10-N10 -> 0 | Q10: =I10-(SUM(S10:AG10))+L10 -> 3 | R10: =IF(Q10<0,"ATENÇÃO","OK") -> OK
B11: 8 | D11: Caixa de alumínio para extintor PQS 6 kg. Fornecimento e instalação. | E11: APAG | F11: PEÇA | G11: 30.28 | H11: 193.12 | I11: 5 | J11: =IF(SUM(S11:AG11)>I11+L11,I11+L11,SUM(S11:AG11)) -> 0 | K11: =(SUM(S11:AG11)) -> 0 | M11: =ROUND(IF(I11*0.25-0.5<0,0,I11*0.25-0.5),0)-P11-N11 -> 1 | Q11: =I11-(SUM(S11:AG11))+L11 -> 5 | R11: =IF(Q11<0,"ATENÇÃO","OK") -> OK
B12: 9 | D12: Carga em extintor CO2 04 kg. Fornecimento e instalação. | E12: APAG | F12: PEÇA | G12: 30.04 | H12: 61.51 | I12: 5 | J12: =IF(SUM(S12:AG12)>I12+L12,I12+L12,SUM(S12:AG12)) -> 0 | K12: =(SUM(S12:AG12)) -> 0 | M12: =ROUND(IF(I12*0.25-0.5<0,0,I12*0.25-0.5),0)-P12-N12 -> 1 | Q12: =I12-(SUM(S12:AG12))+L12 -> 5 | R12: =IF(Q12<0,"ATENÇÃO","OK") -> OK
B13: 10 | D13: Carga em extintor CO2 06 kg. Fornecimento e instalação. | E13: APAG | F13: PEÇA | G13: 30.04 | H13: 93.44 | I13: 10 | J13: =IF(SUM(S13:AG13)>I13+L13,I13+L13,SUM(S13:AG13)) -> 0 | K13: =(SUM(S13:AG13)) -> 0 | M13: =ROUND(IF(I13*0.25-0.5<0,0,I13*0.25-0.5),0)-P13-N13 -> 2 | Q13: =I13-(SUM(S13:AG13))+L13 -> 10 | R13: =IF(Q13<0,"ATENÇÃO","OK") -> OK
B14: 11 | D14: Carga em extintor pó químico 04 kg ABC. Fornecimento e instalação. | E14: APAG | F14: PEÇA | G14: 30.04 | H14: 45.16 | I14: 10 | J14: =IF(SUM(S14:AG14)>I14+L14,I14+L14,SUM(S14:AG14)) -> 0 | K14: =(SUM(S14:AG14)) -> 0 | M14: =ROUND(IF(I14*0.25-0.5<0,0,I14*0.25-0.5),0)-P14-N14 -> 2 | Q14: =I14-(SUM(S14:AG14))+L14 -> 10 | R14: =IF(Q14<0,"ATENÇÃO","OK") -> OK
B15: 12 | D15: Carga em extintor pó químico 04 kg BC. Fornecimento e instalação. | E15: APAG | F15: PEÇA | G15: 30.04 | H15: 42.82 | I15: 50 | J15: =IF(SUM(S15:AG15)>I15+L15,I15+L15,SUM(S15:AG15)) -> 0 | K15: =(SUM(S15:AG15)) -> 0 | M15: =ROUND(IF(I15*0.25-0.5<0,0,I15*0.25-0.5),0)-P15-N15 -> 12 | Q15: =I15-(SUM(S15:AG15))+L15 -> 50 | R15: =IF(Q15<0,"ATENÇÃO","OK") -> OK
B16: 13 | D16: Carga em extintor pó químico 06 kg BC. Fornecimento e instalação. | E16: APAG | F16: PEÇA | G16: 30.04 | H16: 53.73 | I16: 30 | J16: =IF(SUM(S16:AG16)>I16+L16,I16+L16,SUM(S16:AG16)) -> 0 | K16: =(SUM(S16:AG16)) -> 0 | M16: =ROUND(IF(I16*0.25-0.5<0,0,I16*0.25-0.5),0)-P16-N16 -> 7 | Q16: =I16-(SUM(S16:AG16))+L16 -> 30 | R16: =IF(Q16<0,"ATENÇÃO","OK") -> OK
B17: 14 | D17: Carga em extintor água 10 L . Fornecimento e instalação. | E17: APAG | F17: PEÇA | G17: 30.04 | H17: 28.81 | J17: =IF(SUM(S17:AG17)>I17+L17,I17+L17,SUM(S17:AG17)) -> 0 | K17: =(SUM(S17:AG17)) -> 0 | M17: =ROUND(IF(I17*0.25-0.5<0,0,I17*0.25-0.5),0)-P17-N17 -> 0 | Q17: =I17-(SUM(S17:AG17))+L17 -> 0 | R17: =IF(Q17<0,"ATENÇÃO","OK") -> OK
B18: 15 | D18: Extintor PQS 4KG ABC . Fornecimento e instalação. | E18: EXTANG | F18: PEÇA | G18: 30.28 | H18: 136.27 | J18: =IF(SUM(S18:AG18)>I18+L18,I18+L18,SUM(S18:AG18)) -> 0 | K18: =(SUM(S18:AG18)) -> 0 | M18: =ROUND(IF(I18*0.25-0.5<0,0,I18*0.25-0.5),0)-P18-N18 -> 0 | Q18: =I18-(SUM(S18:AG18))+L18 -> 0 | R18: =IF(Q18<0,"ATENÇÃO","OK") -> OK
B19: 16 | D19: Suporte de chão reforçado modelo tripé P4/P6. Fornecimento e instalação. | E19: APAG | F19: PEÇA | G19: 30.28 | H19: 35.04 | I19: 10 | J19: =IF(SUM(S19:AG19)>I19+L19,I19+L19,SUM(S19:AG19)) -> 0 | K19: =(SUM(S19:AG19)) -> 0 | M19: =ROUND(IF(I19*0.25-0.5<0,0,I19*0.25-0.5),0)-P19-N19 -> 2 | Q19: =I19-(SUM(S19:AG19))+L19 -> 10 | R19: =IF(Q19<0,"ATENÇÃO","OK") -> OK
B20: 17 | D20: Suporte de chão reforçado modelo tripé P8/P12/AP/CO2. Fornecimento e instalação. | E20: APAG | F20: PEÇA | G20: 30.28 | H20: 36.59 | I20: 10 | J20: =IF(SUM(S20:AG20)>I20+L20,I20+L20,SUM(S20:AG20)) -> 0 | K20: =(SUM(S20:AG20)) -> 0 | M20: =ROUND(IF(I20*0.25-0.5<0,0,I20*0.25-0.5),0)-P20-N20 -> 2 | Q20: =I20-(SUM(S20:AG20))+L20 -> 10 | R20: =IF(Q20<0,"ATENÇÃO","OK") -> OK
B21: 18 | D21: Suporte de parede para extintor. Fornecimento e instalação. | E21: APAG | F21: PEÇA | G21: 30.28 | H21: 15.57 | J21: =IF(SUM(S21:AG21)>I21+L21,I21+L21,SUM(S21:AG21)) -> 0 | K21: =(SUM(S21:AG21)) -> 0 | M21: =ROUND(IF(I21*0.25-0.5<0,0,I21*0.25-0.5),0)-P21-N21 -> 0 | Q21: =I21-(SUM(S21:AG21))+L21 -> 0 | R21: =IF(Q21<0,"ATENÇÃO","OK") -> OK
B22: 19 | D22: Mangueira de incêndio predial tipo 2 - 1.1/2 pol. x 15m. Fornecimento e instalação. | E22: SEGURIMAX | F22: PEÇA | G22: 30.28 | H22: 325.5 | J22: =IF(SUM(S22:AG22)>I22+L22,I22+L22,SUM(S22:AG22)) -> 0 | K22: =(SUM(S22:AG22)) -> 0 | M22: =ROUND(IF(I22*0.25-0.5<0,0,I22*0.25-0.5),0)-P22-N22 -> 0 | Q22: =I22-(SUM(S22:AG22))+L22 -> 0 | R22: =IF(Q22<0,"ATENÇÃO","OK") -> OK
B23: 20 | D23: Mangueira extintor CO2 4/6 kg. Fornecimento e instalação. | E23: SEGURIMAX | F23: PEÇA | G23: 30.28 | H23: 49.05 | J23: =IF(SUM(S23:AG23)>I23+L23,I23+L23,SUM(S23:AG23)) -> 0 | K23: =(SUM(S23:AG23)) -> 0 | M23: =ROUND(IF(I23*0.25-0.5<0,0,I23*0.25-0.5),0)-P23-N23 -> 0 | Q23: =I23-(SUM(S23:AG23))+L23 -> 0 | R23: =IF(Q23<0,"ATENÇÃO","OK") -> OK
B24: 21 | D24: Mangueira extintor pó químico 4/6 kg. Fornecimento e instalação. | E24: MARAGNA | F24: PEÇA | G24: 30.28 | H24: 21.8 | J24: =IF(SUM(S24:AG24)>I24+L24,I24+L24,SUM(S24:AG24)) -> 0 | K24: =(SUM(S24:AG24)) -> 0 | M24: =ROUND(IF(I24*0.25-0.5<0,0,I24*0.25-0.5),0)-P24-N24 -> 0 | Q24: =I24-(SUM(S24:AG24))+L24 -> 0 | R24: =IF(Q24<0,"ATENÇÃO","OK") -> OK
B25: 22 | D25: Difusor extintor CO2 4/6 kg. Fornecimento e instalação. | E25: MARAGNA | F25: PEÇA | G25: 30.28 | H25: 9.34 | J25: =IF(SUM(S25:AG25)>I25+L25,I25+L25,SUM(S25:AG25)) -> 0 | K25: =(SUM(S25:AG25)) -> 0 | M25: =ROUND(IF(I25*0.25-0.5<0,0,I25*0.25-0.5),0)-P25-N25 -> 0 | Q25: =I25-(SUM(S25:AG25))+L25 -> 0 | R25: =IF(Q25<0,"ATENÇÃO","OK") -> OK
B26: 23 | D26: Manômetro extintor pó químico. Fornecimento e instalação. | E26: MERCOSUL | F26: PEÇA | G26: 30.28 | H26: 4.67 | J26: =IF(SUM(S26:AG26)>I26+L26,I26+L26,SUM(S26:AG26)) -> 0 | K26: =(SUM(S26:AG26)) -> 0 | M26: =ROUND(IF(I26*0.25-0.5<0,0,I26*0.25-0.5),0)-P26-N26 -> 0 | Q26: =I26-(SUM(S26:AG26))+L26 -> 0 | R26: =IF(Q26<0,"ATENÇÃO","OK") -> OK
B27: 24 | D27: Válvula extintor CO2 4/6 kg. Fornecimento e instalação. | E27: MERCOSUL | F27: PEÇA | G27: 30.28 | H27: 77.87 | J27: =IF(SUM(S27:AG27)>I27+L27,I27+L27,SUM(S27:AG27)) -> 0 | K27: =(SUM(S27:AG27)) -> 0 | M27: =ROUND(IF(I27*0.25-0.5<0,0,I27*0.25-0.5),0)-P27-N27 -> 0 | Q27: =I27-(SUM(S27:AG27))+L27 -> 0 | R27: =IF(Q27<0,"ATENÇÃO","OK") -> OK
B28: 25 | D28: Válvula extintor pó químico 4/6 kg. Fornecimento e instalação. | E28: MERCOSUL | F28: PEÇA | G28: 30.28 | H28: 32.7 | J28: =IF(SUM(S28:AG28)>I28+L28,I28+L28,SUM(S28:AG28)) -> 0 | K28: =(SUM(S28:AG28)) -> 0 | M28: =ROUND(IF(I28*0.25-0.5<0,0,I28*0.25-0.5),0)-P28-N28 -> 0 | Q28: =I28-(SUM(S28:AG28))+L28 -> 0 | R28: =IF(Q28<0,"ATENÇÃO","OK") -> OK
B29: 26 | D29: Bloco de iluminação de emergência autônoma LED 2 faróis 3000 lúmens. Fornecimento e instalação. | E29: SEGURIMAX | F29: PEÇA | G29: 30.26 | H29: 203.24 | I29: 10 | J29: =IF(SUM(S29:AG29)>I29+L29,I29+L29,SUM(S29:AG29)) -> 0 | K29: =(SUM(S29:AG29)) -> 0 | M29: =ROUND(IF(I29*0.25-0.5<0,0,I29*0.25-0.5),0)-P29-N29 -> 2 | Q29: =I29-(SUM(S29:AG29))+L29 -> 10 | R29: =IF(Q29<0,"ATENÇÃO","OK") -> OK
B30: 27 | D30: Bloco de iluminação de emergência autônoma LED 2 faróis 1200 lúmens. Fornecimento e instalação. | E30: LUXPRYME | F30: PEÇA | G30: 30.26 | H30: 207.13 | J30: =IF(SUM(S30:AG30)>I30+L30,I30+L30,SUM(S30:AG30)) -> 0 | K30: =(SUM(S30:AG30)) -> 0 | M30: =ROUND(IF(I30*0.25-0.5<0,0,I30*0.25-0.5),0)-P30-N30 -> 0 | Q30: =I30-(SUM(S30:AG30))+L30 -> 0 | R30: =IF(Q30<0,"ATENÇÃO","OK") -> OK
B31: 28 | D31: Bloco de iluminação de emergência coletiva LED 2 faróis 1200 lúmens. Fornecimento e instalação. | E31: LUXPRYME | F31: PEÇA | G31: 30.26 | H31: 70.08 | J31: =IF(SUM(S31:AG31)>I31+L31,I31+L31,SUM(S31:AG31)) -> 0 | K31: =(SUM(S31:AG31)) -> 0 | M31: =ROUND(IF(I31*0.25-0.5<0,0,I31*0.25-0.5),0)-P31-N31 -> 0 | Q31: =I31-(SUM(S31:AG31))+L31 -> 0 | R31: =IF(Q31<0,"ATENÇÃO","OK") -> OK
B32: 29 | D32: Central de iluminação de emergência 24V sem bateria. Fornecimento e instalação. | E32: LUXPRYME | F32: PEÇA | G32: 30.26 | H32: 1479.56 | I32: 3 | J32: =IF(SUM(S60:AG60)>I32+L32,I32+L32,SUM(S60:AG60)) -> 0 | K32: =(SUM(S60:AG60)) -> 0 | M32: =ROUND(IF(I32*0.25-0.5<0,0,I32*0.25-0.5),0)-P32-N32 -> 0 | Q32: =I32-(SUM(S60:AG60))+L32 -> 3 | R32: =IF(Q32<0,"ATENÇÃO","OK") -> OK
B33: 30 | D33: Luminária de emergência autônoma 30 LED super Slim. Fornecimento e instalação. | E33: SEGURIMAX | F33: PEÇA | G33: 30.26 | H33: 18.68 | I33: 40 | J33: =IF(SUM(S33:AG33)>I33+L33,I33+L33,SUM(S33:AG33)) -> 0 | K33: =(SUM(S33:AG33)) -> 0 | M33: =ROUND(IF(I33*0.25-0.5<0,0,I33*0.25-0.5),0)-P33-N33 -> 10 | Q33: =I33-(SUM(S33:AG33))+L33 -> 40 | R33: =IF(Q33<0,"ATENÇÃO","OK") -> OK
B34: 31 | D34: Placa fotoluminescente em caso de incêndio não use o elevador de PVC 24 x 12cm. Fornecimento e instalação. | E34: SCALA | F34: PEÇA | G34: 30.44 | H34: 7.24 | J34: =IF(SUM(S34:AG34)>I34+L34,I34+L34,SUM(S34:AG34)) -> 0 | K34: =(SUM(S34:AG34)) -> 0 | M34: =ROUND(IF(I34*0.25-0.5<0,0,I34*0.25-0.5),0)-P34-N34 -> 0 | Q34: =I34-(SUM(S34:AG34))+L34 -> 0 | R34: =IF(Q34<0,"ATENÇÃO","OK") -> OK
B35: 32 | D35: Placa fotoluminescente rota de fuga pela escada à direita seta para baixo de PVC 30 x 15cm. Fornecimento e instalação. | E35: SCALA | F35: PEÇA | G35: 30.44 | H35: 22.58 | J35: =IF(SUM(S35:AG35)>I35+L35,I35+L35,SUM(S35:AG35)) -> 0 | K35: =(SUM(S35:AG35)) -> 0 | M35: =ROUND(IF(I35*0.25-0.5<0,0,I35*0.25-0.5),0)-P35-N35 -> 0 | Q35: =I35-(SUM(S35:AG35))+L35 -> 0 | R35: =IF(Q35<0,"ATENÇÃO","OK") -> OK
B36: 33 | D36: Placa fotoluminescente rota de fuga pela escada à esquerda seta para baixo de PVC 30 x 15cm. Fornecimento e instalação. | E36: SCALA | F36: PEÇA | G36: 30.44 | H36: 23.36 | J36: =IF(SUM(S36:AG36)>I36+L36,I36+L36,SUM(S36:AG36)) -> 0 | K36: =(SUM(S36:AG36)) -> 0 | M36: =ROUND(IF(I36*0.25-0.5<0,0,I36*0.25-0.5),0)-P36-N36 -> 0 | Q36: =I36-(SUM(S36:AG36))+L36 -> 0 | R36: =IF(Q36<0,"ATENÇÃO","OK") -> OK
B37: 34 | D37: Placa fotoluminescente saída de emergência de PVC 30x15cm. Fornecimento e instalação. | E37: SCALA | F37: PEÇA | G37: 30.44 | H37: 12.22 | J37: =IF(SUM(S37:AG37)>I37+L37,I37+L37,SUM(S37:AG37)) -> 0 | K37: =(SUM(S37:AG37)) -> 0 | M37: =ROUND(IF(I37*0.25-0.5<0,0,I37*0.25-0.5),0)-P37-N37 -> 0 | Q37: =I37-(SUM(S37:AG37))+L37 -> 0 | R37: =IF(Q37<0,"ATENÇÃO","OK") -> OK
B38: 35 | D38: Placa fotoluminescente saída duas faces de PVC 24 x 12cm. Fornecimento e instalação. | E38: SCALA | F38: PEÇA | G38: 30.44 | H38: 16.82 | J38: =IF(SUM(S38:AG38)>I38+L38,I38+L38,SUM(S38:AG38)) -> 0 | K38: =(SUM(S38:AG38)) -> 0 | M38: =ROUND(IF(I38*0.25-0.5<0,0,I38*0.25-0.5),0)-P38-N38 -> 0 | Q38: =I38-(SUM(S38:AG38))+L38 -> 0 | R38: =IF(Q38<0,"ATENÇÃO","OK") -> OK
B39: 36 | D39: Placa fotoluminescente saída seta para direita de PVC 25x16cm. Fornecimento e instalação. | E39: SCALA | F39: PEÇA | G39: 30.44 | H39: 13.82 | J39: =IF(SUM(S39:AG39)>I39+L39,I39+L39,SUM(S39:AG39)) -> 0 | K39: =(SUM(S39:AG39)) -> 0 | M39: =ROUND(IF(I39*0.25-0.5<0,0,I39*0.25-0.5),0)-P39-N39 -> 0 | Q39: =I39-(SUM(S39:AG39))+L39 -> 0 | R39: =IF(Q39<0,"ATENÇÃO","OK") -> OK
B40: 37 | D40: Placa fotoluminescente saída seta para esquerda de PVC 25x16cm. Fornecimento e instalação. | E40: SCALA | F40: PEÇA | G40: 30.44 | H40: 11.68 | J40: =IF(SUM(S40:AG40)>I40+L40,I40+L40,SUM(S40:AG40)) -> 0 | K40: =(SUM(S40:AG40)) -> 0 | M40: =ROUND(IF(I40*0.25-0.5<0,0,I40*0.25-0.5),0)-P40-N40 -> 0 | Q40: =I40-(SUM(S40:AG40))+L40 -> 0 | R40: =IF(Q40<0,"ATENÇÃO","OK") -> OK
B41: 38 | D41: Placa fotoluminescente alarme de incêndio de PVC 20x30cm. Fornecimento e instalação. | E41: SCALA | F41: PEÇA | G41: 30.44 | H41: 14.01 | I41: 10 | J41: =IF(SUM(S41:AG41)>I41+L41,I41+L41,SUM(S41:AG41)) -> 0 | K41: =(SUM(S41:AG41)) -> 0 | M41: =ROUND(IF(I41*0.25-0.5<0,0,I41*0.25-0.5),0)-P41-N41 -> 2 | Q41: =I41-(SUM(S41:AG41))+L41 -> 10 | R41: =IF(Q41<0,"ATENÇÃO","OK") -> OK
B42: 39 | D42: Placa fotoluminescente central de alarme de detecção de PVC 24 x 12cm. Fornecimento e instalação. | E42: SCALA | F42: PEÇA | G42: 30.44 | H42: 16.08 | I42: 10 | J42: =IF(SUM(S42:AG42)>I42+L42,I42+L42,SUM(S42:AG42)) -> 0 | K42: =(SUM(S42:AG42)) -> 0 | M42: =ROUND(IF(I42*0.25-0.5<0,0,I42*0.25-0.5),0)-P42-N42 -> 2 | Q42: =I42-(SUM(S42:AG42))+L42 -> 10 | R42: =IF(Q42<0,"ATENÇÃO","OK") -> OK
B43: 40 | D43: Placa fotoluminescente extintor CO² de PVC 30 x 30cm. Fornecimento e instalação. | E43: SCALA | F43: PEÇA | G43: 30.44 | H43: 31.14 | I43: 10 | J43: =IF(SUM(S43:AG43)>I43+L43,I43+L43,SUM(S43:AG43)) -> 0 | K43: =(SUM(S43:AG43)) -> 0 | M43: =ROUND(IF(I43*0.25-0.5<0,0,I43*0.25-0.5),0)-P43-N43 -> 2 | Q43: =I43-(SUM(S43:AG43))+L43 -> 10 | R43: =IF(Q43<0,"ATENÇÃO","OK") -> OK
B44: 41 | D44: Placa fotoluminescente extintor de PVC 20x20cm. Fornecimento e instalação. | E44: SCALA | F44: PEÇA | G44: 30.44 | H44: 16.58 | I44: 30 | J44: =IF(SUM(S44:AG44)>I44+L44,I44+L44,SUM(S44:AG44)) -> 0 | K44: =(SUM(S44:AG44)) -> 0 | M44: =ROUND(IF(I44*0.25-0.5<0,0,I44*0.25-0.5),0)-P44-N44 -> 7 | Q44: =I44-(SUM(S44:AG44))+L44 -> 30 | R44: =IF(Q44<0,"ATENÇÃO","OK") -> OK
B45: 42 | D45: Placa de sinalização saída de emergência LED autônoma 24x18cm - uma face. Fornecimento e instalação. | E45: LUXPRYME | F45: PEÇA | G45: 30.44 | H45: 61.9 | J45: =IF(SUM(S45:AG45)>I45+L45,I45+L45,SUM(S45:AG45)) -> 0 | K45: =(SUM(S45:AG45)) -> 0 | M45: =ROUND(IF(I45*0.25-0.5<0,0,I45*0.25-0.5),0)-P45-N45 -> 0 | Q45: =I45-(SUM(S45:AG45))+L45 -> 0 | R45: =IF(Q45<0,"ATENÇÃO","OK") -> OK
B46: 43 | D46: Placa extintor com seta de PVC 13 x 20cm. Fornecimento e instalação. | E46: SCALA | F46: PEÇA | G46: 30.44 | H46: 12.84 | J46: =IF(SUM(S46:AG46)>I46+L46,I46+L46,SUM(S46:AG46)) -> 0 | K46: =(SUM(S46:AG46)) -> 0 | M46: =ROUND(IF(I46*0.25-0.5<0,0,I46*0.25-0.5),0)-P46-N46 -> 0 | Q46: =I46-(SUM(S46:AG46))+L46 -> 0 | R46: =IF(Q46<0,"ATENÇÃO","OK") -> OK
B47: 44 | D47: Serviço de teste do sistema de alarme - Preço por bloco. Emissão de laudo e documento de responsabilidade técnica. | E47: APAG | F47: SERVIÇO | G47: 39.17 | H47: 1164.18 | I47: 5 | J47: =IF(SUM(S47:AG47)>I47+L47,I47+L47,SUM(S47:AG47)) -> 0 | K47: =(SUM(S47:AG47)) -> 0 | M47: =ROUND(IF(I47*0.25-0.5<0,0,I47*0.25-0.5),0)-P47-N47 -> 1 | Q47: =I47-(SUM(S47:AG47))+L47 -> 5 | R47: =IF(Q47<0,"ATENÇÃO","OK") -> OK
B48: 45 | D48: Serviço de teste do sistema de balizamento de saída - Preço por bloco. Emissão de laudo e documento de responsabilidade técnica. | E48: APAG | F48: SERVIÇO | G48: 39.17 | H48: 1456.2 | I48: 5 | J48: =IF(SUM(S48:AG48)>I48+L48,I48+L48,SUM(S48:AG48)) -> 0 | K48: =(SUM(S48:AG48)) -> 0 | M48: =ROUND(IF(I48*0.25-0.5<0,0,I48*0.25-0.5),0)-P48-N48 -> 1 | Q48: =I48-(SUM(S48:AG48))+L48 -> 5 | R48: =IF(Q48<0,"ATENÇÃO","OK") -> OK
B49: 46 | D49: Serviço de teste do sistema hidráulico preventivo de incêndio - Preço por bloco. Emissão de laudo e documento de responsabilidade técnica. | E49: APAG | F49: SERVIÇO | G49: 39.17 | H49: 1146.27 | I49: 7 | J49: =IF(SUM(S49:AG49)>I49+L49,I49+L49,SUM(S49:AG49)) -> 0 | K49: =(SUM(S49:AG49)) -> 0 | M49: =ROUND(IF(I49*0.25-0.5<0,0,I49*0.25-0.5),0)-P49-N49 -> 1 | Q49: =I49-(SUM(S49:AG49))+L49 -> 7 | R49: =IF(Q49<0,"ATENÇÃO","OK") -> OK
B50: 47 | D50: Serviço de teste hidrostático em mangueira de incêndio. Emissão de laudo e documento de responsabilidade técnica. | E50: APAG | F50: SERVIÇO | G50: 39.17 | H50: 20.09 | I50: 25 | J50: =IF(SUM(S50:AG50)>I50+L50,I50+L50,SUM(S50:AG50)) -> 0 | K50: =(SUM(S50:AG50)) -> 0 | M50: =ROUND(IF(I50*0.25-0.5<0,0,I50*0.25-0.5),0)-P50-N50 -> 6 | Q50: =I50-(SUM(S50:AG50))+L50 -> 25 | R50: =IF(Q50<0,"ATENÇÃO","OK") -> OK
B51: 48 | D51: Serviço de teste de estanqueidade da rede de gás GLP - Restaurante Universitário/Laboratório. Emissão de laudo e documento de responsabilidade técnica. | E51: APAG | F51: SERVIÇO | G51: 39.17 | H51: 1375.99 | J51: =IF(SUM(S51:AG51)>I51+L51,I51+L51,SUM(S51:AG51)) -> 0 | K51: =(SUM(S51:AG51)) -> 0 | M51: =ROUND(IF(I51*0.25-0.5<0,0,I51*0.25-0.5),0)-P51-N51 -> 0 | Q51: =I51-(SUM(S51:AG51))+L51 -> 0 | R51: =IF(Q51<0,"ATENÇÃO","OK") -> OK
B52: 49 | D52: Serviço de teste do sistema de proteção contra descargas atmosféricas - Preço por bloco. Emissão de laudo e documento de responsabilidade técnica. | E52: APAG | F52: SERVIÇO | G52: 39.17 | H52: 599.61 | J52: =IF(SUM(S52:AG52)>I52+L52,I52+L52,SUM(S52:AG52)) -> 0 | K52: =(SUM(S52:AG52)) -> 0 | M52: =ROUND(IF(I52*0.25-0.5<0,0,I52*0.25-0.5),0)-P52-N52 -> 0 | Q52: =I52-(SUM(S52:AG52))+L52 -> 0 | R52: =IF(Q52<0,"ATENÇÃO","OK") -> OK
B53: 50 | D53: Serviço de manutenção nível III (reteste) extintor CO2 04 Kg. | E53: APAG | F53: SERVIÇO | G53: 39.17 | H53: 66.18 | I53: 5 | J53: =IF(SUM(S53:AG53)>I53+L53,I53+L53,SUM(S53:AG53)) -> 0 | K53: =(SUM(S53:AG53)) -> 0 | M53: =ROUND(IF(I53*0.25-0.5<0,0,I53*0.25-0.5),0)-P53-N53 -> 1 | Q53: =I53-(SUM(S53:AG53))+L53 -> 5 | R53: =IF(Q53<0,"ATENÇÃO","OK") -> OK
B54: 51 | D54: Serviço de manutenção nível III (reteste) extintor CO2 06 Kg. | E54: APAG | F54: SERVIÇO | G54: 39.17 | H54: 56.06 | I54: 10 | J54: =IF(SUM(S54:AG54)>I54+L54,I54+L54,SUM(S54:AG54)) -> 0 | K54: =(SUM(S54:AG54)) -> 0 | M54: =ROUND(IF(I54*0.25-0.5<0,0,I54*0.25-0.5),0)-P54-N54 -> 2 | Q54: =I54-(SUM(S54:AG54))+L54 -> 10 | R54: =IF(Q54<0,"ATENÇÃO","OK") -> OK
B55: 52 | D55: Serviço de manutenção nível III (reteste) extintor pó químico 4 Kg ABC | E55: APAG | F55: SERVIÇO | G55: 39.17 | H55: 10.87 | I55: 10 | J55: =IF(SUM(S55:AG55)>I55+L55,I55+L55,SUM(S55:AG55)) -> 0 | K55: =(SUM(S55:AG55)) -> 0 | M55: =ROUND(IF(I55*0.25-0.5<0,0,I55*0.25-0.5),0)-P55-N55 -> 2 | Q55: =I55-(SUM(S55:AG55))+L55 -> 10 | R55: =IF(Q55<0,"ATENÇÃO","OK") -> OK
